Workbook
Name PrevalenceRange: [1]Data!$R$1:$S$5
Name RaceList: [1]Data!$O$1:$O$4
Name UncertaintyList: [1]Data!$P$1:$P$2

Sheet Data Basis
A1: Kategori | B1: Spørgsmål | C1: Point | D1: Fakta | E1: Spørgsmål | F1: svar | G1: Kommentar
A2: Miljø | B2: =#REF! -> #REF! | C2: =#REF! -> #REF! | D2: =#REF! -> #REF! | E2: =#REF! -> #REF! | F2: {=_xlfn.IFS(C2=0,"Ikke besvaret",C2=4,#REF!,C2=3,#REF!,C2=2,#REF!,C2=1,#REF!)} -> #REF! | G2: =IF(#REF!="","Ingen kommentarer",#REF!) -> #REF!
B3: =#REF! -> #REF! | C3: =#REF! -> #REF! | D3: =#REF! -> #REF! | E3: =#REF! -> #REF! | F3: {=_xlfn.IFS(C3=0,"Ikke besvaret",C3=4,#REF!,C3=3,#REF!,C3=2,#REF!,C3=1,#REF!)} -> #REF! | G3: =IF(#REF!="","Ingen kommentarer",#REF!) -> #REF!
B4: =#REF! -> #REF! | C4: =#REF! -> #REF! | D4: =#REF! -> #REF! | E4: =#REF! -> #REF! | F4: {=_xlfn.IFS(C4=0,"Ikke besvaret",C4=4,#REF!,C4=3,#REF!,C4=2,#REF!,C4=1,#REF!)} -> #REF! | G4: =IF(#REF!="","Ingen kommentarer",#REF!) -> #REF!
A5: Social | B5: =#REF! -> #REF! | C5: =#REF! -> #REF! | D5: =#REF! -> #REF! | E5: =#REF! -> #REF! | F5: {=_xlfn.IFS(C5=0,"Ikke besvaret",C5=4,#REF!,C5=3,#REF!,C5=2,#REF!,C5=1,#REF!)} -> #REF! | G5: =IF(#REF!="","Ingen kommentarer",#REF!) -> #REF!
B6: =#REF! -> #REF! | C6: =#REF! -> #REF! | D6: =#REF! -> #REF! | E6: =#REF! -> #REF! | F6: {=_xlfn.IFS(C6=0,"Ikke besvaret",C6=4,#REF!,C6=3,#REF!,C6=2,#REF!,C6=1,#REF!)} -> #REF! | G6: =IF(#REF!="","Ingen kommentarer",#REF!) -> #REF!
B7: =#REF! -> #REF! | C7: =#REF! -> #REF! | D7: =#REF! -> #REF! | E7: =#REF! -> #REF! | F7: {=_xlfn.IFS(C7=0,"Ikke besvaret",C7=4,#REF!,C7=3,#REF!,C7=2,#REF!,C7=1,#REF!)} -> #REF! | G7: =IF(#REF!="","Ingen kommentarer",#REF!) -> #REF!
B8: =#REF! -> #REF! | C8: =#REF! -> #REF! | D8: =#REF! -> #REF! | E8: =#REF! -> #REF! | F8: {=_xlfn.IFS(C8=0,"Ikke besvaret",C8=4,#REF!,C8=3,#REF!,C8=2,#REF!,C8=1,#REF!)} -> #REF! | G8: =IF(#REF!="","Ingen kommentarer",#REF!) -> #REF!
A9: Teknisk | B9: =#REF! -> #REF! | C9: =#REF! -> #REF! | D9: =#REF! -> #REF! | E9: =#REF! -> #REF! | F9: {=_xlfn.IFS(C9=0,"Ikke besvaret",C9=4,#REF!,C9=3,#REF!,C9=2,#REF!,C9=1,#REF!)} -> #REF! | G9: =IF(#REF!="","Ingen kommentarer",#REF!) -> #REF!

Sheet Data Projekt
A1: Tema | B1: Gennemsnit Prioritet | C1: Pakeret | E1: Kort | F1: Prioritet | G1: Handling | H1: 1 | I1: 1 | J1: 1 | K1: 2 | L1: 1 | M1: 3 | N1: 1 | O1: 4 | P1: 2 | Q1: 1 | R1: 2 | S1: 2 | T1: 2 | U1: 3 | V1: 2 | W1: 4 | X1: 3 | Y1: 1 | Z1: 3 | AA1: 2 | AB1: 3 | AC1: 3 | AD1: 3 | AE1: 4 | AF1: 4 | AG1: 1 | AH1: 4 | AI1: 2 | AJ1: 4 | AK1: 3 | AL1: 4 | AM1: 4 | AN1: S Handling | AO1: S Prioritet | AP1: Kommentar | AQ1: 0.25
A2: Demokrati | B2: =AVERAGE(F2:F3) -> 0 | C2: =IF(Projektspørgsmål!#REF!=Projektspørgsmål!$IO$33,TRUE,FALSE) -> #REF! | D2: =IF(C2=TRUE,1,0) -> #REF! | E2: =Projektspørgsmål!AX2 -> Geografisk placering | F2: =Projektspørgsmål!IO7 -> 0 | G2: =Projektspørgsmål!IO11 -> 0 | H2: =IF(AND($F2=H$1,$G2=I$1),$F$2-$AQ$1,0) -> 0 | I2: =IF(AND($F2=H$1,$G2=I$1),$G$2-$AQ$1,0) -> 0 | J2: =IF(AND($F2=J$1,$G2=K$1),$F$2-$AQ$1,0) -> 0 | K2: =IF(AND($F2=J$1,$G2=K$1),$G$2-$AQ$1,0) -> 0 | L2: =IF(AND($F2=L$1,$G2=M$1),$F$2-$AQ$1,0) -> 0 | M2: =IF(AND($F2=L$1,$G2=M$1),$G$2-$AQ$1,0) -> 0 | N2: =IF(AND($F2=N$1,$G2=O$1),$F$2-$AQ$1,0) -> 0 | O2: =IF(AND($F2=N$1,$G2=O$1),$G$2-$AQ$1,0) -> 0 | P2: =IF(AND($F2=P$1,$G2=Q$1),$F$2-$AQ$1,0) -> 0 | Q2: =IF(AND($F2=P$1,$G2=Q$1),$G$2-$AQ$1,0) -> 0 | R2: =IF(AND($F2=R$1,$G2=S$1),$F$2-$AQ$1,0) -> 0 | S2: =IF(AND($F2=R$1,$G2=S$1),$G$2-$AQ$1,0) -> 0 | T2: =IF(AND($F2=T$1,$G2=U$1),$F$2-$AQ$1,0) -> 0 | U2: =IF(AND($F2=T$1,$G2=U$1),$G$2-$AQ$1,0) -> 0 | V2: =IF(AND($F2=V$1,$G2=W$1),$F$2-$AQ$1,0) -> 0 | W2: =IF(AND($F2=V$1,$G2=W$1),$G$2-$AQ$1,0) -> 0 | X2: =IF(AND($F2=X$1,$G2=Y$1),$F$2-$AQ$1,0) -> 0 | Y2: =IF(AND($F2=X$1,$G2=Y$1),$G$2-$AQ$1,0) -> 0 | Z2: =IF(AND($F2=Z$1,$G2=AA$1),$F$2-$AQ$1,0) -> 0 | AA2: =IF(AND($F2=Z$1,$G2=AA$1),$G$2-$AQ$1,0) -> 0 | AB2: =IF(AND($F2=AB$1,$G2=AC$1),$F$2-$AQ$1,0) -> 0 | AC2: =IF(AND($F2=AB$1,$G2=AC$1),$G$2-$AQ$1,0) -> 0 | AD2: =IF(AND($F2=AD$1,$G2=AE$1),$F$2-$AQ$1,0) -> 0 | AE2: =IF(AND($F2=AD$1,$G2=AE$1),$G$2-$AQ$1,0) -> 0 | AF2: =IF(AND($F2=AF$1,$G2=AG$1),$F$2-$AQ$1,0) -> 0 | AG2: =IF(AND($F2=AF$1,$G2=AG$1),$G$2-$AQ$1,0) -> 0 | AH2: =IF(AND($F2=AH$1,$G2=AI$1),$F$2-$AQ$1,0) -> 0 | AI2: =IF(AND($F2=AH$1,$G2=AI$1),$G$2-$AQ$1,0) -> 0 | AJ2: =IF(AND($F2=AJ$1,$G2=AK$1),$F$2-$AQ$1,0) -> 0 | AK2: =IF(AND($F2=AJ$1,$G2=AK$1),$G$2-$AQ$1,0) -> 0 | AL2: =IF(AND($F2=AL$1,$G2=AM$1),$F$2-$AQ$1,0) -> 0 | AM2: =IF(AND($F2=AL$1,$G2=AM$1),$G$2-$AQ$1,0) -> 0 | AN2: =SUM(I2,K2,M2,O2,Q2,S2,U2,W2,Y2,AA2,AC2,AE2,AG2,AI2,AK2,AM2) -> 0 | AO2: =SUM(H2,J2,L2,N2,P2,R2,T2,V2,X2,Z2,AB2,AD2,AF2,AH2,AJ2,AL2) -> 0 | AP2: =IF(Projektspørgsmål!$AM$30="","",Projektspørgsmål!$AM$30) -> Værktøjer:
C3: =IF(Projektspørgsmål!$AZ$30=Projektspørgsmål!$IO$33,TRUE,FALSE) -> FALSE | D3: =IF(C3=TRUE,MAX(D2)+1,0) -> 0 | E3: =Projektspørgsmål!BK2 -> Fortættet byudvikling | F3: =Projektspørgsmål!IQ7 -> 0 | G3: =Projektspørgsmål!IQ11 -> 0 | H3: =IF(AND($F3=H$1,$G3=I$1,COUNTIF(H2:H2,">0")<=1),$F$3-$AQ$1,IF(AND($F3=H$1,$G3=I$1,COUNTIF(H2:H2,">0")>1),$F$3+$AQ$1,0)) -> 0 | I3: =IF(AND($F3=H$1,$G3=I$1,OR(COUNTIF(I2:I2,">0")=0,COUNTIF(I2:I2,">0")=3)),$G$3-$AQ$1,IF(AND($F3=H$1,$G3=I$1,OR(COUNTIF(I2:I2,">0")=1,COUNTIF(I2:I2,">0")=2)),$G$3+$AQ$1,0)) -> 0 | J3: =IF(AND($F3=J$1,$G3=K$1,COUNTIF(J2:J2,">0")<=1),$F$3-$AQ$1,IF(AND($F3=J$1,$G3=K$1,COUNTIF(J2:J2,">0")>1),$F$3+$AQ$1,0)) -> 0 | K3: =IF(AND($F3=J$1,$G3=K$1,OR(COUNTIF(K2:K2,">0")=0,COUNTIF(K2:K2,">0")=3)),$G$3-$AQ$1,IF(AND($F3=J$1,$G3=K$1,OR(COUNTIF(K2:K2,">0")=1,COUNTIF(K2:K2,">0")=2)),$G$3+$AQ$1,0)) -> 0 | L3: =IF(AND($F3=L$1,$G3=M$1,COUNTIF(L2:L2,">0")<=1),$F$3-$AQ$1,IF(AND($F3=L$1,$G3=M$1,COUNTIF(L2:L2,">0")>1),$F$3+$AQ$1,0)) -> 0 | M3: =IF(AND($F3=L$1,$G3=M$1,OR(COUNTIF(M2:M2,">0")=0,COUNTIF(M2:M2,">0")=3)),$G$3-$AQ$1,IF(AND($F3=L$1,$G3=M$1,OR(COUNTIF(M2:M2,">0")=1,COUNTIF(M2:M2,">0")=2)),$G$3+$AQ$1,0)) -> 0 | N3: =IF(AND($F3=N$1,$G3=O$1,COUNTIF(N2:N2,">0")<=1),$F$3-$AQ$1,IF(AND($F3=N$1,$G3=O$1,COUNTIF(N2:N2,">0")>1),$F$3+$AQ$1,0)) -> 0 | O3: =IF(AND($F3=N$1,$G3=O$1,OR(COUNTIF(O2:O2,">0")=0,COUNTIF(O2:O2,">0")=3)),$G$3-$AQ$1,IF(AND($F3=N$1,$G3=O$1,OR(COUNTIF(O2:O2,">0")=1,COUNTIF(O2:O2,">0")=2)),$G$3+$AQ$1,0)) -> 0 | P3: =IF(AND($F3=P$1,$G3=Q$1,COUNTIF(P2:P2,">0")<=1),$F$3-$AQ$1,IF(AND($F3=P$1,$G3=Q$1,COUNTIF(P2:P2,">0")>1),$F$3+$AQ$1,0)) -> 0 | Q3: =IF(AND($F3=P$1,$G3=Q$1,OR(COUNTIF(Q2:Q2,">0")=0,COUNTIF(Q2:Q2,">0")=3)),$G$3-$AQ$1,IF(AND($F3=P$1,$G3=Q$1,OR(COUNTIF(Q2:Q2,">0")=1,COUNTIF(Q2:Q2,">0")=2)),$G$3+$AQ$1,0)) -> 0 | R3: =IF(AND($F3=R$1,$G3=S$1,COUNTIF(R2:R2,">0")<=1),$F$3-$AQ$1,IF(AND($F3=R$1,$G3=S$1,COUNTIF(R2:R2,">0")>1),$F$3+$AQ$1,0)) -> 0 | S3: =IF(AND($F3=R$1,$G3=S$1,OR(COUNTIF(S2:S2,">0")=0,COUNTIF(S2:S2,">0")=3)),$G$3-$AQ$1,IF(AND($F3=R$1,$G3=S$1,OR(COUNTIF(S2:S2,">0")=1,COUNTIF(S2:S2,">0")=2)),$G$3+$AQ$1,0)) -> 0 | T3: =IF(AND($F3=T$1,$G3=U$1,COUNTIF(T2:T2,">0")<=1),$F$3-$AQ$1,IF(AND($F3=T$1,$G3=U$1,COUNTIF(T2:T2,">0")>1),$F$3+$AQ$1,0)) -> 0 | U3: =IF(AND($F3=T$1,$G3=U$1,OR(COUNTIF(U2:U2,">0")=0,COUNTIF(U2:U2,">0")=3)),$G$3-$AQ$1,IF(AND($F3=T$1,$G3=U$1,OR(COUNTIF(U2:U2,">0")=1,COUNTIF(U2:U2,">0")=2)),$G$3+$AQ$1,0)) -> 0 | V3: =IF(AND($F3=V$1,$G3=W$1,COUNTIF(V2:V2,">0")<=1),$F$3-$AQ$1,IF(AND($F3=V$1,$G3=W$1,COUNTIF(V2:V2,">0")>1),$F$3+$AQ$1,0)) -> 0 | W3: =IF(AND($F3=V$1,$G3=W$1,OR(COUNTIF(W2:W2,">0")=0,COUNTIF(W2:W2,">0")=3)),$G$3-$AQ$1,IF(AND($F3=V$1,$G3=W$1,OR(COUNTIF(W2:W2,">0")=1,COUNTIF(W2:W2,">0")=2)),$G$3+$AQ$1,0)) -> 0 | X3: =IF(AND($F3=X$1,$G3=Y$1,COUNTIF(X2:X2,">0")<=1),$F$3-$AQ$1,IF(AND($F3=X$1,$G3=Y$1,COUNTIF(X2:X2,">0")>1),$F$3+$AQ$1,0)) -> 0 | Y3: =IF(AND($F3=X$1,$G3=Y$1,OR(COUNTIF(Y2:Y2,">0")=0,COUNTIF(Y2:Y2,">0")=3)),$G$3-$AQ$1,IF(AND($F3=X$1,$G3=Y$1,OR(COUNTIF(Y2:Y2,">0")=1,COUNTIF(Y2:Y2,">0")=2)),$G$3+$AQ$1,0)) -> 0 | Z3: =IF(AND($F3=Z$1,$G3=AA$1,COUNTIF(Z2:Z2,">0")<=1),$F$3-$AQ$1,IF(AND($F3=Z$1,$G3=AA$1,COUNTIF(Z2:Z2,">0")>1),$F$3+$AQ$1,0)) -> 0 | AA3: =IF(AND($F3=Z$1,$G3=AA$1,OR(COUNTIF(AA2:AA2,">0")=0,COUNTIF(AA2:AA2,">0")=3)),$G$3-$AQ$1,IF(AND($F3=Z$1,$G3=AA$1,OR(COUNTIF(AA2:AA2,">0")=1,COUNTIF(AA2:AA2,">0")=2)),$G$3+$AQ$1,0)) -> 0 | AB3: =IF(AND($F3=AB$1,$G3=AC$1,COUNTIF(AB2:AB2,">0")<=1),$F$3-$AQ$1,IF(AND($F3=AB$1,$G3=AC$1,COUNTIF(AB2:AB2,">0")>1),$F$3+$AQ$1,0)) -> 0 | AC3: =IF(AND($F3=AB$1,$G3=AC$1,OR(COUNTIF(AC2:AC2,">0")=0,COUNTIF(AC2:AC2,">0")=3)),$G$3-$AQ$1,IF(AND($F3=AB$1,$G3=AC$1,OR(COUNTIF(AC2:AC2,">0")=1,COUNTIF(AC2:AC2,">0")=2)),$G$3+$AQ$1,0)) -> 0 | AD3: =IF(AND($F3=AD$1,$G3=AE$1,COUNTIF(AD2:AD2,">0")<=1),$F$3-$AQ$1,IF(AND($F3=AD$1,$G3=AE$1,COUNTIF(AD2:AD2,">0")>1),$F$3+$AQ$1,0)) -> 0 | AE3: =IF(AND($F3=AD$1,$G3=AE$1,OR(COUNTIF(AE2:AE2,">0")=0,COUNTIF(AE2:AE2,">0")=3)),$G$3-$AQ$1,IF(AND($F3=AD$1,$G3=AE$1,OR(COUNTIF(AE2:AE2,">0")=1,COUNTIF(AE2:AE2,">0")=2)),$G$3+$AQ$1,0)) -> 0 | AF3: =IF(AND($F3=AF$1,$G3=AG$1,COUNTIF(AF2:AF2,">0")<=1),$F$3-$AQ$1,IF(AND($F3=AF$1,$G3=AG$1,COUNTIF(AF2:AF2,">0")>1),$F$3+$AQ$1,0)) -> 0 | AG3: =IF(AND($F3=AF$1,$G3=AG$1,OR(COUNTIF(AG2:AG2,">0")=0,COUNTIF(AG2:AG2,">0")=3)),$G$3-$AQ$1,IF(AND($F3=AF$1,$G3=AG$1,OR(COUNTIF(AG2:AG2,">0")=1,COUNTIF(AG2:AG2,">0")=2)),$G$3+$AQ$1,0)) -> 0 | AH3: =IF(AND($F3=AH$1,$G3=AI$1,COUNTIF(AH2:AH2,">0")<=1),$F$3-$AQ$1,IF(AND($F3=AH$1,$G3=AI$1,COUNTIF(AH2:AH2,">0")>1),$F$3+$AQ$1,0)) -> 0 | AI3: =IF(AND($F3=AH$1,$G3=AI$1,OR(COUNTIF(AI2:AI2,">0")=0,COUNTIF(AI2:AI2,">0")=3)),$G$3-$AQ$1,IF(AND($F3=AH$1,$G3=AI$1,OR(COUNTIF(AI2:AI2,">0")=1,COUNTIF(AI2:AI2,">0")=2)),$G$3+$AQ$1,0)) -> 0 | AJ3: =IF(AND($F3=AJ$1,$G3=AK$1,COUNTIF(AJ2:AJ2,">0")<=1),$F$3-$AQ$1,IF(AND($F3=AJ$1,$G3=AK$1,COUNTIF(AJ2:AJ2,">0")>1),$F$3+$AQ$1,0)) -> 0 | AK3: =IF(AND($F3=AJ$1,$G3=AK$1,OR(COUNTIF(AK2:AK2,">0")=0,COUNTIF(AK2:AK2,">0")=3)),$G$3-$AQ$1,IF(AND($F3=AJ$1,$G3=AK$1,OR(COUNTIF(AK2:AK2,">0")=1,COUNTIF(AK2:AK2,">0")=2)),$G$3+$AQ$1,0)) -> 0 | AL3: =IF(AND($F3=AL$1,$G3=AM$1,COUNTIF(AL2:AL2,">0")<=1),$F$3-$AQ$1,IF(AND($F3=AL$1,$G3=AM$1,COUNTIF(AL2:AL2,">0")>1),$F$3+$AQ$1,0)) -> 0 | AM3: =IF(AND($F3=AL$1,$G3=AM$1,OR(COUNTIF(AM2:AM2,">0")=0,COUNTIF(AM2:AM2,">0")=3)),$G$3-$AQ$1,IF(AND($F3=AL$1,$G3=AM$1,OR(COUNTIF(AM2:AM2,">0")=1,COUNTIF(AM2:AM2,">0")=2)),$G$3+$AQ$1,0)) -> 0 | AN3: =SUM(I3,K3,M3,O3,Q3,S3,U3,W3,Y3,AA3,AC3,AE3,AG3,AI3,AK3,AM3) -> 0 | AO3: =SUM(H3,J3,L3,N3,P3,R3,T3,V3,X3,Z3,AB3,AD3,AF3,AH3,AJ3,AL3) -> 0 | AP3: =IF(Projektspørgsmål!$AZ$27="","",Projektspørgsmål!$AZ$27)
A4: Byliv og mangfoldighed | B4: =AVERAGE(F4:F10) -> 0 | C4: =IF(Projektspørgsmål!$BM$30=Projektspørgsmål!$IO$33,TRUE,FALSE) -> FALSE | D4: =IF(C4=TRUE,MAX(D2:D3)+1,0) -> 0 | E4: =Projektspørgsmål!BX2 -> Naturudlæg | F4: =Projektspørgsmål!IS7 -> 0 | G4: =Projektspørgsmål!IS11 -> 0 | H4: =IF(AND($F4=H$1,$G4=I$1,COUNTIF(H2:H3,">0")<=1),$F$4-$AQ$1,IF(AND($F4=H$1,$G4=I$1,COUNTIF(H2:H3,">0")>1),$F$4+$AQ$1,0)) -> 0 | I4: =IF(AND($F4=H$1,$G4=I$1,OR(COUNTIF(I2:I3,">0")=0,COUNTIF(I2:I3,">0")=3)),$G$4-$AQ$1,IF(AND($F4=H$1,$G4=I$1,OR(COUNTIF(I2:I3,">0")=1,COUNTIF(I2:I3,">0")=2)),$G$4+$AQ$1,0)) -> 0 | J4: =IF(AND($F4=J$1,$G4=K$1,COUNTIF(J2:J3,">0")<=1),$F$4-$AQ$1,IF(AND($F4=J$1,$G4=K$1,COUNTIF(J2:J3,">0")>1),$F$4+$AQ$1,0)) -> 0 | K4: =IF(AND($F4=J$1,$G4=K$1,OR(COUNTIF(K2:K3,">0")=0,COUNTIF(K2:K3,">0")=3)),$G$4-$AQ$1,IF(AND($F4=J$1,$G4=K$1,OR(COUNTIF(K2:K3,">0")=1,COUNTIF(K2:K3,">0")=2)),$G$4+$AQ$1,0)) -> 0 | L4: =IF(AND($F4=L$1,$G4=M$1,COUNTIF(L2:L3,">0")<=1),$F$4-$AQ$1,IF(AND($F4=L$1,$G4=M$1,COUNTIF(L2:L3,">0")>1),$F$4+$AQ$1,0)) -> 0 | M4: =IF(AND($F4=L$1,$G4=M$1,OR(COUNTIF(M2:M3,">0")=0,COUNTIF(M2:M3,">0")=3)),$G$4-$AQ$1,IF(AND($F4=L$1,$G4=M$1,OR(COUNTIF(M2:M3,">0")=1,COUNTIF(M2:M3,">0")=2)),$G$4+$AQ$1,0)) -> 0 | N4: =IF(AND($F4=N$1,$G4=O$1,COUNTIF(N2:N3,">0")<=1),$F$4-$AQ$1,IF(AND($F4=N$1,$G4=O$1,COUNTIF(N2:N3,">0")>1),$F$4+$AQ$1,0)) -> 0 | O4: =IF(AND($F4=N$1,$G4=O$1,OR(COUNTIF(O2:O3,">0")=0,COUNTIF(O2:O3,">0")=3)),$G$4-$AQ$1,IF(AND($F4=N$1,$G4=O$1,OR(COUNTIF(O2:O3,">0")=1,COUNTIF(O2:O3,">0")=2)),$G$4+$AQ$1,0)) -> 0 | P4: =IF(AND($F4=P$1,$G4=Q$1,COUNTIF(P2:P3,">0")<=1),$F$4-$AQ$1,IF(AND($F4=P$1,$G4=Q$1,COUNTIF(P2:P3,">0")>1),$F$4+$AQ$1,0)) -> 0 | Q4: =IF(AND($F4=P$1,$G4=Q$1,OR(COUNTIF(Q2:Q3,">0")=0,COUNTIF(Q2:Q3,">0")=3)),$G$4-$AQ$1,IF(AND($F4=P$1,$G4=Q$1,OR(COUNTIF(Q2:Q3,">0")=1,COUNTIF(Q2:Q3,">0")=2)),$G$4+$AQ$1,0)) -> 0 | R4: =IF(AND($F4=R$1,$G4=S$1,COUNTIF(R2:R3,">0")<=1),$F$4-$AQ$1,IF(AND($F4=R$1,$G4=S$1,COUNTIF(R2:R3,">0")>1),$F$4+$AQ$1,0)) -> 0 | S4: =IF(AND($F4=R$1,$G4=S$1,OR(COUNTIF(S2:S3,">0")=0,COUNTIF(S2:S3,">0")=3)),$G$4-$AQ$1,IF(AND($F4=R$1,$G4=S$1,OR(COUNTIF(S2:S3,">0")=1,COUNTIF(S2:S3,">0")=2)),$G$4+$AQ$1,0)) -> 0 | T4: =IF(AND($F4=T$1,$G4=U$1,COUNTIF(T2:T3,">0")<=1),$F$4-$AQ$1,IF(AND($F4=T$1,$G4=U$1,COUNTIF(T2:T3,">0")>1),$F$4+$AQ$1,0)) -> 0 | U4: =IF(AND($F4=T$1,$G4=U$1,OR(COUNTIF(U2:U3,">0")=0,COUNTIF(U2:U3,">0")=3)),$G$4-$AQ$1,IF(AND($F4=T$1,$G4=U$1,OR(COUNTIF(U2:U3,">0")=1,COUNTIF(U2:U3,">0")=2)),$G$4+$AQ$1,0)) -> 0 | V4: =IF(AND($F4=V$1,$G4=W$1,COUNTIF(V2:V3,">0")<=1),$F$4-$AQ$1,IF(AND($F4=V$1,$G4=W$1,COUNTIF(V2:V3,">0")>1),$F$4+$AQ$1,0)) -> 0 | W4: =IF(AND($F4=V$1,$G4=W$1,OR(COUNTIF(W2:W3,">0")=0,COUNTIF(W2:W3,">0")=3)),$G$4-$AQ$1,IF(AND($F4=V$1,$G4=W$1,OR(COUNTIF(W2:W3,">0")=1,COUNTIF(W2:W3,">0")=2)),$G$4+$AQ$1,0)) -> 0 | X4: =IF(AND($F4=X$1,$G4=Y$1,COUNTIF(X2:X3,">0")<=1),$F$4-$AQ$1,IF(AND($F4=X$1,$G4=Y$1,COUNTIF(X2:X3,">0")>1),$F$4+$AQ$1,0)) -> 0 | Y4: =IF(AND($F4=X$1,$G4=Y$1,OR(COUNTIF(Y2:Y3,">0")=0,COUNTIF(Y2:Y3,">0")=3)),$G$4-$AQ$1,IF(AND($F4=X$1,$G4=Y$1,OR(COUNTIF(Y2:Y3,">0")=1,COUNTIF(Y2:Y3,">0")=2)),$G$4+$AQ$1,0)) -> 0 | Z4: =IF(AND($F4=Z$1,$G4=AA$1,COUNTIF(Z2:Z3,">0")<=1),$F$4-$AQ$1,IF(AND($F4=Z$1,$G4=AA$1,COUNTIF(Z2:Z3,">0")>1),$F$4+$AQ$1,0)) -> 0 | AA4: =IF(AND($F4=Z$1,$G4=AA$1,OR(COUNTIF(AA2:AA3,">0")=0,COUNTIF(AA2:AA3,">0")=3)),$G$4-$AQ$1,IF(AND($F4=Z$1,$G4=AA$1,OR(COUNTIF(AA2:AA3,">0")=1,COUNTIF(AA2:AA3,">0")=2)),$G$4+$AQ$1,0)) -> 0 | AB4: =IF(AND($F4=AB$1,$G4=AC$1,COUNTIF(AB2:AB3,">0")<=1),$F$4-$AQ$1,IF(AND($F4=AB$1,$G4=AC$1,COUNTIF(AB2:AB3,">0")>1),$F$4+$AQ$1,0)) -> 0 | AC4: =IF(AND($F4=AB$1,$G4=AC$1,OR(COUNTIF(AC2:AC3,">0")=0,COUNTIF(AC2:AC3,">0")=3)),$G$4-$AQ$1,IF(AND($F4=AB$1,$G4=AC$1,OR(COUNTIF(AC2:AC3,">0")=1,COUNTIF(AC2:AC3,">0")=2)),$G$4+$AQ$1,0)) -> 0 | AD4: =IF(AND($F4=AD$1,$G4=AE$1,COUNTIF(AD2:AD3,">0")<=1),$F$4-$AQ$1,IF(AND($F4=AD$1,$G4=AE$1,COUNTIF(AD2:AD3,">0")>1),$F$4+$AQ$1,0)) -> 0 | AE4: =IF(AND($F4=AD$1,$G4=AE$1,OR(COUNTIF(AE2:AE3,">0")=0,COUNTIF(AE2:AE3,">0")=3)),$G$4-$AQ$1,IF(AND($F4=AD$1,$G4=AE$1,OR(COUNTIF(AE2:AE3,">0")=1,COUNTIF(AE2:AE3,">0")=2)),$G$4+$AQ$1,0)) -> 0 | AF4: =IF(AND($F4=AF$1,$G4=AG$1,COUNTIF(AF2:AF3,">0")<=1),$F$4-$AQ$1,IF(AND($F4=AF$1,$G4=AG$1,COUNTIF(AF2:AF3,">0")>1),$F$4+$AQ$1,0)) -> 0 | AG4: =IF(AND($F4=AF$1,$G4=AG$1,OR(COUNTIF(AG2:AG3,">0")=0,COUNTIF(AG2:AG3,">0")=3)),$G$4-$AQ$1,IF(AND($F4=AF$1,$G4=AG$1,OR(COUNTIF(AG2:AG3,">0")=1,COUNTIF(AG2:AG3,">0")=2)),$G$4+$AQ$1,0)) -> 0 | AH4: =IF(AND($F4=AH$1,$G4=AI$1,COUNTIF(AH2:AH3,">0")<=1),$F$4-$AQ$1,IF(AND($F4=AH$1,$G4=AI$1,COUNTIF(AH2:AH3,">0")>1),$F$4+$AQ$1,0)) -> 0 | AI4: =IF(AND($F4=AH$1,$G4=AI$1,OR(COUNTIF(AI2:AI3,">0")=0,COUNTIF(AI2:AI3,">0")=3)),$G$4-$AQ$1,IF(AND($F4=AH$1,$G4=AI$1,OR(COUNTIF(AI2:AI3,">0")=1,COUNTIF(AI2:AI3,">0")=2)),$G$4+$AQ$1,0)) -> 0 | AJ4: =IF(AND($F4=AJ$1,$G4=AK$1,COUNTIF(AJ2:AJ3,">0")<=1),$F$4-$AQ$1,IF(AND($F4=AJ$1,$G4=AK$1,COUNTIF(AJ2:AJ3,">0")>1),$F$4+$AQ$1,0)) -> 0 | AK4: =IF(AND($F4=AJ$1,$G4=AK$1,OR(COUNTIF(AK2:AK3,">0")=0,COUNTIF(AK2:AK3,">0")=3)),$G$4-$AQ$1,IF(AND($F4=AJ$1,$G4=AK$1,OR(COUNTIF(AK2:AK3,">0")=1,COUNTIF(AK2:AK3,">0")=2)),$G$4+$AQ$1,0)) -> 0 | AL4: =IF(AND($F4=AL$1,$G4=AM$1,COUNTIF(AL2:AL3,">0")<=1),$F$4-$AQ$1,IF(AND($F4=AL$1,$G4=AM$1,COUNTIF(AL2:AL3,">0")>1),$F$4+$AQ$1,0)) -> 0 | AM4: =IF(AND($F4=AL$1,$G4=AM$1,OR(COUNTIF(AM2:AM3,">0")=0,COUNTIF(AM2:AM3,">0")=3)),$G$4-$AQ$1,IF(AND($F4=AL$1,$G4=AM$1,OR(COUNTIF(AM2:AM3,">0")=1,COUNTIF(AM2:AM3,">0")=2)),$G$4+$AQ$1,0)) -> 0 | AN4: =SUM(I4,K4,M4,O4,Q4,S4,U4,W4,Y4,AA4,AC4,AE4,AG4,AI4,AK4,AM4) -> 0 | AO4: =SUM(H4,J4,L4,N4,P4,R4,T4,V4,X4,Z4,AB4,AD4,AF4,AH4,AJ4,AL4) -> 0 | AP4: =IF(Projektspørgsmål!$BM$27="","",Projektspørgsmål!$BM$27)
C5: =IF(Projektspørgsmål!$BZ$30=Projektspørgsmål!$IO$33,TRUE,FALSE) -> FALSE | D5: =IF(C5=TRUE,MAX(D2:D4)+1,0) -> 0 | E5: =Projektspørgsmål!CK2 -> Biofaktor | F5: =Projektspørgsmål!IU7 -> 0 | G5: =Projektspørgsmål!IU11 -> 0 | H5: =IF(AND($F5=H$1,$G5=I$1,COUNTIF(H2:H4,">0")<=1),$F$5-$AQ$1,IF(AND($F5=H$1,$G5=I$1,COUNTIF(H2:H4,">0")>1),$F$5+$AQ$1,0)) -> 0 | I5: =IF(AND($F5=H$1,$G5=I$1,OR(COUNTIF(I2:I4,">0")=0,COUNTIF(I2:I4,">0")=3)),$G$5-$AQ$1,IF(AND($F5=H$1,$G5=I$1,OR(COUNTIF(I2:I4,">0")=1,COUNTIF(I2:I4,">0")=2)),$G$5+$AQ$1,0)) -> 0 | J5: =IF(AND($F5=J$1,$G5=K$1,COUNTIF(J2:J4,">0")<=1),$F$5-$AQ$1,IF(AND($F5=J$1,$G5=K$1,COUNTIF(J2:J4,">0")>1),$F$5+$AQ$1,0)) -> 0 | K5: =IF(AND($F5=J$1,$G5=K$1,OR(COUNTIF(K2:K4,">0")=0,COUNTIF(K2:K4,">0")=3)),$G$5-$AQ$1,IF(AND($F5=J$1,$G5=K$1,OR(COUNTIF(K2:K4,">0")=1,COUNTIF(K2:K4,">0")=2)),$G$5+$AQ$1,0)) -> 0 | L5: =IF(AND($F5=L$1,$G5=M$1,COUNTIF(L2:L4,">0")<=1),$F$5-$AQ$1,IF(AND($F5=L$1,$G5=M$1,COUNTIF(L2:L4,">0")>1),$F$5+$AQ$1,0)) -> 0 | M5: =IF(AND($F5=L$1,$G5=M$1,OR(COUNTIF(M2:M4,">0")=0,COUNTIF(M2:M4,">0")=3)),$G$5-$AQ$1,IF(AND($F5=L$1,$G5=M$1,OR(COUNTIF(M2:M4,">0")=1,COUNTIF(M2:M4,">0")=2)),$G$5+$AQ$1,0)) -> 0 | N5: =IF(AND($F5=N$1,$G5=O$1,COUNTIF(N2:N4,">0")<=1),$F$5-$AQ$1,IF(AND($F5=N$1,$G5=O$1,COUNTIF(N2:N4,">0")>1),$F$5+$AQ$1,0)) -> 0 | O5: =IF(AND($F5=N$1,$G5=O$1,OR(COUNTIF(O2:O4,">0")=0,COUNTIF(O2:O4,">0")=3)),$G$5-$AQ$1,IF(AND($F5=N$1,$G5=O$1,OR(COUNTIF(O2:O4,">0")=1,COUNTIF(O2:O4,">0")=2)),$G$5+$AQ$1,0)) -> 0 | P5: =IF(AND($F5=P$1,$G5=Q$1,COUNTIF(P2:P4,">0")<=1),$F$5-$AQ$1,IF(AND($F5=P$1,$G5=Q$1,COUNTIF(P2:P4,">0")>1),$F$5+$AQ$1,0)) -> 0 | Q5: =IF(AND($F5=P$1,$G5=Q$1,OR(COUNTIF(Q2:Q4,">0")=0,COUNTIF(Q2:Q4,">0")=3)),$G$5-$AQ$1,IF(AND($F5=P$1,$G5=Q$1,OR(COUNTIF(Q2:Q4,">0")=1,COUNTIF(Q2:Q4,">0")=2)),$G$5+$AQ$1,0)) -> 0 | R5: =IF(AND($F5=R$1,$G5=S$1,COUNTIF(R2:R4,">0")<=1),$F$5-$AQ$1,IF(AND($F5=R$1,$G5=S$1,COUNTIF(R2:R4,">0")>1),$F$5+$AQ$1,0)) -> 0 | S5: =IF(AND($F5=R$1,$G5=S$1,OR(COUNTIF(S2:S4,">0")=0,COUNTIF(S2:S4,">0")=3)),$G$5-$AQ$1,IF(AND($F5=R$1,$G5=S$1,OR(COUNTIF(S2:S4,">0")=1,COUNTIF(S2:S4,">0")=2)),$G$5+$AQ$1,0)) -> 0 | T5: =IF(AND($F5=T$1,$G5=U$1,COUNTIF(T2:T4,">0")<=1),$F$5-$AQ$1,IF(AND($F5=T$1,$G5=U$1,COUNTIF(T2:T4,">0")>1),$F$5+$AQ$1,0)) -> 0 | U5: =IF(AND($F5=T$1,$G5=U$1,OR(COUNTIF(U2:U4,">0")=0,COUNTIF(U2:U4,">0")=3)),$G$5-$AQ$1,IF(AND($F5=T$1,$G5=U$1,OR(COUNTIF(U2:U4,">0")=1,COUNTIF(U2:U4,">0")=2)),$G$5+$AQ$1,0)) -> 0 | V5: =IF(AND($F5=V$1,$G5=W$1,COUNTIF(V2:V4,">0")<=1),$F$5-$AQ$1,IF(AND($F5=V$1,$G5=W$1,COUNTIF(V2:V4,">0")>1),$F$5+$AQ$1,0)) -> 0 | W5: =IF(AND($F5=V$1,$G5=W$1,OR(COUNTIF(W2:W4,">0")=0,COUNTIF(W2:W4,">0")=3)),$G$5-$AQ$1,IF(AND($F5=V$1,$G5=W$1,OR(COUNTIF(W2:W4,">0")=1,COUNTIF(W2:W4,">0")=2)),$G$5+$AQ$1,0)) -> 0 | X5: =IF(AND($F5=X$1,$G5=Y$1,COUNTIF(X2:X4,">0")<=1),$F$5-$AQ$1,IF(AND($F5=X$1,$G5=Y$1,COUNTIF(X2:X4,">0")>1),$F$5+$AQ$1,0)) -> 0 | Y5: =IF(AND($F5=X$1,$G5=Y$1,OR(COUNTIF(Y2:Y4,">0")=0,COUNTIF(Y2:Y4,">0")=3)),$G$5-$AQ$1,IF(AND($F5=X$1,$G5=Y$1,OR(COUNTIF(Y2:Y4,">0")=1,COUNTIF(Y2:Y4,">0")=2)),$G$5+$AQ$1,0)) -> 0 | Z5: =IF(AND($F5=Z$1,$G5=AA$1,COUNTIF(Z2:Z4,">0")<=1),$F$5-$AQ$1,IF(AND($F5=Z$1,$G5=AA$1,COUNTIF(Z2:Z4,">0")>1),$F$5+$AQ$1,0)) -> 0 | AA5: =IF(AND($F5=Z$1,$G5=AA$1,OR(COUNTIF(AA2:AA4,">0")=0,COUNTIF(AA2:AA4,">0")=3)),$G$5-$AQ$1,IF(AND($F5=Z$1,$G5=AA$1,OR(COUNTIF(AA2:AA4,">0")=1,COUNTIF(AA2:AA4,">0")=2)),$G$5+$AQ$1,0)) -> 0 | AB5: =IF(AND($F5=AB$1,$G5=AC$1,COUNTIF(AB2:AB4,">0")<=1),$F$5-$AQ$1,IF(AND($F5=AB$1,$G5=AC$1,COUNTIF(AB2:AB4,">0")>1),$F$5+$AQ$1,0)) -> 0 | AC5: =IF(AND($F5=AB$1,$G5=AC$1,OR(COUNTIF(AC2:AC4,">0")=0,COUNTIF(AC2:AC4,">0")=3)),$G$5-$AQ$1,IF(AND($F5=AB$1,$G5=AC$1,OR(COUNTIF(AC2:AC4,">0")=1,COUNTIF(AC2:AC4,">0")=2)),$G$5+$AQ$1,0)) -> 0 | AD5: =IF(AND($F5=AD$1,$G5=AE$1,COUNTIF(AD2:AD4,">0")<=1),$F$5-$AQ$1,IF(AND($F5=AD$1,$G5=AE$1,COUNTIF(AD2:AD4,">0")>1),$F$5+$AQ$1,0)) -> 0 | AE5: =IF(AND($F5=AD$1,$G5=AE$1,OR(COUNTIF(AE2:AE4,">0")=0,COUNTIF(AE2:AE4,">0")=3)),$G$5-$AQ$1,IF(AND($F5=AD$1,$G5=AE$1,OR(COUNTIF(AE2:AE4,">0")=1,COUNTIF(AE2:AE4,">0")=2)),$G$5+$AQ$1,0)) -> 0 | AF5: =IF(AND($F5=AF$1,$G5=AG$1,COUNTIF(AF2:AF4,">0")<=1),$F$5-$AQ$1,IF(AND($F5=AF$1,$G5=AG$1,COUNTIF(AF2:AF4,">0")>1),$F$5+$AQ$1,0)) -> 0 | AG5: =IF(AND($F5=AF$1,$G5=AG$1,OR(COUNTIF(AG2:AG4,">0")=0,COUNTIF(AG2:AG4,">0")=3)),$G$5-$AQ$1,IF(AND($F5=AF$1,$G5=AG$1,OR(COUNTIF(AG2:AG4,">0")=1,COUNTIF(AG2:AG4,">0")=2)),$G$5+$AQ$1,0)) -> 0 | AH5: =IF(AND($F5=AH$1,$G5=AI$1,COUNTIF(AH2:AH4,">0")<=1),$F$5-$AQ$1,IF(AND($F5=AH$1,$G5=AI$1,COUNTIF(AH2:AH4,">0")>1),$F$5+$AQ$1,0)) -> 0 | AI5: =IF(AND($F5=AH$1,$G5=AI$1,OR(COUNTIF(AI2:AI4,">0")=0,COUNTIF(AI2:AI4,">0")=3)),$G$5-$AQ$1,IF(AND($F5=AH$1,$G5=AI$1,OR(COUNTIF(AI2:AI4,">0")=1,COUNTIF(AI2:AI4,">0")=2)),$G$5+$AQ$1,0)) -> 0 | AJ5: =IF(AND($F5=AJ$1,$G5=AK$1,COUNTIF(AJ2:AJ4,">0")<=1),$F$5-$AQ$1,IF(AND($F5=AJ$1,$G5=AK$1,COUNTIF(AJ2:AJ4,">0")>1),$F$5+$AQ$1,0)) -> 0 | AK5: =IF(AND($F5=AJ$1,$G5=AK$1,OR(COUNTIF(AK2:AK4,">0")=0,COUNTIF(AK2:AK4,">0")=3)),$G$5-$AQ$1,IF(AND($F5=AJ$1,$G5=AK$1,OR(COUNTIF(AK2:AK4,">0")=1,COUNTIF(AK2:AK4,">0")=2)),$G$5+$AQ$1,0)) -> 0 | AL5: =IF(AND($F5=AL$1,$G5=AM$1,COUNTIF(AL2:AL4,">0")<=1),$F$5-$AQ$1,IF(AND($F5=AL$1,$G5=AM$1,COUNTIF(AL2:AL4,">0")>1),$F$5+$AQ$1,0)) -> 0 | AM5: =IF(AND($F5=AL$1,$G5=AM$1,OR(COUNTIF(AM2:AM4,">0")=0,COUNTIF(AM2:AM4,">0")=3)),$G$5-$AQ$1,IF(AND($F5=AL$1,$G5=AM$1,OR(COUNTIF(AM2:AM4,">0")=1,COUNTIF(AM2:AM4,">0")=2)),$G$5+$AQ$1,0)) -> 0 | AN5: =SUM(I5,K5,M5,O5,Q5,S5,U5,W5,Y5,AA5,AC5,AE5,AG5,AI5,AK5,AM5) -> 0 | AO5: =SUM(H5,J5,L5,N5,P5,R5,T5,V5,X5,Z5,AB5,AD5,AF5,AH5,AJ5,AL5) -> 0 | AP5: =IF(Projektspørgsmål!$BZ$27="","",Projektspørgsmål!$BZ$27)
C6: =IF(Projektspørgsmål!$CM$31=Projektspørgsmål!$IO$33,TRUE,FALSE) -> FALSE | D6: =IF(C6=TRUE,MAX(D2:D5)+1,0) -> 0 | E6: =Projektspørgsmål!CX2 -> Grønne kvaliteter | F6: =Projektspørgsmål!IW7 -> 0 | G6: =Projektspørgsmål!IW11 -> 0 | H6: =IF(AND($F6=H$1,$G6=I$1,COUNTIF(H2:H5,">0")<=1),$F$6-$AQ$1,IF(AND($F6=H$1,$G6=I$1,COUNTIF(H2:H5,">0")>1),$F$6+$AQ$1,0)) -> 0 | I6: =IF(AND($F6=H$1,$G6=I$1,OR(COUNTIF(I2:I5,">0")=0,COUNTIF(I2:I5,">0")=3)),$G$6-$AQ$1,IF(AND($F6=H$1,$G6=I$1,OR(COUNTIF(I2:I5,">0")=1,COUNTIF(I2:I5,">0")=2)),$G$6+$AQ$1,0)) -> 0 | J6: =IF(AND($F6=J$1,$G6=K$1,COUNTIF(J2:J5,">0")<=1),$F$6-$AQ$1,IF(AND($F6=J$1,$G6=K$1,COUNTIF(J2:J5,">0")>1),$F$6+$AQ$1,0)) -> 0 | K6: =IF(AND($F6=J$1,$G6=K$1,OR(COUNTIF(K2:K5,">0")=0,COUNTIF(K2:K5,">0")=3)),$G$6-$AQ$1,IF(AND($F6=J$1,$G6=K$1,OR(COUNTIF(K2:K5,">0")=1,COUNTIF(K2:K5,">0")=2)),$G$6+$AQ$1,0)) -> 0 | L6: =IF(AND($F6=L$1,$G6=M$1,COUNTIF(L2:L5,">0")<=1),$F$6-$AQ$1,IF(AND($F6=L$1,$G6=M$1,COUNTIF(L2:L5,">0")>1),$F$6+$AQ$1,0)) -> 0 | M6: =IF(AND($F6=L$1,$G6=M$1,OR(COUNTIF(M2:M5,">0")=0,COUNTIF(M2:M5,">0")=3)),$G$6-$AQ$1,IF(AND($F6=L$1,$G6=M$1,OR(COUNTIF(M2:M5,">0")=1,COUNTIF(M2:M5,">0")=2)),$G$6+$AQ$1,0)) -> 0 | N6: =IF(AND($F6=N$1,$G6=O$1,COUNTIF(N2:N5,">0")<=1),$F$6-$AQ$1,IF(AND($F6=N$1,$G6=O$1,COUNTIF(N2:N5,">0")>1),$F$6+$AQ$1,0)) -> 0 | O6: =IF(AND($F6=N$1,$G6=O$1,OR(COUNTIF(O2:O5,">0")=0,COUNTIF(O2:O5,">0")=3)),$G$6-$AQ$1,IF(AND($F6=N$1,$G6=O$1,OR(COUNTIF(O2:O5,">0")=1,COUNTIF(O2:O5,">0")=2)),$G$6+$AQ$1,0)) -> 0 | P6: =IF(AND($F6=P$1,$G6=Q$1,COUNTIF(P2:P5,">0")<=1),$F$6-$AQ$1,IF(AND($F6=P$1,$G6=Q$1,COUNTIF(P2:P5,">0")>1),$F$6+$AQ$1,0)) -> 0 | Q6: =IF(AND($F6=P$1,$G6=Q$1,OR(COUNTIF(Q2:Q5,">0")=0,COUNTIF(Q2:Q5,">0")=3)),$G$6-$AQ$1,IF(AND($F6=P$1,$G6=Q$1,OR(COUNTIF(Q2:Q5,">0")=1,COUNTIF(Q2:Q5,">0")=2)),$G$6+$AQ$1,0)) -> 0 | R6: =IF(AND($F6=R$1,$G6=S$1,COUNTIF(R2:R5,">0")<=1),$F$6-$AQ$1,IF(AND($F6=R$1,$G6=S$1,COUNTIF(R2:R5,">0")>1),$F$6+$AQ$1,0)) -> 0 | S6: =IF(AND($F6=R$1,$G6=S$1,OR(COUNTIF(S2:S5,">0")=0,COUNTIF(S2:S5,">0")=3)),$G$6-$AQ$1,IF(AND($F6=R$1,$G6=S$1,OR(COUNTIF(S2:S5,">0")=1,COUNTIF(S2:S5,">0")=2)),$G$6+$AQ$1,0)) -> 0 | T6: =IF(AND($F6=T$1,$G6=U$1,COUNTIF(T2:T5,">0")<=1),$F$6-$AQ$1,IF(AND($F6=T$1,$G6=U$1,COUNTIF(T2:T5,">0")>1),$F$6+$AQ$1,0)) -> 0 | U6: =IF(AND($F6=T$1,$G6=U$1,OR(COUNTIF(U2:U5,">0")=0,COUNTIF(U2:U5,">0")=3)),$G$6-$AQ$1,IF(AND($F6=T$1,$G6=U$1,OR(COUNTIF(U2:U5,">0")=1,COUNTIF(U2:U5,">0")=2)),$G$6+$AQ$1,0)) -> 0 | V6: =IF(AND($F6=V$1,$G6=W$1,COUNTIF(V2:V5,">0")<=1),$F$6-$AQ$1,IF(AND($F6=V$1,$G6=W$1,COUNTIF(V2:V5,">0")>1),$F$6+$AQ$1,0)) -> 0 | W6: =IF(AND($F6=V$1,$G6=W$1,OR(COUNTIF(W2:W5,">0")=0,COUNTIF(W2:W5,">0")=3)),$G$6-$AQ$1,IF(AND($F6=V$1,$G6=W$1,OR(COUNTIF(W2:W5,">0")=1,COUNTIF(W2:W5,">0")=2)),$G$6+$AQ$1,0)) -> 0 | X6: =IF(AND($F6=X$1,$G6=Y$1,COUNTIF(X2:X5,">0")<=1),$F$6-$AQ$1,IF(AND($F6=X$1,$G6=Y$1,COUNTIF(X2:X5,">0")>1),$F$6+$AQ$1,0)) -> 0 | Y6: =IF(AND($F6=X$1,$G6=Y$1,OR(COUNTIF(Y2:Y5,">0")=0,COUNTIF(Y2:Y5,">0")=3)),$G$6-$AQ$1,IF(AND($F6=X$1,$G6=Y$1,OR(COUNTIF(Y2:Y5,">0")=1,COUNTIF(Y2:Y5,">0")=2)),$G$6+$AQ$1,0)) -> 0 | Z6: =IF(AND($F6=Z$1,$G6=AA$1,COUNTIF(Z2:Z5,">0")<=1),$F$6-$AQ$1,IF(AND($F6=Z$1,$G6=AA$1,COUNTIF(Z2:Z5,">0")>1),$F$6+$AQ$1,0)) -> 0 | AA6: =IF(AND($F6=Z$1,$G6=AA$1,OR(COUNTIF(AA2:AA5,">0")=0,COUNTIF(AA2:AA5,">0")=3)),$G$6-$AQ$1,IF(AND($F6=Z$1,$G6=AA$1,OR(COUNTIF(AA2:AA5,">0")=1,COUNTIF(AA2:AA5,">0")=2)),$G$6+$AQ$1,0)) -> 0 | AB6: =IF(AND($F6=AB$1,$G6=AC$1,COUNTIF(AB2:AB5,">0")<=1),$F$6-$AQ$1,IF(AND($F6=AB$1,$G6=AC$1,COUNTIF(AB2:AB5,">0")>1),$F$6+$AQ$1,0)) -> 0 | AC6: =IF(AND($F6=AB$1,$G6=AC$1,OR(COUNTIF(AC2:AC5,">0")=0,COUNTIF(AC2:AC5,">0")=3)),$G$6-$AQ$1,IF(AND($F6=AB$1,$G6=AC$1,OR(COUNTIF(AC2:AC5,">0")=1,COUNTIF(AC2:AC5,">0")=2)),$G$6+$AQ$1,0)) -> 0 | AD6: =IF(AND($F6=AD$1,$G6=AE$1,COUNTIF(AD2:AD5,">0")<=1),$F$6-$AQ$1,IF(AND($F6=AD$1,$G6=AE$1,COUNTIF(AD2:AD5,">0")>1),$F$6+$AQ$1,0)) -> 0 | AE6: =IF(AND($F6=AD$1,$G6=AE$1,OR(COUNTIF(AE2:AE5,">0")=0,COUNTIF(AE2:AE5,">0")=3)),$G$6-$AQ$1,IF(AND($F6=AD$1,$G6=AE$1,OR(COUNTIF(AE2:AE5,">0")=1,COUNTIF(AE2:AE5,">0")=2)),$G$6+$AQ$1,0)) -> 0 | AF6: =IF(AND($F6=AF$1,$G6=AG$1,COUNTIF(AF2:AF5,">0")<=1),$F$6-$AQ$1,IF(AND($F6=AF$1,$G6=AG$1,COUNTIF(AF2:AF5,">0")>1),$F$6+$AQ$1,0)) -> 0 | AG6: =IF(AND($F6=AF$1,$G6=AG$1,OR(COUNTIF(AG2:AG5,">0")=0,COUNTIF(AG2:AG5,">0")=3)),$G$6-$AQ$1,IF(AND($F6=AF$1,$G6=AG$1,OR(COUNTIF(AG2:AG5,">0")=1,COUNTIF(AG2:AG5,">0")=2)),$G$6+$AQ$1,0)) -> 0 | AH6: =IF(AND($F6=AH$1,$G6=AI$1,COUNTIF(AH2:AH5,">0")<=1),$F$6-$AQ$1,IF(AND($F6=AH$1,$G6=AI$1,COUNTIF(AH2:AH5,">0")>1),$F$6+$AQ$1,0)) -> 0 | AI6: =IF(AND($F6=AH$1,$G6=AI$1,OR(COUNTIF(AI2:AI5,">0")=0,COUNTIF(AI2:AI5,">0")=3)),$G$6-$AQ$1,IF(AND($F6=AH$1,$G6=AI$1,OR(COUNTIF(AI2:AI5,">0")=1,COUNTIF(AI2:AI5,">0")=2)),$G$6+$AQ$1,0)) -> 0 | AJ6: =IF(AND($F6=AJ$1,$G6=AK$1,COUNTIF(AJ2:AJ5,">0")<=1),$F$6-$AQ$1,IF(AND($F6=AJ$1,$G6=AK$1,COUNTIF(AJ2:AJ5,">0")>1),$F$6+$AQ$1,0)) -> 0 | AK6: =IF(AND($F6=AJ$1,$G6=AK$1,OR(COUNTIF(AK2:AK5,">0")=0,COUNTIF(AK2:AK5,">0")=3)),$G$6-$AQ$1,IF(AND($F6=AJ$1,$G6=AK$1,OR(COUNTIF(AK2:AK5,">0")=1,COUNTIF(AK2:AK5,">0")=2)),$G$6+$AQ$1,0)) -> 0 | AL6: =IF(AND($F6=AL$1,$G6=AM$1,COUNTIF(AL2:AL5,">0")<=1),$F$6-$AQ$1,IF(AND($F6=AL$1,$G6=AM$1,COUNTIF(AL2:AL5,">0")>1),$F$6+$AQ$1,0)) -> 0 | AM6: =IF(AND($F6=AL$1,$G6=AM$1,OR(COUNTIF(AM2:AM5,">0")=0,COUNTIF(AM2:AM5,">0")=3)),$G$6-$AQ$1,IF(AND($F6=AL$1,$G6=AM$1,OR(COUNTIF(AM2:AM5,">0")=1,COUNTIF(AM2:AM5,">0")=2)),$G$6+$AQ$1,0)) -> 0 | AN6: =SUM(I6,K6,M6,O6,Q6,S6,U6,W6,Y6,AA6,AC6,AE6,AG6,AI6,AK6,AM6) -> 0 | AO6: =SUM(H6,J6,L6,N6,P6,R6,T6,V6,X6,Z6,AB6,AD6,AF6,AH6,AJ6,AL6) -> 0 | AP6: =IF(Projektspørgsmål!$CM$28="","",Projektspørgsmål!$CM$28) -> Inspiration og hjælp
C7: =IF(Projektspørgsmål!$CZ$31=Projektspørgsmål!$IO$33,TRUE,FALSE) -> FALSE | D7: =IF(C7=TRUE,MAX(D2:D6)+1,0) -> 0 | E7: =Projektspørgsmål!DK2 -> Blå kvaliteter | F7: =Projektspørgsmål!IY7 -> 0 | G7: =Projektspørgsmål!IY11 -> 0 | H7: =IF(AND($F7=H$1,$G7=I$1,COUNTIF(H2:H6,">0")<=1),$F$7-$AQ$1,IF(AND($F7=H$1,$G7=I$1,COUNTIF(H2:H6,">0")>1),$F$7+$AQ$1,0)) -> 0 | I7: =IF(AND($F7=H$1,$G7=I$1,OR(COUNTIF(I2:I6,">0")=0,COUNTIF(I2:I6,">0")=3)),$G$7-$AQ$1,IF(AND($F7=H$1,$G7=I$1,OR(COUNTIF(I2:I6,">0")=1,COUNTIF(I2:I6,">0")=2)),$G$7+$AQ$1,0)) -> 0 | J7: =IF(AND($F7=J$1,$G7=K$1,COUNTIF(J2:J6,">0")<=1),$F$7-$AQ$1,IF(AND($F7=J$1,$G7=K$1,COUNTIF(J2:J6,">0")>1),$F$7+$AQ$1,0)) -> 0 | K7: =IF(AND($F7=J$1,$G7=K$1,OR(COUNTIF(K2:K6,">0")=0,COUNTIF(K2:K6,">0")=3)),$G$7-$AQ$1,IF(AND($F7=J$1,$G7=K$1,OR(COUNTIF(K2:K6,">0")=1,COUNTIF(K2:K6,">0")=2)),$G$7+$AQ$1,0)) -> 0 | L7: =IF(AND($F7=L$1,$G7=M$1,COUNTIF(L2:L6,">0")<=1),$F$7-$AQ$1,IF(AND($F7=L$1,$G7=M$1,COUNTIF(L2:L6,">0")>1),$F$7+$AQ$1,0)) -> 0 | M7: =IF(AND($F7=L$1,$G7=M$1,OR(COUNTIF(M2:M6,">0")=0,COUNTIF(M2:M6,">0")=3)),$G$7-$AQ$1,IF(AND($F7=L$1,$G7=M$1,OR(COUNTIF(M2:M6,">0")=1,COUNTIF(M2:M6,">0")=2)),$G$7+$AQ$1,0)) -> 0 | N7: =IF(AND($F7=N$1,$G7=O$1,COUNTIF(N2:N6,">0")<=1),$F$7-$AQ$1,IF(AND($F7=N$1,$G7=O$1,COUNTIF(N2:N6,">0")>1),$F$7+$AQ$1,0)) -> 0 | O7: =IF(AND($F7=N$1,$G7=O$1,OR(COUNTIF(O2:O6,">0")=0,COUNTIF(O2:O6,">0")=3)),$G$7-$AQ$1,IF(AND($F7=N$1,$G7=O$1,OR(COUNTIF(O2:O6,">0")=1,COUNTIF(O2:O6,">0")=2)),$G$7+$AQ$1,0)) -> 0 | P7: =IF(AND($F7=P$1,$G7=Q$1,COUNTIF(P2:P6,">0")<=1),$F$7-$AQ$1,IF(AND($F7=P$1,$G7=Q$1,COUNTIF(P2:P6,">0")>1),$F$7+$AQ$1,0)) -> 0 | Q7: =IF(AND($F7=P$1,$G7=Q$1,OR(COUNTIF(Q2:Q6,">0")=0,COUNTIF(Q2:Q6,">0")=3)),$G$7-$AQ$1,IF(AND($F7=P$1,$G7=Q$1,OR(COUNTIF(Q2:Q6,">0")=1,COUNTIF(Q2:Q6,">0")=2)),$G$7+$AQ$1,0)) -> 0 | R7: =IF(AND($F7=R$1,$G7=S$1,COUNTIF(R2:R6,">0")<=1),$F$7-$AQ$1,IF(AND($F7=R$1,$G7=S$1,COUNTIF(R2:R6,">0")>1),$F$7+$AQ$1,0)) -> 0 | S7: =IF(AND($F7=R$1,$G7=S$1,OR(COUNTIF(S2:S6,">0")=0,COUNTIF(S2:S6,">0")=3)),$G$7-$AQ$1,IF(AND($F7=R$1,$G7=S$1,OR(COUNTIF(S2:S6,">0")=1,COUNTIF(S2:S6,">0")=2)),$G$7+$AQ$1,0)) -> 0 | T7: =IF(AND($F7=T$1,$G7=U$1,COUNTIF(T2:T6,">0")<=1),$F$7-$AQ$1,IF(AND($F7=T$1,$G7=U$1,COUNTIF(T2:T6,">0")>1),$F$7+$AQ$1,0)) -> 0 | U7: =IF(AND($F7=T$1,$G7=U$1,OR(COUNTIF(U2:U6,">0")=0,COUNTIF(U2:U6,">0")=3)),$G$7-$AQ$1,IF(AND($F7=T$1,$G7=U$1,OR(COUNTIF(U2:U6,">0")=1,COUNTIF(U2:U6,">0")=2)),$G$7+$AQ$1,0)) -> 0 | V7: =IF(AND($F7=V$1,$G7=W$1,COUNTIF(V2:V6,">0")<=1),$F$7-$AQ$1,IF(AND($F7=V$1,$G7=W$1,COUNTIF(V2:V6,">0")>1),$F$7+$AQ$1,0)) -> 0 | W7: =IF(AND($F7=V$1,$G7=W$1,OR(COUNTIF(W2:W6,">0")=0,COUNTIF(W2:W6,">0")=3)),$G$7-$AQ$1,IF(AND($F7=V$1,$G7=W$1,OR(COUNTIF(W2:W6,">0")=1,COUNTIF(W2:W6,">0")=2)),$G$7+$AQ$1,0)) -> 0 | X7: =IF(AND($F7=X$1,$G7=Y$1,COUNTIF(X2:X6,">0")<=1),$F$7-$AQ$1,IF(AND($F7=X$1,$G7=Y$1,COUNTIF(X2:X6,">0")>1),$F$7+$AQ$1,0)) -> 0 | Y7: =IF(AND($F7=X$1,$G7=Y$1,OR(COUNTIF(Y2:Y6,">0")=0,COUNTIF(Y2:Y6,">0")=3)),$G$7-$AQ$1,IF(AND($F7=X$1,$G7=Y$1,OR(COUNTIF(Y2:Y6,">0")=1,COUNTIF(Y2:Y6,">0")=2)),$G$7+$AQ$1,0)) -> 0 | Z7: =IF(AND($F7=Z$1,$G7=AA$1,COUNTIF(Z2:Z6,">0")<=1),$F$7-$AQ$1,IF(AND($F7=Z$1,$G7=AA$1,COUNTIF(Z2:Z6,">0")>1),$F$7+$AQ$1,0)) -> 0 | AA7: =IF(AND($F7=Z$1,$G7=AA$1,OR(COUNTIF(AA2:AA6,">0")=0,COUNTIF(AA2:AA6,">0")=3)),$G$7-$AQ$1,IF(AND($F7=Z$1,$G7=AA$1,OR(COUNTIF(AA2:AA6,">0")=1,COUNTIF(AA2:AA6,">0")=2)),$G$7+$AQ$1,0)) -> 0 | AB7: =IF(AND($F7=AB$1,$G7=AC$1,COUNTIF(AB2:AB6,">0")<=1),$F$7-$AQ$1,IF(AND($F7=AB$1,$G7=AC$1,COUNTIF(AB2:AB6,">0")>1),$F$7+$AQ$1,0)) -> 0 | AC7: =IF(AND($F7=AB$1,$G7=AC$1,OR(COUNTIF(AC2:AC6,">0")=0,COUNTIF(AC2:AC6,">0")=3)),$G$7-$AQ$1,IF(AND($F7=AB$1,$G7=AC$1,OR(COUNTIF(AC2:AC6,">0")=1,COUNTIF(AC2:AC6,">0")=2)),$G$7+$AQ$1,0)) -> 0 | AD7: =IF(AND($F7=AD$1,$G7=AE$1,COUNTIF(AD2:AD6,">0")<=1),$F$7-$AQ$1,IF(AND($F7=AD$1,$G7=AE$1,COUNTIF(AD2:AD6,">0")>1),$F$7+$AQ$1,0)) -> 0 | AE7: =IF(AND($F7=AD$1,$G7=AE$1,OR(COUNTIF(AE2:AE6,">0")=0,COUNTIF(AE2:AE6,">0")=3)),$G$7-$AQ$1,IF(AND($F7=AD$1,$G7=AE$1,OR(COUNTIF(AE2:AE6,">0")=1,COUNTIF(AE2:AE6,">0")=2)),$G$7+$AQ$1,0)) -> 0 | AF7: =IF(AND($F7=AF$1,$G7=AG$1,COUNTIF(AF2:AF6,">0")<=1),$F$7-$AQ$1,IF(AND($F7=AF$1,$G7=AG$1,COUNTIF(AF2:AF6,">0")>1),$F$7+$AQ$1,0)) -> 0 | AG7: =IF(AND($F7=AF$1,$G7=AG$1,OR(COUNTIF(AG2:AG6,">0")=0,COUNTIF(AG2:AG6,">0")=3)),$G$7-$AQ$1,IF(AND($F7=AF$1,$G7=AG$1,OR(COUNTIF(AG2:AG6,">0")=1,COUNTIF(AG2:AG6,">0")=2)),$G$7+$AQ$1,0)) -> 0 | AH7: =IF(AND($F7=AH$1,$G7=AI$1,COUNTIF(AH2:AH6,">0")<=1),$F$7-$AQ$1,IF(AND($F7=AH$1,$G7=AI$1,COUNTIF(AH2:AH6,">0")>1),$F$7+$AQ$1,0)) -> 0 | AI7: =IF(AND($F7=AH$1,$G7=AI$1,OR(COUNTIF(AI2:AI6,">0")=0,COUNTIF(AI2:AI6,">0")=3)),$G$7-$AQ$1,IF(AND($F7=AH$1,$G7=AI$1,OR(COUNTIF(AI2:AI6,">0")=1,COUNTIF(AI2:AI6,">0")=2)),$G$7+$AQ$1,0)) -> 0 | AJ7: =IF(AND($F7=AJ$1,$G7=AK$1,COUNTIF(AJ2:AJ6,">0")<=1),$F$7-$AQ$1,IF(AND($F7=AJ$1,$G7=AK$1,COUNTIF(AJ2:AJ6,">0")>1),$F$7+$AQ$1,0)) -> 0 | AK7: =IF(AND($F7=AJ$1,$G7=AK$1,OR(COUNTIF(AK2:AK6,">0")=0,COUNTIF(AK2:AK6,">0")=3)),$G$7-$AQ$1,IF(AND($F7=AJ$1,$G7=AK$1,OR(COUNTIF(AK2:AK6,">0")=1,COUNTIF(AK2:AK6,">0")=2)),$G$7+$AQ$1,0)) -> 0 | AL7: =IF(AND($F7=AL$1,$G7=AM$1,COUNTIF(AL2:AL6,">0")<=1),$F$7-$AQ$1,IF(AND($F7=AL$1,$G7=AM$1,COUNTIF(AL2:AL6,">0")>1),$F$7+$AQ$1,0)) -> 0 | AM7: =IF(AND($F7=AL$1,$G7=AM$1,OR(COUNTIF(AM2:AM6,">0")=0,COUNTIF(AM2:AM6,">0")=3)),$G$7-$AQ$1,IF(AND($F7=AL$1,$G7=AM$1,OR(COUNTIF(AM2:AM6,">0")=1,COUNTIF(AM2:AM6,">0")=2)),$G$7+$AQ$1,0)) -> 0 | AN7: =SUM(I7,K7,M7,O7,Q7,S7,U7,W7,Y7,AA7,AC7,AE7,AG7,AI7,AK7,AM7) -> 0 | AO7: =SUM(H7,J7,L7,N7,P7,R7,T7,V7,X7,Z7,AB7,AD7,AF7,AH7,AJ7,AL7) -> 0 | AP7: =IF(Projektspørgsmål!$CZ$28="","",Projektspørgsmål!$CZ$28) -> Inspiration og hjælp
C8: =IF(Projektspørgsmål!$DM$30=Projektspørgsmål!$IO$33,TRUE,FALSE) -> FALSE | D8: =IF(C8=TRUE,MAX(D2:D7)+1,0) -> 0 | E8: =Projektspørgsmål!DX2 -> Forbindelser | F8: =Projektspørgsmål!JA7 -> 0 | G8: =Projektspørgsmål!JA11 -> 0 | H8: =IF(AND($F8=H$1,$G8=I$1,COUNTIF(H2:H7,">0")<=1),$F$8-$AQ$1,IF(AND($F8=H$1,$G8=I$1,COUNTIF(H2:H7,">0")>1),$F$8+$AQ$1,0)) -> 0 | I8: =IF(AND($F8=H$1,$G8=I$1,OR(COUNTIF(I2:I7,">0")=0,COUNTIF(I2:I7,">0")=3)),$G$8-$AQ$1,IF(AND($F8=H$1,$G8=I$1,OR(COUNTIF(I2:I7,">0")=1,COUNTIF(I2:I7,">0")=2)),$G$8+$AQ$1,0)) -> 0 | J8: =IF(AND($F8=J$1,$G8=K$1,COUNTIF(J2:J7,">0")<=1),$F$8-$AQ$1,IF(AND($F8=J$1,$G8=K$1,COUNTIF(J2:J7,">0")>1),$F$8+$AQ$1,0)) -> 0 | K8: =IF(AND($F8=J$1,$G8=K$1,OR(COUNTIF(K2:K7,">0")=0,COUNTIF(K2:K7,">0")=3)),$G$8-$AQ$1,IF(AND($F8=J$1,$G8=K$1,OR(COUNTIF(K2:K7,">0")=1,COUNTIF(K2:K7,">0")=2)),$G$8+$AQ$1,0)) -> 0 | L8: =IF(AND($F8=L$1,$G8=M$1,COUNTIF(L2:L7,">0")<=1),$F$8-$AQ$1,IF(AND($F8=L$1,$G8=M$1,COUNTIF(L2:L7,">0")>1),$F$8+$AQ$1,0)) -> 0 | M8: =IF(AND($F8=L$1,$G8=M$1,OR(COUNTIF(M2:M7,">0")=0,COUNTIF(M2:M7,">0")=3)),$G$8-$AQ$1,IF(AND($F8=L$1,$G8=M$1,OR(COUNTIF(M2:M7,">0")=1,COUNTIF(M2:M7,">0")=2)),$G$8+$AQ$1,0)) -> 0 | N8: =IF(AND($F8=N$1,$G8=O$1,COUNTIF(N2:N7,">0")<=1),$F$8-$AQ$1,IF(AND($F8=N$1,$G8=O$1,COUNTIF(N2:N7,">0")>1),$F$8+$AQ$1,0)) -> 0 | O8: =IF(AND($F8=N$1,$G8=O$1,OR(COUNTIF(O2:O7,">0")=0,COUNTIF(O2:O7,">0")=3)),$G$8-$AQ$1,IF(AND($F8=N$1,$G8=O$1,OR(COUNTIF(O2:O7,">0")=1,COUNTIF(O2:O7,">0")=2)),$G$8+$AQ$1,0)) -> 0 | P8: =IF(AND($F8=P$1,$G8=Q$1,COUNTIF(P2:P7,">0")<=1),$F$8-$AQ$1,IF(AND($F8=P$1,$G8=Q$1,COUNTIF(P2:P7,">0")>1),$F$8+$AQ$1,0)) -> 0 | Q8: =IF(AND($F8=P$1,$G8=Q$1,OR(COUNTIF(Q2:Q7,">0")=0,COUNTIF(Q2:Q7,">0")=3)),$G$8-$AQ$1,IF(AND($F8=P$1,$G8=Q$1,OR(COUNTIF(Q2:Q7,">0")=1,COUNTIF(Q2:Q7,">0")=2)),$G$8+$AQ$1,0)) -> 0 | R8: =IF(AND($F8=R$1,$G8=S$1,COUNTIF(R2:R7,">0")<=1),$F$8-$AQ$1,IF(AND($F8=R$1,$G8=S$1,COUNTIF(R2:R7,">0")>1),$F$8+$AQ$1,0)) -> 0 | S8: =IF(AND($F8=R$1,$G8=S$1,OR(COUNTIF(S2:S7,">0")=0,COUNTIF(S2:S7,">0")=3)),$G$8-$AQ$1,IF(AND($F8=R$1,$G8=S$1,OR(COUNTIF(S2:S7,">0")=1,COUNTIF(S2:S7,">0")=2)),$G$8+$AQ$1,0)) -> 0 | T8: =IF(AND($F8=T$1,$G8=U$1,COUNTIF(T2:T7,">0")<=1),$F$8-$AQ$1,IF(AND($F8=T$1,$G8=U$1,COUNTIF(T2:T7,">0")>1),$F$8+$AQ$1,0)) -> 0 | U8: =IF(AND($F8=T$1,$G8=U$1,OR(COUNTIF(U2:U7,">0")=0,COUNTIF(U2:U7,">0")=3)),$G$8-$AQ$1,IF(AND($F8=T$1,$G8=U$1,OR(COUNTIF(U2:U7,">0")=1,COUNTIF(U2:U7,">0")=2)),$G$8+$AQ$1,0)) -> 0 | V8: =IF(AND($F8=V$1,$G8=W$1,COUNTIF(V2:V7,">0")<=1),$F$8-$AQ$1,IF(AND($F8=V$1,$G8=W$1,COUNTIF(V2:V7,">0")>1),$F$8+$AQ$1,0)) -> 0 | W8: =IF(AND($F8=V$1,$G8=W$1,OR(COUNTIF(W2:W7,">0")=0,COUNTIF(W2:W7,">0")=3)),$G$8-$AQ$1,IF(AND($F8=V$1,$G8=W$1,OR(COUNTIF(W2:W7,">0")=1,COUNTIF(W2:W7,">0")=2)),$G$8+$AQ$1,0)) -> 0 | X8: =IF(AND($F8=X$1,$G8=Y$1,COUNTIF(X2:X7,">0")<=1),$F$8-$AQ$1,IF(AND($F8=X$1,$G8=Y$1,COUNTIF(X2:X7,">0")>1),$F$8+$AQ$1,0)) -> 0 | Y8: =IF(AND($F8=X$1,$G8=Y$1,OR(COUNTIF(Y2:Y7,">0")=0,COUNTIF(Y2:Y7,">0")=3)),$G$8-$AQ$1,IF(AND($F8=X$1,$G8=Y$1,OR(COUNTIF(Y2:Y7,">0")=1,COUNTIF(Y2:Y7,">0")=2)),$G$8+$AQ$1,0)) -> 0 | Z8: =IF(AND($F8=Z$1,$G8=AA$1,COUNTIF(Z2:Z7,">0")<=1),$F$8-$AQ$1,IF(AND($F8=Z$1,$G8=AA$1,COUNTIF(Z2:Z7,">0")>1),$F$8+$AQ$1,0)) -> 0 | AA8: =IF(AND($F8=Z$1,$G8=AA$1,OR(COUNTIF(AA2:AA7,">0")=0,COUNTIF(AA2:AA7,">0")=3)),$G$8-$AQ$1,IF(AND($F8=Z$1,$G8=AA$1,OR(COUNTIF(AA2:AA7,">0")=1,COUNTIF(AA2:AA7,">0")=2)),$G$8+$AQ$1,0)) -> 0 | AB8: =IF(AND($F8=AB$1,$G8=AC$1,COUNTIF(AB2:AB7,">0")<=1),$F$8-$AQ$1,IF(AND($F8=AB$1,$G8=AC$1,COUNTIF(AB2:AB7,">0")>1),$F$8+$AQ$1,0)) -> 0 | AC8: =IF(AND($F8=AB$1,$G8=AC$1,OR(COUNTIF(AC2:AC7,">0")=0,COUNTIF(AC2:AC7,">0")=3)),$G$8-$AQ$1,IF(AND($F8=AB$1,$G8=AC$1,OR(COUNTIF(AC2:AC7,">0")=1,COUNTIF(AC2:AC7,">0")=2)),$G$8+$AQ$1,0)) -> 0 | AD8: =IF(AND($F8=AD$1,$G8=AE$1,COUNTIF(AD2:AD7,">0")<=1),$F$8-$AQ$1,IF(AND($F8=AD$1,$G8=AE$1,COUNTIF(AD2:AD7,">0")>1),$F$8+$AQ$1,0)) -> 0 | AE8: =IF(AND($F8=AD$1,$G8=AE$1,OR(COUNTIF(AE2:AE7,">0")=0,COUNTIF(AE2:AE7,">0")=3)),$G$8-$AQ$1,IF(AND($F8=AD$1,$G8=AE$1,OR(COUNTIF(AE2:AE7,">0")=1,COUNTIF(AE2:AE7,">0")=2)),$G$8+$AQ$1,0)) -> 0 | AF8: =IF(AND($F8=AF$1,$G8=AG$1,COUNTIF(AF2:AF7,">0")<=1),$F$8-$AQ$1,IF(AND($F8=AF$1,$G8=AG$1,COUNTIF(AF2:AF7,">0")>1),$F$8+$AQ$1,0)) -> 0 | AG8: =IF(AND($F8=AF$1,$G8=AG$1,OR(COUNTIF(AG2:AG7,">0")=0,COUNTIF(AG2:AG7,">0")=3)),$G$8-$AQ$1,IF(AND($F8=AF$1,$G8=AG$1,OR(COUNTIF(AG2:AG7,">0")=1,COUNTIF(AG2:AG7,">0")=2)),$G$8+$AQ$1,0)) -> 0 | AH8: =IF(AND($F8=AH$1,$G8=AI$1,COUNTIF(AH2:AH7,">0")<=1),$F$8-$AQ$1,IF(AND($F8=AH$1,$G8=AI$1,COUNTIF(AH2:AH7,">0")>1),$F$8+$AQ$1,0)) -> 0 | AI8: =IF(AND($F8=AH$1,$G8=AI$1,OR(COUNTIF(AI2:AI7,">0")=0,COUNTIF(AI2:AI7,">0")=3)),$G$8-$AQ$1,IF(AND($F8=AH$1,$G8=AI$1,OR(COUNTIF(AI2:AI7,">0")=1,COUNTIF(AI2:AI7,">0")=2)),$G$8+$AQ$1,0)) -> 0 | AJ8: =IF(AND($F8=AJ$1,$G8=AK$1,COUNTIF(AJ2:AJ7,">0")<=1),$F$8-$AQ$1,IF(AND($F8=AJ$1,$G8=AK$1,COUNTIF(AJ2:AJ7,">0")>1),$F$8+$AQ$1,0)) -> 0 | AK8: =IF(AND($F8=AJ$1,$G8=AK$1,OR(COUNTIF(AK2:AK7,">0")=0,COUNTIF(AK2:AK7,">0")=3)),$G$8-$AQ$1,IF(AND($F8=AJ$1,$G8=AK$1,OR(COUNTIF(AK2:AK7,">0")=1,COUNTIF(AK2:AK7,">0")=2)),$G$8+$AQ$1,0)) -> 0 | AL8: =IF(AND($F8=AL$1,$G8=AM$1,COUNTIF(AL2:AL7,">0")<=1),$F$8-$AQ$1,IF(AND($F8=AL$1,$G8=AM$1,COUNTIF(AL2:AL7,">0")>1),$F$8+$AQ$1,0)) -> 0 | AM8: =IF(AND($F8=AL$1,$G8=AM$1,OR(COUNTIF(AM2:AM7,">0")=0,COUNTIF(AM2:AM7,">0")=3)),$G$8-$AQ$1,IF(AND($F8=AL$1,$G8=AM$1,OR(COUNTIF(AM2:AM7,">0")=1,COUNTIF(AM2:AM7,">0")=2)),$G$8+$AQ$1,0)) -> 0 | AN8: =SUM(I8,K8,M8,O8,Q8,S8,U8,W8,Y8,AA8,AC8,AE8,AG8,AI8,AK8,AM8) -> 0 | AO8: =SUM(H8,J8,L8,N8,P8,R8,T8,V8,X8,Z8,AB8,AD8,AF8,AH8,AJ8,AL8) -> 0 | AP8: =IF(Projektspørgsmål!$DM$27="","",Projektspørgsmål!$DM$27)
C9: =IF(Projektspørgsmål!$DZ$30=Projektspørgsmål!$IO$33,TRUE,FALSE) -> FALSE | D9: =IF(C9=TRUE,MAX(D2:D8)+1,0) -> 0 | E9: =Projektspørgsmål!EK2 -> Cykelservice | F9: =Projektspørgsmål!JC7 -> 0 | G9: =Projektspørgsmål!JC11 -> 0 | H9: =IF(AND($F9=H$1,$G9=I$1,COUNTIF(H2:H8,">0")<=1),$F$9-$AQ$1,IF(AND($F9=H$1,$G9=I$1,COUNTIF(H2:H8,">0")>1),$F$9+$AQ$1,0)) -> 0 | I9: =IF(AND($F9=H$1,$G9=I$1,OR(COUNTIF(I2:I8,">0")=0,COUNTIF(I2:I8,">0")=3)),$G$9-$AQ$1,IF(AND($F9=H$1,$G9=I$1,OR(COUNTIF(I2:I8,">0")=1,COUNTIF(I2:I8,">0")=2)),$G$9+$AQ$1,0)) -> 0 | J9: =IF(AND($F9=J$1,$G9=K$1,COUNTIF(J2:J8,">0")<=1),$F$9-$AQ$1,IF(AND($F9=J$1,$G9=K$1,COUNTIF(J2:J8,">0")>1),$F$9+$AQ$1,0)) -> 0 | K9: =IF(AND($F9=J$1,$G9=K$1,OR(COUNTIF(K2:K8,">0")=0,COUNTIF(K2:K8,">0")=3)),$G$9-$AQ$1,IF(AND($F9=J$1,$G9=K$1,OR(COUNTIF(K2:K8,">0")=1,COUNTIF(K2:K8,">0")=2)),$G$9+$AQ$1,0)) -> 0 | L9: =IF(AND($F9=L$1,$G9=M$1,COUNTIF(L2:L8,">0")<=1),$F$9-$AQ$1,IF(AND($F9=L$1,$G9=M$1,COUNTIF(L2:L8,">0")>1),$F$9+$AQ$1,0)) -> 0 | M9: =IF(AND($F9=L$1,$G9=M$1,OR(COUNTIF(M2:M8,">0")=0,COUNTIF(M2:M8,">0")=3)),$G$9-$AQ$1,IF(AND($F9=L$1,$G9=M$1,OR(COUNTIF(M2:M8,">0")=1,COUNTIF(M2:M8,">0")=2)),$G$9+$AQ$1,0)) -> 0 | N9: =IF(AND($F9=N$1,$G9=O$1,COUNTIF(N2:N8,">0")<=1),$F$9-$AQ$1,IF(AND($F9=N$1,$G9=O$1,COUNTIF(N2:N8,">0")>1),$F$9+$AQ$1,0)) -> 0 | O9: =IF(AND($F9=N$1,$G9=O$1,OR(COUNTIF(O2:O8,">0")=0,COUNTIF(O2:O8,">0")=3)),$G$9-$AQ$1,IF(AND($F9=N$1,$G9=O$1,OR(COUNTIF(O2:O8,">0")=1,COUNTIF(O2:O8,">0")=2)),$G$9+$AQ$1,0)) -> 0 | P9: =IF(AND($F9=P$1,$G9=Q$1,COUNTIF(P2:P8,">0")<=1),$F$9-$AQ$1,IF(AND($F9=P$1,$G9=Q$1,COUNTIF(P2:P8,">0")>1),$F$9+$AQ$1,0)) -> 0 | Q9: =IF(AND($F9=P$1,$G9=Q$1,OR(COUNTIF(Q2:Q8,">0")=0,COUNTIF(Q2:Q8,">0")=3)),$G$9-$AQ$1,IF(AND($F9=P$1,$G9=Q$1,OR(COUNTIF(Q2:Q8,">0")=1,COUNTIF(Q2:Q8,">0")=2)),$G$9+$AQ$1,0)) -> 0 | R9: =IF(AND($F9=R$1,$G9=S$1,COUNTIF(R2:R8,">0")<=1),$F$9-$AQ$1,IF(AND($F9=R$1,$G9=S$1,COUNTIF(R2:R8,">0")>1),$F$9+$AQ$1,0)) -> 0 | S9: =IF(AND($F9=R$1,$G9=S$1,OR(COUNTIF(S2:S8,">0")=0,COUNTIF(S2:S8,">0")=3)),$G$9-$AQ$1,IF(AND($F9=R$1,$G9=S$1,OR(COUNTIF(S2:S8,">0")=1,COUNTIF(S2:S8,">0")=2)),$G$9+$AQ$1,0)) -> 0 | T9: =IF(AND($F9=T$1,$G9=U$1,COUNTIF(T2:T8,">0")<=1),$F$9-$AQ$1,IF(AND($F9=T$1,$G9=U$1,COUNTIF(T2:T8,">0")>1),$F$9+$AQ$1,0)) -> 0 | U9: =IF(AND($F9=T$1,$G9=U$1,OR(COUNTIF(U2:U8,">0")=0,COUNTIF(U2:U8,">0")=3)),$G$9-$AQ$1,IF(AND($F9=T$1,$G9=U$1,OR(COUNTIF(U2:U8,">0")=1,COUNTIF(U2:U8,">0")=2)),$G$9+$AQ$1,0)) -> 0 | V9: =IF(AND($F9=V$1,$G9=W$1,COUNTIF(V2:V8,">0")<=1),$F$9-$AQ$1,IF(AND($F9=V$1,$G9=W$1,COUNTIF(V2:V8,">0")>1),$F$9+$AQ$1,0)) -> 0 | W9: =IF(AND($F9=V$1,$G9=W$1,OR(COUNTIF(W2:W8,">0")=0,COUNTIF(W2:W8,">0")=3)),$G$9-$AQ$1,IF(AND($F9=V$1,$G9=W$1,OR(COUNTIF(W2:W8,">0")=1,COUNTIF(W2:W8,">0")=2)),$G$9+$AQ$1,0)) -> 0 | X9: =IF(AND($F9=X$1,$G9=Y$1,COUNTIF(X2:X8,">0")<=1),$F$9-$AQ$1,IF(AND($F9=X$1,$G9=Y$1,COUNTIF(X2:X8,">0")>1),$F$9+$AQ$1,0)) -> 0 | Y9: =IF(AND($F9=X$1,$G9=Y$1,OR(COUNTIF(Y2:Y8,">0")=0,COUNTIF(Y2:Y8,">0")=3)),$G$9-$AQ$1,IF(AND($F9=X$1,$G9=Y$1,OR(COUNTIF(Y2:Y8,">0")=1,COUNTIF(Y2:Y8,">0")=2)),$G$9+$AQ$1,0)) -> 0 | Z9: =IF(AND($F9=Z$1,$G9=AA$1,COUNTIF(Z2:Z8,">0")<=1),$F$9-$AQ$1,IF(AND($F9=Z$1,$G9=AA$1,COUNTIF(Z2:Z8,">0")>1),$F$9+$AQ$1,0)) -> 0 | AA9: =IF(AND($F9=Z$1,$G9=AA$1,OR(COUNTIF(AA2:AA8,">0")=0,COUNTIF(AA2:AA8,">0")=3)),$G$9-$AQ$1,IF(AND($F9=Z$1,$G9=AA$1,OR(COUNTIF(AA2:AA8,">0")=1,COUNTIF(AA2:AA8,">0")=2)),$G$9+$AQ$1,0)) -> 0 | AB9: =IF(AND($F9=AB$1,$G9=AC$1,COUNTIF(AB2:AB8,">0")<=1),$F$9-$AQ$1,IF(AND($F9=AB$1,$G9=AC$1,COUNTIF(AB2:AB8,">0")>1),$F$9+$AQ$1,0)) -> 0 | AC9: =IF(AND($F9=AB$1,$G9=AC$1,OR(COUNTIF(AC2:AC8,">0")=0,COUNTIF(AC2:AC8,">0")=3)),$G$9-$AQ$1,IF(AND($F9=AB$1,$G9=AC$1,OR(COUNTIF(AC2:AC8,">0")=1,COUNTIF(AC2:AC8,">0")=2)),$G$9+$AQ$1,0)) -> 0 | AD9: =IF(AND($F9=AD$1,$G9=AE$1,COUNTIF(AD2:AD8,">0")<=1),$F$9-$AQ$1,IF(AND($F9=AD$1,$G9=AE$1,COUNTIF(AD2:AD8,">0")>1),$F$9+$AQ$1,0)) -> 0 | AE9: =IF(AND($F9=AD$1,$G9=AE$1,OR(COUNTIF(AE2:AE8,">0")=0,COUNTIF(AE2:AE8,">0")=3)),$G$9-$AQ$1,IF(AND($F9=AD$1,$G9=AE$1,OR(COUNTIF(AE2:AE8,">0")=1,COUNTIF(AE2:AE8,">0")=2)),$G$9+$AQ$1,0)) -> 0 | AF9: =IF(AND($F9=AF$1,$G9=AG$1,COUNTIF(AF2:AF8,">0")<=1),$F$9-$AQ$1,IF(AND($F9=AF$1,$G9=AG$1,COUNTIF(AF2:AF8,">0")>1),$F$9+$AQ$1,0)) -> 0 | AG9: =IF(AND($F9=AF$1,$G9=AG$1,OR(COUNTIF(AG2:AG8,">0")=0,COUNTIF(AG2:AG8,">0")=3)),$G$9-$AQ$1,IF(AND($F9=AF$1,$G9=AG$1,OR(COUNTIF(AG2:AG8,">0")=1,COUNTIF(AG2:AG8,">0")=2)),$G$9+$AQ$1,0)) -> 0 | AH9: =IF(AND($F9=AH$1,$G9=AI$1,COUNTIF(AH2:AH8,">0")<=1),$F$9-$AQ$1,IF(AND($F9=AH$1,$G9=AI$1,COUNTIF(AH2:AH8,">0")>1),$F$9+$AQ$1,0)) -> 0 | AI9: =IF(AND($F9=AH$1,$G9=AI$1,OR(COUNTIF(AI2:AI8,">0")=0,COUNTIF(AI2:AI8,">0")=3)),$G$9-$AQ$1,IF(AND($F9=AH$1,$G9=AI$1,OR(COUNTIF(AI2:AI8,">0")=1,COUNTIF(AI2:AI8,">0")=2)),$G$9+$AQ$1,0)) -> 0 | AJ9: =IF(AND($F9=AJ$1,$G9=AK$1,COUNTIF(AJ2:AJ8,">0")<=1),$F$9-$AQ$1,IF(AND($F9=AJ$1,$G9=AK$1,COUNTIF(AJ2:AJ8,">0")>1),$F$9+$AQ$1,0)) -> 0 | AK9: =IF(AND($F9=AJ$1,$G9=AK$1,OR(COUNTIF(AK2:AK8,">0")=0,COUNTIF(AK2:AK8,">0")=3)),$G$9-$AQ$1,IF(AND($F9=AJ$1,$G9=AK$1,OR(COUNTIF(AK2:AK8,">0")=1,COUNTIF(AK2:AK8,">0")=2)),$G$9+$AQ$1,0)) -> 0 | AL9: =IF(AND($F9=AL$1,$G9=AM$1,COUNTIF(AL2:AL8,">0")<=1),$F$9-$AQ$1,IF(AND($F9=AL$1,$G9=AM$1,COUNTIF(AL2:AL8,">0")>1),$F$9+$AQ$1,0)) -> 0 | AM9: =IF(AND($F9=AL$1,$G9=AM$1,OR(COUNTIF(AM2:AM8,">0")=0,COUNTIF(AM2:AM8,">0")=3)),$G$9-$AQ$1,IF(AND($F9=AL$1,$G9=AM$1,OR(COUNTIF(AM2:AM8,">0")=1,COUNTIF(AM2:AM8,">0")=2)),$G$9+$AQ$1,0)) -> 0 | AN9: =SUM(I9,K9,M9,O9,Q9,S9,U9,W9,Y9,AA9,AC9,AE9,AG9,AI9,AK9,AM9) -> 0 | AO9: =SUM(H9,J9,L9,N9,P9,R9,T9,V9,X9,Z9,AB9,AD9,AF9,AH9,AJ9,AL9) -> 0 | AP9: =IF(Projektspørgsmål!$DZ$27="","",Projektspørgsmål!$DZ$27)
C10: =IF(Projektspørgsmål!$EM$30=Projektspørgsmål!$IO$33,TRUE,FALSE) -> FALSE | D10: =IF(C10=TRUE,MAX(D2:D9)+1,0) -> 0 | E10: =Projektspørgsmål!EX2 -> Parkeringsanlæg | F10: =Projektspørgsmål!JE7 -> 0 | G10: =Projektspørgsmål!JE11 -> 0 | H10: =IF(AND($F10=H$1,$G10=I$1,COUNTIF(H2:H9,">0")<=1),$F$10-$AQ$1,IF(AND($F10=H$1,$G10=I$1,COUNTIF(H2:H9,">0")>1),$F$10+$AQ$1,0)) -> 0 | I10: =IF(AND($F10=H$1,$G10=I$1,OR(COUNTIF(I2:I9,">0")=0,COUNTIF(I2:I9,">0")=3)),$G$10-$AQ$1,IF(AND($F10=H$1,$G10=I$1,OR(COUNTIF(I2:I9,">0")=1,COUNTIF(I2:I9,">0")=2)),$G$10+$AQ$1,0)) -> 0 | J10: =IF(AND($F10=J$1,$G10=K$1,COUNTIF(J2:J9,">0")<=1),$F$10-$AQ$1,IF(AND($F10=J$1,$G10=K$1,COUNTIF(J2:J9,">0")>1),$F$10+$AQ$1,0)) -> 0 | K10: =IF(AND($F10=J$1,$G10=K$1,OR(COUNTIF(K2:K9,">0")=0,COUNTIF(K2:K9,">0")=3)),$G$10-$AQ$1,IF(AND($F10=J$1,$G10=K$1,OR(COUNTIF(K2:K9,">0")=1,COUNTIF(K2:K9,">0")=2)),$G$10+$AQ$1,0)) -> 0 | L10: =IF(AND($F10=L$1,$G10=M$1,COUNTIF(L2:L9,">0")<=1),$F$10-$AQ$1,IF(AND($F10=L$1,$G10=M$1,COUNTIF(L2:L9,">0")>1),$F$10+$AQ$1,0)) -> 0 | M10: =IF(AND($F10=L$1,$G10=M$1,OR(COUNTIF(M2:M9,">0")=0,COUNTIF(M2:M9,">0")=3)),$G$10-$AQ$1,IF(AND($F10=L$1,$G10=M$1,OR(COUNTIF(M2:M9,">0")=1,COUNTIF(M2:M9,">0")=2)),$G$10+$AQ$1,0)) -> 0 | N10: =IF(AND($F10=N$1,$G10=O$1,COUNTIF(N2:N9,">0")<=1),$F$10-$AQ$1,IF(AND($F10=N$1,$G10=O$1,COUNTIF(N2:N9,">0")>1),$F$10+$AQ$1,0)) -> 0 | O10: =IF(AND($F10=N$1,$G10=O$1,OR(COUNTIF(O2:O9,">0")=0,COUNTIF(O2:O9,">0")=3)),$G$10-$AQ$1,IF(AND($F10=N$1,$G10=O$1,OR(COUNTIF(O2:O9,">0")=1,COUNTIF(O2:O9,">0")=2)),$G$10+$AQ$1,0)) -> 0 | P10: =IF(AND($F10=P$1,$G10=Q$1,COUNTIF(P2:P9,">0")<=1),$F$10-$AQ$1,IF(AND($F10=P$1,$G10=Q$1,COUNTIF(P2:P9,">0")>1),$F$10+$AQ$1,0)) -> 0 | Q10: =IF(AND($F10=P$1,$G10=Q$1,OR(COUNTIF(Q2:Q9,">0")=0,COUNTIF(Q2:Q9,">0")=3)),$G$10-$AQ$1,IF(AND($F10=P$1,$G10=Q$1,OR(COUNTIF(Q2:Q9,">0")=1,COUNTIF(Q2:Q9,">0")=2)),$G$10+$AQ$1,0)) -> 0 | R10: =IF(AND($F10=R$1,$G10=S$1,COUNTIF(R2:R9,">0")<=1),$F$10-$AQ$1,IF(AND($F10=R$1,$G10=S$1,COUNTIF(R2:R9,">0")>1),$F$10+$AQ$1,0)) -> 0 | S10: =IF(AND($F10=R$1,$G10=S$1,OR(COUNTIF(S2:S9,">0")=0,COUNTIF(S2:S9,">0")=3)),$G$10-$AQ$1,IF(AND($F10=R$1,$G10=S$1,OR(COUNTIF(S2:S9,">0")=1,COUNTIF(S2:S9,">0")=2)),$G$10+$AQ$1,0)) -> 0 | T10: =IF(AND($F10=T$1,$G10=U$1,COUNTIF(T2:T9,">0")<=1),$F$10-$AQ$1,IF(AND($F10=T$1,$G10=U$1,COUNTIF(T2:T9,">0")>1),$F$10+$AQ$1,0)) -> 0 | U10: =IF(AND($F10=T$1,$G10=U$1,OR(COUNTIF(U2:U9,">0")=0,COUNTIF(U2:U9,">0")=3)),$G$10-$AQ$1,IF(AND($F10=T$1,$G10=U$1,OR(COUNTIF(U2:U9,">0")=1,COUNTIF(U2:U9,">0")=2)),$G$10+$AQ$1,0)) -> 0 | V10: =IF(AND($F10=V$1,$G10=W$1,COUNTIF(V2:V9,">0")<=1),$F$10-$AQ$1,IF(AND($F10=V$1,$G10=W$1,COUNTIF(V2:V9,">0")>1),$F$10+$AQ$1,0)) -> 0 | W10: =IF(AND($F10=V$1,$G10=W$1,OR(COUNTIF(W2:W9,">0")=0,COUNTIF(W2:W9,">0")=3)),$G$10-$AQ$1,IF(AND($F10=V$1,$G10=W$1,OR(COUNTIF(W2:W9,">0")=1,COUNTIF(W2:W9,">0")=2)),$G$10+$AQ$1,0)) -> 0 | X10: =IF(AND($F10=X$1,$G10=Y$1,COUNTIF(X2:X9,">0")<=1),$F$10-$AQ$1,IF(AND($F10=X$1,$G10=Y$1,COUNTIF(X2:X9,">0")>1),$F$10+$AQ$1,0)) -> 0 | Y10: =IF(AND($F10=X$1,$G10=Y$1,OR(COUNTIF(Y2:Y9,">0")=0,COUNTIF(Y2:Y9,">0")=3)),$G$10-$AQ$1,IF(AND($F10=X$1,$G10=Y$1,OR(COUNTIF(Y2:Y9,">0")=1,COUNTIF(Y2:Y9,">0")=2)),$G$10+$AQ$1,0)) -> 0 | Z10: =IF(AND($F10=Z$1,$G10=AA$1,COUNTIF(Z2:Z9,">0")<=1),$F$10-$AQ$1,IF(AND($F10=Z$1,$G10=AA$1,COUNTIF(Z2:Z9,">0")>1),$F$10+$AQ$1,0)) -> 0 | AA10: =IF(AND($F10=Z$1,$G10=AA$1,OR(COUNTIF(AA2:AA9,">0")=0,COUNTIF(AA2:AA9,">0")=3)),$G$10-$AQ$1,IF(AND($F10=Z$1,$G10=AA$1,OR(COUNTIF(AA2:AA9,">0")=1,COUNTIF(AA2:AA9,">0")=2)),$G$10+$AQ$1,0)) -> 0 | AB10: =IF(AND($F10=AB$1,$G10=AC$1,COUNTIF(AB2:AB9,">0")<=1),$F$10-$AQ$1,IF(AND($F10=AB$1,$G10=AC$1,COUNTIF(AB2:AB9,">0")>1),$F$10+$AQ$1,0)) -> 0 | AC10: =IF(AND($F10=AB$1,$G10=AC$1,OR(COUNTIF(AC2:AC9,">0")=0,COUNTIF(AC2:AC9,">0")=3)),$G$10-$AQ$1,IF(AND($F10=AB$1,$G10=AC$1,OR(COUNTIF(AC2:AC9,">0")=1,COUNTIF(AC2:AC9,">0")=2)),$G$10+$AQ$1,0)) -> 0 | AD10: =IF(AND($F10=AD$1,$G10=AE$1,COUNTIF(AD2:AD9,">0")<=1),$F$10-$AQ$1,IF(AND($F10=AD$1,$G10=AE$1,COUNTIF(AD2:AD9,">0")>1),$F$10+$AQ$1,0)) -> 0 | AE10: =IF(AND($F10=AD$1,$G10=AE$1,OR(COUNTIF(AE2:AE9,">0")=0,COUNTIF(AE2:AE9,">0")=3)),$G$10-$AQ$1,IF(AND($F10=AD$1,$G10=AE$1,OR(COUNTIF(AE2:AE9,">0")=1,COUNTIF(AE2:AE9,">0")=2)),$G$10+$AQ$1,0)) -> 0 | AF10: =IF(AND($F10=AF$1,$G10=AG$1,COUNTIF(AF2:AF9,">0")<=1),$F$10-$AQ$1,IF(AND($F10=AF$1,$G10=AG$1,COUNTIF(AF2:AF9,">0")>1),$F$10+$AQ$1,0)) -> 0 | AG10: =IF(AND($F10=AF$1,$G10=AG$1,OR(COUNTIF(AG2:AG9,">0")=0,COUNTIF(AG2:AG9,">0")=3)),$G$10-$AQ$1,IF(AND($F10=AF$1,$G10=AG$1,OR(COUNTIF(AG2:AG9,">0")=1,COUNTIF(AG2:AG9,">0")=2)),$G$10+$AQ$1,0)) -> 0 | AH10: =IF(AND($F10=AH$1,$G10=AI$1,COUNTIF(AH2:AH9,">0")<=1),$F$10-$AQ$1,IF(AND($F10=AH$1,$G10=AI$1,COUNTIF(AH2:AH9,">0")>1),$F$10+$AQ$1,0)) -> 0 | AI10: =IF(AND($F10=AH$1,$G10=AI$1,OR(COUNTIF(AI2:AI9,">0")=0,COUNTIF(AI2:AI9,">0")=3)),$G$10-$AQ$1,IF(AND($F10=AH$1,$G10=AI$1,OR(COUNTIF(AI2:AI9,">0")=1,COUNTIF(AI2:AI9,">0")=2)),$G$10+$AQ$1,0)) -> 0 | AJ10: =IF(AND($F10=AJ$1,$G10=AK$1,COUNTIF(AJ2:AJ9,">0")<=1),$F$10-$AQ$1,IF(AND($F10=AJ$1,$G10=AK$1,COUNTIF(AJ2:AJ9,">0")>1),$F$10+$AQ$1,0)) -> 0 | AK10: =IF(AND($F10=AJ$1,$G10=AK$1,OR(COUNTIF(AK2:AK9,">0")=0,COUNTIF(AK2:AK9,">0")=3)),$G$10-$AQ$1,IF(AND($F10=AJ$1,$G10=AK$1,OR(COUNTIF(AK2:AK9,">0")=1,COUNTIF(AK2:AK9,">0")=2)),$G$10+$AQ$1,0)) -> 0 | AL10: =IF(AND($F10=AL$1,$G10=AM$1,COUNTIF(AL2:AL9,">0")<=1),$F$10-$AQ$1,IF(AND($F10=AL$1,$G10=AM$1,COUNTIF(AL2:AL9,">0")>1),$F$10+$AQ$1,0)) -> 0 | AM10: =IF(AND($F10=AL$1,$G10=AM$1,OR(COUNTIF(AM2:AM9,">0")=0,COUNTIF(AM2:AM9,">0")=3)),$G$10-$AQ$1,IF(AND($F10=AL$1,$G10=AM$1,OR(COUNTIF(AM2:AM9,">0")=1,COUNTIF(AM2:AM9,">0")=2)),$G$10+$AQ$1,0)) -> 0 | AN10: =SUM(I10,K10,M10,O10,Q10,S10,U10,W10,Y10,AA10,AC10,AE10,AG10,AI10,AK10,AM10) -> 0 | AO10: =SUM(H10,J10,L10,N10,P10,R10,T10,V10,X10,Z10,AB10,AD10,AF10,AH10,AJ10,AL10) -> 0 | AP10: =IF(Projektspørgsmål!$EM$27="","",Projektspørgsmål!$EM$27)
A11: Mobilitet | B11: =AVERAGE(F11:F14) -> 0 | C11: =IF(Projektspørgsmål!$EZ$30=Projektspørgsmål!$IO$33,TRUE,FALSE) -> FALSE | D11: =IF(C11=TRUE,MAX(D2:D10)+1,0) -> 0 | E11: =Projektspørgsmål!FK2 -> Transformation | F11: =Projektspørgsmål!JG7 -> 0 | G11: =Projektspørgsmål!JG11 -> 0 | H11: =IF(AND($F11=H$1,$G11=I$1,COUNTIF(H2:H10,">0")<=1),$F$11-$AQ$1,IF(AND($F11=H$1,$G11=I$1,COUNTIF(H2:H10,">0")>1),$F$11+$AQ$1,0)) -> 0 | I11: =IF(AND($F11=H$1,$G11=I$1,OR(COUNTIF(I2:I10,">0")=0,COUNTIF(I2:I10,">0")=3)),$G$11-$AQ$1,IF(AND($F11=H$1,$G11=I$1,OR(COUNTIF(I2:I10,">0")=1,COUNTIF(I2:I10,">0")=2)),$G$11+$AQ$1,0)) -> 0 | J11: =IF(AND($F11=J$1,$G11=K$1,COUNTIF(J2:J10,">0")<=1),$F$11-$AQ$1,IF(AND($F11=J$1,$G11=K$1,COUNTIF(J2:J10,">0")>1),$F$11+$AQ$1,0)) -> 0 | K11: =IF(AND($F11=J$1,$G11=K$1,OR(COUNTIF(K2:K10,">0")=0,COUNTIF(K2:K10,">0")=3)),$G$11-$AQ$1,IF(AND($F11=J$1,$G11=K$1,OR(COUNTIF(K2:K10,">0")=1,COUNTIF(K2:K10,">0")=2)),$G$11+$AQ$1,0)) -> 0 | L11: =IF(AND($F11=L$1,$G11=M$1,COUNTIF(L2:L10,">0")<=1),$F$11-$AQ$1,IF(AND($F11=L$1,$G11=M$1,COUNTIF(L2:L10,">0")>1),$F$11+$AQ$1,0)) -> 0 | M11: =IF(AND($F11=L$1,$G11=M$1,OR(COUNTIF(M2:M10,">0")=0,COUNTIF(M2:M10,">0")=3)),$G$11-$AQ$1,IF(AND($F11=L$1,$G11=M$1,OR(COUNTIF(M2:M10,">0")=1,COUNTIF(M2:M10,">0")=2)),$G$11+$AQ$1,0)) -> 0 | N11: =IF(AND($F11=N$1,$G11=O$1,COUNTIF(N2:N10,">0")<=1),$F$11-$AQ$1,IF(AND($F11=N$1,$G11=O$1,COUNTIF(N2:N10,">0")>1),$F$11+$AQ$1,0)) -> 0 | O11: =IF(AND($F11=N$1,$G11=O$1,OR(COUNTIF(O2:O10,">0")=0,COUNTIF(O2:O10,">0")=3)),$G$11-$AQ$1,IF(AND($F11=N$1,$G11=O$1,OR(COUNTIF(O2:O10,">0")=1,COUNTIF(O2:O10,">0")=2)),$G$11+$AQ$1,0)) -> 0 | P11: =IF(AND($F11=P$1,$G11=Q$1,COUNTIF(P2:P10,">0")<=1),$F$11-$AQ$1,IF(AND($F11=P$1,$G11=Q$1,COUNTIF(P2:P10,">0")>1),$F$11+$AQ$1,0)) -> 0 | Q11: =IF(AND($F11=P$1,$G11=Q$1,OR(COUNTIF(Q2:Q10,">0")=0,COUNTIF(Q2:Q10,">0")=3)),$G$11-$AQ$1,IF(AND($F11=P$1,$G11=Q$1,OR(COUNTIF(Q2:Q10,">0")=1,COUNTIF(Q2:Q10,">0")=2)),$G$11+$AQ$1,0)) -> 0 | R11: =IF(AND($F11=R$1,$G11=S$1,COUNTIF(R2:R10,">0")<=1),$F$11-$AQ$1,IF(AND($F11=R$1,$G11=S$1,COUNTIF(R2:R10,">0")>1),$F$11+$AQ$1,0)) -> 0 | S11: =IF(AND($F11=R$1,$G11=S$1,OR(COUNTIF(S2:S10,">0")=0,COUNTIF(S2:S10,">0")=3)),$G$11-$AQ$1,IF(AND($F11=R$1,$G11=S$1,OR(COUNTIF(S2:S10,">0")=1,COUNTIF(S2:S10,">0")=2)),$G$11+$AQ$1,0)) -> 0 | T11: =IF(AND($F11=T$1,$G11=U$1,COUNTIF(T2:T10,">0")<=1),$F$11-$AQ$1,IF(AND($F11=T$1,$G11=U$1,COUNTIF(T2:T10,">0")>1),$F$11+$AQ$1,0)) -> 0 | U11: =IF(AND($F11=T$1,$G11=U$1,OR(COUNTIF(U2:U10,">0")=0,COUNTIF(U2:U10,">0")=3)),$G$11-$AQ$1,IF(AND($F11=T$1,$G11=U$1,OR(COUNTIF(U2:U10,">0")=1,COUNTIF(U2:U10,">0")=2)),$G$11+$AQ$1,0)) -> 0 | V11: =IF(AND($F11=V$1,$G11=W$1,COUNTIF(V2:V10,">0")<=1),$F$11-$AQ$1,IF(AND($F11=V$1,$G11=W$1,COUNTIF(V2:V10,">0")>1),$F$11+$AQ$1,0)) -> 0 | W11: =IF(AND($F11=V$1,$G11=W$1,OR(COUNTIF(W2:W10,">0")=0,COUNTIF(W2:W10,">0")=3)),$G$11-$AQ$1,IF(AND($F11=V$1,$G11=W$1,OR(COUNTIF(W2:W10,">0")=1,COUNTIF(W2:W10,">0")=2)),$G$11+$AQ$1,0)) -> 0 | X11: =IF(AND($F11=X$1,$G11=Y$1,COUNTIF(X2:X10,">0")<=1),$F$11-$AQ$1,IF(AND($F11=X$1,$G11=Y$1,COUNTIF(X2:X10,">0")>1),$F$11+$AQ$1,0)) -> 0 | Y11: =IF(AND($F11=X$1,$G11=Y$1,OR(COUNTIF(Y2:Y10,">0")=0,COUNTIF(Y2:Y10,">0")=3)),$G$11-$AQ$1,IF(AND($F11=X$1,$G11=Y$1,OR(COUNTIF(Y2:Y10,">0")=1,COUNTIF(Y2:Y10,">0")=2)),$G$11+$AQ$1,0)) -> 0 | Z11: =IF(AND($F11=Z$1,$G11=AA$1,COUNTIF(Z2:Z10,">0")<=1),$F$11-$AQ$1,IF(AND($F11=Z$1,$G11=AA$1,COUNTIF(Z2:Z10,">0")>1),$F$11+$AQ$1,0)) -> 0 | AA11: =IF(AND($F11=Z$1,$G11=AA$1,OR(COUNTIF(AA2:AA10,">0")=0,COUNTIF(AA2:AA10,">0")=3)),$G$11-$AQ$1,IF(AND($F11=Z$1,$G11=AA$1,OR(COUNTIF(AA2:AA10,">0")=1,COUNTIF(AA2:AA10,">0")=2)),$G$11+$AQ$1,0)) -> 0 | AB11: =IF(AND($F11=AB$1,$G11=AC$1,COUNTIF(AB2:AB10,">0")<=1),$F$11-$AQ$1,IF(AND($F11=AB$1,$G11=AC$1,COUNTIF(AB2:AB10,">0")>1),$F$11+$AQ$1,0)) -> 0 | AC11: =IF(AND($F11=AB$1,$G11=AC$1,OR(COUNTIF(AC2:AC10,">0")=0,COUNTIF(AC2:AC10,">0")=3)),$G$11-$AQ$1,IF(AND($F11=AB$1,$G11=AC$1,OR(COUNTIF(AC2:AC10,">0")=1,COUNTIF(AC2:AC10,">0")=2)),$G$11+$AQ$1,0)) -> 0 | AD11: =IF(AND($F11=AD$1,$G11=AE$1,COUNTIF(AD2:AD10,">0")<=1),$F$11-$AQ$1,IF(AND($F11=AD$1,$G11=AE$1,COUNTIF(AD2:AD10,">0")>1),$F$11+$AQ$1,0)) -> 0 | AE11: =IF(AND($F11=AD$1,$G11=AE$1,OR(COUNTIF(AE2:AE10,">0")=0,COUNTIF(AE2:AE10,">0")=3)),$G$11-$AQ$1,IF(AND($F11=AD$1,$G11=AE$1,OR(COUNTIF(AE2:AE10,">0")=1,COUNTIF(AE2:AE10,">0")=2)),$G$11+$AQ$1,0)) -> 0 | AF11: =IF(AND($F11=AF$1,$G11=AG$1,COUNTIF(AF2:AF10,">0")<=1),$F$11-$AQ$1,IF(AND($F11=AF$1,$G11=AG$1,COUNTIF(AF2:AF10,">0")>1),$F$11+$AQ$1,0)) -> 0 | AG11: =IF(AND($F11=AF$1,$G11=AG$1,OR(COUNTIF(AG2:AG10,">0")=0,COUNTIF(AG2:AG10,">0")=3)),$G$11-$AQ$1,IF(AND($F11=AF$1,$G11=AG$1,OR(COUNTIF(AG2:AG10,">0")=1,COUNTIF(AG2:AG10,">0")=2)),$G$11+$AQ$1,0)) -> 0 | AH11: =IF(AND($F11=AH$1,$G11=AI$1,COUNTIF(AH2:AH10,">0")<=1),$F$11-$AQ$1,IF(AND($F11=AH$1,$G11=AI$1,COUNTIF(AH2:AH10,">0")>1),$F$11+$AQ$1,0)) -> 0 | AI11: =IF(AND($F11=AH$1,$G11=AI$1,OR(COUNTIF(AI2:AI10,">0")=0,COUNTIF(AI2:AI10,">0")=3)),$G$11-$AQ$1,IF(AND($F11=AH$1,$G11=AI$1,OR(COUNTIF(AI2:AI10,">0")=1,COUNTIF(AI2:AI10,">0")=2)),$G$11+$AQ$1,0)) -> 0 | AJ11: =IF(AND($F11=AJ$1,$G11=AK$1,COUNTIF(AJ2:AJ10,">0")<=1),$F$11-$AQ$1,IF(AND($F11=AJ$1,$G11=AK$1,COUNTIF(AJ2:AJ10,">0")>1),$F$11+$AQ$1,0)) -> 0 | AK11: =IF(AND($F11=AJ$1,$G11=AK$1,OR(COUNTIF(AK2:AK10,">0")=0,COUNTIF(AK2:AK10,">0")=3)),$G$11-$AQ$1,IF(AND($F11=AJ$1,$G11=AK$1,OR(COUNTIF(AK2:AK10,">0")=1,COUNTIF(AK2:AK10,">0")=2)),$G$11+$AQ$1,0)) -> 0 | AL11: =IF(AND($F11=AL$1,$G11=AM$1,COUNTIF(AL2:AL10,">0")<=1),$F$11-$AQ$1,IF(AND($F11=AL$1,$G11=AM$1,COUNTIF(AL2:AL10,">0")>1),$F$11+$AQ$1,0)) -> 0 | AM11: =IF(AND($F11=AL$1,$G11=AM$1,OR(COUNTIF(AM2:AM10,">0")=0,COUNTIF(AM2:AM10,">0")=3)),$G$11-$AQ$1,IF(AND($F11=AL$1,$G11=AM$1,OR(COUNTIF(AM2:AM10,">0")=1,COUNTIF(AM2:AM10,">0")=2)),$G$11+$AQ$1,0)) -> 0 | AN11: =SUM(I11,K11,M11,O11,Q11,S11,U11,W11,Y11,AA11,AC11,AE11,AG11,AI11,AK11,AM11) -> 0 | AO11: =SUM(H11,J11,L11,N11,P11,R11,T11,V11,X11,Z11,AB11,AD11,AF11,AH11,AJ11,AL11) -> 0 | AP11: =IF(Projektspørgsmål!$EZ$27="","",Projektspørgsmål!$EZ$27)
C12: =IF(Projektspørgsmål!$FM$30=Projektspørgsmål!$IO$33,TRUE,FALSE) -> FALSE | D12: =IF(C12=TRUE,MAX(D2:D11)+1,0) -> 0 | E12: =Projektspørgsmål!FX2 -> Materialer og arkitektur | F12: =Projektspørgsmål!JI7 -> 0 | G12: =Projektspørgsmål!JI11 -> 0 | H12: =IF(AND($F12=H$1,$G12=I$1,COUNTIF(H2:H11,">0")<=1),$F$12-$AQ$1,IF(AND($F12=H$1,$G12=I$1,COUNTIF(H2:H11,">0")>1),$F$12+$AQ$1,0)) -> 0 | I12: =IF(AND($F12=H$1,$G12=I$1,OR(COUNTIF(I2:I11,">0")=0,COUNTIF(I2:I11,">0")=3)),$G$12-$AQ$1,IF(AND($F12=H$1,$G12=I$1,OR(COUNTIF(I2:I11,">0")=1,COUNTIF(I2:I11,">0")=2)),$G$12+$AQ$1,0)) -> 0 | J12: =IF(AND($F12=J$1,$G12=K$1,COUNTIF(J2:J11,">0")<=1),$F$12-$AQ$1,IF(AND($F12=J$1,$G12=K$1,COUNTIF(J2:J11,">0")>1),$F$12+$AQ$1,0)) -> 0 | K12: =IF(AND($F12=J$1,$G12=K$1,OR(COUNTIF(K2:K11,">0")=0,COUNTIF(K2:K11,">0")=3)),$G$12-$AQ$1,IF(AND($F12=J$1,$G12=K$1,OR(COUNTIF(K2:K11,">0")=1,COUNTIF(K2:K11,">0")=2)),$G$12+$AQ$1,0)) -> 0 | L12: =IF(AND($F12=L$1,$G12=M$1,COUNTIF(L2:L11,">0")<=1),$F$12-$AQ$1,IF(AND($F12=L$1,$G12=M$1,COUNTIF(L2:L11,">0")>1),$F$12+$AQ$1,0)) -> 0 | M12: =IF(AND($F12=L$1,$G12=M$1,OR(COUNTIF(M2:M11,">0")=0,COUNTIF(M2:M11,">0")=3)),$G$12-$AQ$1,IF(AND($F12=L$1,$G12=M$1,OR(COUNTIF(M2:M11,">0")=1,COUNTIF(M2:M11,">0")=2)),$G$12+$AQ$1,0)) -> 0 | N12: =IF(AND($F12=N$1,$G12=O$1,COUNTIF(N2:N11,">0")<=1),$F$12-$AQ$1,IF(AND($F12=N$1,$G12=O$1,COUNTIF(N2:N11,">0")>1),$F$12+$AQ$1,0)) -> 0 | O12: =IF(AND($F12=N$1,$G12=O$1,OR(COUNTIF(O2:O11,">0")=0,COUNTIF(O2:O11,">0")=3)),$G$12-$AQ$1,IF(AND($F12=N$1,$G12=O$1,OR(COUNTIF(O2:O11,">0")=1,COUNTIF(O2:O11,">0")=2)),$G$12+$AQ$1,0)) -> 0 | P12: =IF(AND($F12=P$1,$G12=Q$1,COUNTIF(P2:P11,">0")<=1),$F$12-$AQ$1,IF(AND($F12=P$1,$G12=Q$1,COUNTIF(P2:P11,">0")>1),$F$12+$AQ$1,0)) -> 0 | Q12: =IF(AND($F12=P$1,$G12=Q$1,OR(COUNTIF(Q2:Q11,">0")=0,COUNTIF(Q2:Q11,">0")=3)),$G$12-$AQ$1,IF(AND($F12=P$1,$G12=Q$1,OR(COUNTIF(Q2:Q11,">0")=1,COUNTIF(Q2:Q11,">0")=2)),$G$12+$AQ$1,0)) -> 0 | R12: =IF(AND($F12=R$1,$G12=S$1,COUNTIF(R2:R11,">0")<=1),$F$12-$AQ$1,IF(AND($F12=R$1,$G12=S$1,COUNTIF(R2:R11,">0")>1),$F$12+$AQ$1,0)) -> 0 | S12: =IF(AND($F12=R$1,$G12=S$1,OR(COUNTIF(S2:S11,">0")=0,COUNTIF(S2:S11,">0")=3)),$G$12-$AQ$1,IF(AND($F12=R$1,$G12=S$1,OR(COUNTIF(S2:S11,">0")=1,COUNTIF(S2:S11,">0")=2)),$G$12+$AQ$1,0)) -> 0 | T12: =IF(AND($F12=T$1,$G12=U$1,COUNTIF(T2:T11,">0")<=1),$F$12-$AQ$1,IF(AND($F12=T$1,$G12=U$1,COUNTIF(T2:T11,">0")>1),$F$12+$AQ$1,0)) -> 0 | U12: =IF(AND($F12=T$1,$G12=U$1,OR(COUNTIF(U2:U11,">0")=0,COUNTIF(U2:U11,">0")=3)),$G$12-$AQ$1,IF(AND($F12=T$1,$G12=U$1,OR(COUNTIF(U2:U11,">0")=1,COUNTIF(U2:U11,">0")=2)),$G$12+$AQ$1,0)) -> 0 | V12: =IF(AND($F12=V$1,$G12=W$1,COUNTIF(V2:V11,">0")<=1),$F$12-$AQ$1,IF(AND($F12=V$1,$G12=W$1,COUNTIF(V2:V11,">0")>1),$F$12+$AQ$1,0)) -> 0 | W12: =IF(AND($F12=V$1,$G12=W$1,OR(COUNTIF(W2:W11,">0")=0,COUNTIF(W2:W11,">0")=3)),$G$12-$AQ$1,IF(AND($F12=V$1,$G12=W$1,OR(COUNTIF(W2:W11,">0")=1,COUNTIF(W2:W11,">0")=2)),$G$12+$AQ$1,0)) -> 0 | X12: =IF(AND($F12=X$1,$G12=Y$1,COUNTIF(X2:X11,">0")<=1),$F$12-$AQ$1,IF(AND($F12=X$1,$G12=Y$1,COUNTIF(X2:X11,">0")>1),$F$12+$AQ$1,0)) -> 0 | Y12: =IF(AND($F12=X$1,$G12=Y$1,OR(COUNTIF(Y2:Y11,">0")=0,COUNTIF(Y2:Y11,">0")=3)),$G$12-$AQ$1,IF(AND($F12=X$1,$G12=Y$1,OR(COUNTIF(Y2:Y11,">0")=1,COUNTIF(Y2:Y11,">0")=2)),$G$12+$AQ$1,0)) -> 0 | Z12: =IF(AND($F12=Z$1,$G12=AA$1,COUNTIF(Z2:Z11,">0")<=1),$F$12-$AQ$1,IF(AND($F12=Z$1,$G12=AA$1,COUNTIF(Z2:Z11,">0")>1),$F$12+$AQ$1,0)) -> 0 | AA12: =IF(AND($F12=Z$1,$G12=AA$1,OR(COUNTIF(AA2:AA11,">0")=0,COUNTIF(AA2:AA11,">0")=3)),$G$12-$AQ$1,IF(AND($F12=Z$1,$G12=AA$1,OR(COUNTIF(AA2:AA11,">0")=1,COUNTIF(AA2:AA11,">0")=2)),$G$12+$AQ$1,0)) -> 0 | AB12: =IF(AND($F12=AB$1,$G12=AC$1,COUNTIF(AB2:AB11,">0")<=1),$F$12-$AQ$1,IF(AND($F12=AB$1,$G12=AC$1,COUNTIF(AB2:AB11,">0")>1),$F$12+$AQ$1,0)) -> 0 | AC12: =IF(AND($F12=AB$1,$G12=AC$1,OR(COUNTIF(AC2:AC11,">0")=0,COUNTIF(AC2:AC11,">0")=3)),$G$12-$AQ$1,IF(AND($F12=AB$1,$G12=AC$1,OR(COUNTIF(AC2:AC11,">0")=1,COUNTIF(AC2:AC11,">0")=2)),$G$12+$AQ$1,0)) -> 0 | AD12: =IF(AND($F12=AD$1,$G12=AE$1,COUNTIF(AD2:AD11,">0")<=1),$F$12-$AQ$1,IF(AND($F12=AD$1,$G12=AE$1,COUNTIF(AD2:AD11,">0")>1),$F$12+$AQ$1,0)) -> 0 | AE12: =IF(AND($F12=AD$1,$G12=AE$1,OR(COUNTIF(AE2:AE11,">0")=0,COUNTIF(AE2:AE11,">0")=3)),$G$12-$AQ$1,IF(AND($F12=AD$1,$G12=AE$1,OR(COUNTIF(AE2:AE11,">0")=1,COUNTIF(AE2:AE11,">0")=2)),$G$12+$AQ$1,0)) -> 0 | AF12: =IF(AND($F12=AF$1,$G12=AG$1,COUNTIF(AF2:AF11,">0")<=1),$F$12-$AQ$1,IF(AND($F12=AF$1,$G12=AG$1,COUNTIF(AF2:AF11,">0")>1),$F$12+$AQ$1,0)) -> 0 | AG12: =IF(AND($F12=AF$1,$G12=AG$1,OR(COUNTIF(AG2:AG11,">0")=0,COUNTIF(AG2:AG11,">0")=3)),$G$12-$AQ$1,IF(AND($F12=AF$1,$G12=AG$1,OR(COUNTIF(AG2:AG11,">0")=1,COUNTIF(AG2:AG11,">0")=2)),$G$12+$AQ$1,0)) -> 0 | AH12: =IF(AND($F12=AH$1,$G12=AI$1,COUNTIF(AH2:AH11,">0")<=1),$F$12-$AQ$1,IF(AND($F12=AH$1,$G12=AI$1,COUNTIF(AH2:AH11,">0")>1),$F$12+$AQ$1,0)) -> 0 | AI12: =IF(AND($F12=AH$1,$G12=AI$1,OR(COUNTIF(AI2:AI11,">0")=0,COUNTIF(AI2:AI11,">0")=3)),$G$12-$AQ$1,IF(AND($F12=AH$1,$G12=AI$1,OR(COUNTIF(AI2:AI11,">0")=1,COUNTIF(AI2:AI11,">0")=2)),$G$12+$AQ$1,0)) -> 0 | AJ12: =IF(AND($F12=AJ$1,$G12=AK$1,COUNTIF(AJ2:AJ11,">0")<=1),$F$12-$AQ$1,IF(AND($F12=AJ$1,$G12=AK$1,COUNTIF(AJ2:AJ11,">0")>1),$F$12+$AQ$1,0)) -> 0 | AK12: =IF(AND($F12=AJ$1,$G12=AK$1,OR(COUNTIF(AK2:AK11,">0")=0,COUNTIF(AK2:AK11,">0")=3)),$G$12-$AQ$1,IF(AND($F12=AJ$1,$G12=AK$1,OR(COUNTIF(AK2:AK11,">0")=1,COUNTIF(AK2:AK11,">0")=2)),$G$12+$AQ$1,0)) -> 0 | AL12: =IF(AND($F12=AL$1,$G12=AM$1,COUNTIF(AL2:AL11,">0")<=1),$F$12-$AQ$1,IF(AND($F12=AL$1,$G12=AM$1,COUNTIF(AL2:AL11,">0")>1),$F$12+$AQ$1,0)) -> 0 | AM12: =IF(AND($F12=AL$1,$G12=AM$1,OR(COUNTIF(AM2:AM11,">0")=0,COUNTIF(AM2:AM11,">0")=3)),$G$12-$AQ$1,IF(AND($F12=AL$1,$G12=AM$1,OR(COUNTIF(AM2:AM11,">0")=1,COUNTIF(AM2:AM11,">0")=2)),$G$12+$AQ$1,0)) -> 0 | AN12: =SUM(I12,K12,M12,O12,Q12,S12,U12,W12,Y12,AA12,AC12,AE12,AG12,AI12,AK12,AM12) -> 0 | AO12: =SUM(H12,J12,L12,N12,P12,R12,T12,V12,X12,Z12,AB12,AD12,AF12,AH12,AJ12,AL12) -> 0 | AP12: =IF(Projektspørgsmål!$FM$27="","",Projektspørgsmål!$FM$27)
C13: =IF(Projektspørgsmål!$FZ$30=Projektspørgsmål!$IO$33,TRUE,FALSE) -> FALSE | D13: =IF(C13=TRUE,MAX(D2:D12)+1,0) -> 0 | E13: =Projektspørgsmål!GK2 -> Cirkularitet | F13: =Projektspørgsmål!JK7 -> 0 | G13: =Projektspørgsmål!JK11 -> 0 | H13: =IF(AND($F13=H$1,$G13=I$1,COUNTIF(H2:H12,">0")<=1),$F$13-$AQ$1,IF(AND($F13=H$1,$G13=I$1,COUNTIF(H2:H12,">0")>1),$F$13+$AQ$1,0)) -> 0 | I13: =IF(AND($F13=H$1,$G13=I$1,OR(COUNTIF(I2:I12,">0")=0,COUNTIF(I2:I12,">0")=3)),$G$13-$AQ$1,IF(AND($F13=H$1,$G13=I$1,OR(COUNTIF(I2:I12,">0")=1,COUNTIF(I2:I12,">0")=2)),$G$13+$AQ$1,0)) -> 0 | J13: =IF(AND($F13=J$1,$G13=K$1,COUNTIF(J2:J12,">0")<=1),$F$13-$AQ$1,IF(AND($F13=J$1,$G13=K$1,COUNTIF(J2:J12,">0")>1),$F$13+$AQ$1,0)) -> 0 | K13: =IF(AND($F13=J$1,$G13=K$1,OR(COUNTIF(K2:K12,">0")=0,COUNTIF(K2:K12,">0")=3)),$G$13-$AQ$1,IF(AND($F13=J$1,$G13=K$1,OR(COUNTIF(K2:K12,">0")=1,COUNTIF(K2:K12,">0")=2)),$G$13+$AQ$1,0)) -> 0 | L13: =IF(AND($F13=L$1,$G13=M$1,COUNTIF(L2:L12,">0")<=1),$F$13-$AQ$1,IF(AND($F13=L$1,$G13=M$1,COUNTIF(L2:L12,">0")>1),$F$13+$AQ$1,0)) -> 0 | M13: =IF(AND($F13=L$1,$G13=M$1,OR(COUNTIF(M2:M12,">0")=0,COUNTIF(M2:M12,">0")=3)),$G$13-$AQ$1,IF(AND($F13=L$1,$G13=M$1,OR(COUNTIF(M2:M12,">0")=1,COUNTIF(M2:M12,">0")=2)),$G$13+$AQ$1,0)) -> 0 | N13: =IF(AND($F13=N$1,$G13=O$1,COUNTIF(N2:N12,">0")<=1),$F$13-$AQ$1,IF(AND($F13=N$1,$G13=O$1,COUNTIF(N2:N12,">0")>1),$F$13+$AQ$1,0)) -> 0 | O13: =IF(AND($F13=N$1,$G13=O$1,OR(COUNTIF(O2:O12,">0")=0,COUNTIF(O2:O12,">0")=3)),$G$13-$AQ$1,IF(AND($F13=N$1,$G13=O$1,OR(COUNTIF(O2:O12,">0")=1,COUNTIF(O2:O12,">0")=2)),$G$13+$AQ$1,0)) -> 0 | P13: =IF(AND($F13=P$1,$G13=Q$1,COUNTIF(P2:P12,">0")<=1),$F$13-$AQ$1,IF(AND($F13=P$1,$G13=Q$1,COUNTIF(P2:P12,">0")>1),$F$13+$AQ$1,0)) -> 0 | Q13: =IF(AND($F13=P$1,$G13=Q$1,OR(COUNTIF(Q2:Q12,">0")=0,COUNTIF(Q2:Q12,">0")=3)),$G$13-$AQ$1,IF(AND($F13=P$1,$G13=Q$1,OR(COUNTIF(Q2:Q12,">0")=1,COUNTIF(Q2:Q12,">0")=2)),$G$13+$AQ$1,0)) -> 0 | R13: =IF(AND($F13=R$1,$G13=S$1,COUNTIF(R2:R12,">0")<=1),$F$13-$AQ$1,IF(AND($F13=R$1,$G13=S$1,COUNTIF(R2:R12,">0")>1),$F$13+$AQ$1,0)) -> 0 | S13: =IF(AND($F13=R$1,$G13=S$1,OR(COUNTIF(S2:S12,">0")=0,COUNTIF(S2:S12,">0")=3)),$G$13-$AQ$1,IF(AND($F13=R$1,$G13=S$1,OR(COUNTIF(S2:S12,">0")=1,COUNTIF(S2:S12,">0")=2)),$G$13+$AQ$1,0)) -> 0 | T13: =IF(AND($F13=T$1,$G13=U$1,COUNTIF(T2:T12,">0")<=1),$F$13-$AQ$1,IF(AND($F13=T$1,$G13=U$1,COUNTIF(T2:T12,">0")>1),$F$13+$AQ$1,0)) -> 0 | U13: =IF(AND($F13=T$1,$G13=U$1,OR(COUNTIF(U2:U12,">0")=0,COUNTIF(U2:U12,">0")=3)),$G$13-$AQ$1,IF(AND($F13=T$1,$G13=U$1,OR(COUNTIF(U2:U12,">0")=1,COUNTIF(U2:U12,">0")=2)),$G$13+$AQ$1,0)) -> 0 | V13: =IF(AND($F13=V$1,$G13=W$1,COUNTIF(V2:V12,">0")<=1),$F$13-$AQ$1,IF(AND($F13=V$1,$G13=W$1,COUNTIF(V2:V12,">0")>1),$F$13+$AQ$1,0)) -> 0 | W13: =IF(AND($F13=V$1,$G13=W$1,OR(COUNTIF(W2:W12,">0")=0,COUNTIF(W2:W12,">0")=3)),$G$13-$AQ$1,IF(AND($F13=V$1,$G13=W$1,OR(COUNTIF(W2:W12,">0")=1,COUNTIF(W2:W12,">0")=2)),$G$13+$AQ$1,0)) -> 0 | X13: =IF(AND($F13=X$1,$G13=Y$1,COUNTIF(X2:X12,">0")<=1),$F$13-$AQ$1,IF(AND($F13=X$1,$G13=Y$1,COUNTIF(X2:X12,">0")>1),$F$13+$AQ$1,0)) -> 0 | Y13: =IF(AND($F13=X$1,$G13=Y$1,OR(COUNTIF(Y2:Y12,">0")=0,COUNTIF(Y2:Y12,">0")=3)),$G$13-$AQ$1,IF(AND($F13=X$1,$G13=Y$1,OR(COUNTIF(Y2:Y12,">0")=1,COUNTIF(Y2:Y12,">0")=2)),$G$13+$AQ$1,0)) -> 0 | Z13: =IF(AND($F13=Z$1,$G13=AA$1,COUNTIF(Z2:Z12,">0")<=1),$F$13-$AQ$1,IF(AND($F13=Z$1,$G13=AA$1,COUNTIF(Z2:Z12,">0")>1),$F$13+$AQ$1,0)) -> 0 | AA13: =IF(AND($F13=Z$1,$G13=AA$1,OR(COUNTIF(AA2:AA12,">0")=0,COUNTIF(AA2:AA12,">0")=3)),$G$13-$AQ$1,IF(AND($F13=Z$1,$G13=AA$1,OR(COUNTIF(AA2:AA12,">0")=1,COUNTIF(AA2:AA12,">0")=2)),$G$13+$AQ$1,0)) -> 0 | AB13: =IF(AND($F13=AB$1,$G13=AC$1,COUNTIF(AB2:AB12,">0")<=1),$F$13-$AQ$1,IF(AND($F13=AB$1,$G13=AC$1,COUNTIF(AB2:AB12,">0")>1),$F$13+$AQ$1,0)) -> 0 | AC13: =IF(AND($F13=AB$1,$G13=AC$1,OR(COUNTIF(AC2:AC12,">0")=0,COUNTIF(AC2:AC12,">0")=3)),$G$13-$AQ$1,IF(AND($F13=AB$1,$G13=AC$1,OR(COUNTIF(AC2:AC12,">0")=1,COUNTIF(AC2:AC12,">0")=2)),$G$13+$AQ$1,0)) -> 0 | AD13: =IF(AND($F13=AD$1,$G13=AE$1,COUNTIF(AD2:AD12,">0")<=1),$F$13-$AQ$1,IF(AND($F13=AD$1,$G13=AE$1,COUNTIF(AD2:AD12,">0")>1),$F$13+$AQ$1,0)) -> 0 | AE13: =IF(AND($F13=AD$1,$G13=AE$1,OR(COUNTIF(AE2:AE12,">0")=0,COUNTIF(AE2:AE12,">0")=3)),$G$13-$AQ$1,IF(AND($F13=AD$1,$G13=AE$1,OR(COUNTIF(AE2:AE12,">0")=1,COUNTIF(AE2:AE12,">0")=2)),$G$13+$AQ$1,0)) -> 0 | AF13: =IF(AND($F13=AF$1,$G13=AG$1,COUNTIF(AF2:AF12,">0")<=1),$F$13-$AQ$1,IF(AND($F13=AF$1,$G13=AG$1,COUNTIF(AF2:AF12,">0")>1),$F$13+$AQ$1,0)) -> 0 | AG13: =IF(AND($F13=AF$1,$G13=AG$1,OR(COUNTIF(AG2:AG12,">0")=0,COUNTIF(AG2:AG12,">0")=3)),$G$13-$AQ$1,IF(AND($F13=AF$1,$G13=AG$1,OR(COUNTIF(AG2:AG12,">0")=1,COUNTIF(AG2:AG12,">0")=2)),$G$13+$AQ$1,0)) -> 0 | AH13: =IF(AND($F13=AH$1,$G13=AI$1,COUNTIF(AH2:AH12,">0")<=1),$F$13-$AQ$1,IF(AND($F13=AH$1,$G13=AI$1,COUNTIF(AH2:AH12,">0")>1),$F$13+$AQ$1,0)) -> 0 | AI13: =IF(AND($F13=AH$1,$G13=AI$1,OR(COUNTIF(AI2:AI12,">0")=0,COUNTIF(AI2:AI12,">0")=3)),$G$13-$AQ$1,IF(AND($F13=AH$1,$G13=AI$1,OR(COUNTIF(AI2:AI12,">0")=1,COUNTIF(AI2:AI12,">0")=2)),$G$13+$AQ$1,0)) -> 0 | AJ13: =IF(AND($F13=AJ$1,$G13=AK$1,COUNTIF(AJ2:AJ12,">0")<=1),$F$13-$AQ$1,IF(AND($F13=AJ$1,$G13=AK$1,COUNTIF(AJ2:AJ12,">0")>1),$F$13+$AQ$1,0)) -> 0 | AK13: =IF(AND($F13=AJ$1,$G13=AK$1,OR(COUNTIF(AK2:AK12,">0")=0,COUNTIF(AK2:AK12,">0")=3)),$G$13-$AQ$1,IF(AND($F13=AJ$1,$G13=AK$1,OR(COUNTIF(AK2:AK12,">0")=1,COUNTIF(AK2:AK12,">0")=2)),$G$13+$AQ$1,0)) -> 0 | AL13: =IF(AND($F13=AL$1,$G13=AM$1,COUNTIF(AL2:AL12,">0")<=1),$F$13-$AQ$1,IF(AND($F13=AL$1,$G13=AM$1,COUNTIF(AL2:AL12,">0")>1),$F$13+$AQ$1,0)) -> 0 | AM13: =IF(AND($F13=AL$1,$G13=AM$1,OR(COUNTIF(AM2:AM12,">0")=0,COUNTIF(AM2:AM12,">0")=3)),$G$13-$AQ$1,IF(AND($F13=AL$1,$G13=AM$1,OR(COUNTIF(AM2:AM12,">0")=1,COUNTIF(AM2:AM12,">0")=2)),$G$13+$AQ$1,0)) -> 0 | AN13: =SUM(I13,K13,M13,O13,Q13,S13,U13,W13,Y13,AA13,AC13,AE13,AG13,AI13,AK13,AM13) -> 0 | AO13: =SUM(H13,J13,L13,N13,P13,R13,T13,V13,X13,Z13,AB13,AD13,AF13,AH13,AJ13,AL13) -> 0 | AP13: =IF(Projektspørgsmål!$FZ$27="","",Projektspørgsmål!$FZ$27)
C14: =IF(Projektspørgsmål!$GM$30=Projektspørgsmål!$IO$33,TRUE,FALSE) -> FALSE | D14: =IF(C14=TRUE,MAX(D2:D13)+1,0) -> 0 | E14: =Projektspørgsmål!GX2 -> Blandede boformer | F14: =Projektspørgsmål!JM7 -> 0 | G14: =Projektspørgsmål!JM11 -> 0 | H14: =IF(AND($F14=H$1,$G14=I$1,COUNTIF(H2:H13,">0")<=1),$F$14-$AQ$1,IF(AND($F14=H$1,$G14=I$1,COUNTIF(H2:H13,">0")>1),$F$14+$AQ$1,0)) -> 0 | I14: =IF(AND($F14=H$1,$G14=I$1,OR(COUNTIF(I2:I13,">0")=0,COUNTIF(I2:I13,">0")=3)),$G$14-$AQ$1,IF(AND($F14=H$1,$G14=I$1,OR(COUNTIF(I2:I13,">0")=1,COUNTIF(I2:I13,">0")=2)),$G$14+$AQ$1,0)) -> 0 | J14: =IF(AND($F14=J$1,$G14=K$1,COUNTIF(J2:J13,">0")<=1),$F$14-$AQ$1,IF(AND($F14=J$1,$G14=K$1,COUNTIF(J2:J13,">0")>1),$F$14+$AQ$1,0)) -> 0 | K14: =IF(AND($F14=J$1,$G14=K$1,OR(COUNTIF(K2:K13,">0")=0,COUNTIF(K2:K13,">0")=3)),$G$14-$AQ$1,IF(AND($F14=J$1,$G14=K$1,OR(COUNTIF(K2:K13,">0")=1,COUNTIF(K2:K13,">0")=2)),$G$14+$AQ$1,0)) -> 0 | L14: =IF(AND($F14=L$1,$G14=M$1,COUNTIF(L2:L13,">0")<=1),$F$14-$AQ$1,IF(AND($F14=L$1,$G14=M$1,COUNTIF(L2:L13,">0")>1),$F$14+$AQ$1,0)) -> 0 | M14: =IF(AND($F14=L$1,$G14=M$1,OR(COUNTIF(M2:M13,">0")=0,COUNTIF(M2:M13,">0")=3)),$G$14-$AQ$1,IF(AND($F14=L$1,$G14=M$1,OR(COUNTIF(M2:M13,">0")=1,COUNTIF(M2:M13,">0")=2)),$G$14+$AQ$1,0)) -> 0 | N14: =IF(AND($F14=N$1,$G14=O$1,COUNTIF(N2:N13,">0")<=1),$F$14-$AQ$1,IF(AND($F14=N$1,$G14=O$1,COUNTIF(N2:N13,">0")>1),$F$14+$AQ$1,0)) -> 0 | O14: =IF(AND($F14=N$1,$G14=O$1,OR(COUNTIF(O2:O13,">0")=0,COUNTIF(O2:O13,">0")=3)),$G$14-$AQ$1,IF(AND($F14=N$1,$G14=O$1,OR(COUNTIF(O2:O13,">0")=1,COUNTIF(O2:O13,">0")=2)),$G$14+$AQ$1,0)) -> 0 | P14: =IF(AND($F14=P$1,$G14=Q$1,COUNTIF(P2:P13,">0")<=1),$F$14-$AQ$1,IF(AND($F14=P$1,$G14=Q$1,COUNTIF(P2:P13,">0")>1),$F$14+$AQ$1,0)) -> 0 | Q14: =IF(AND($F14=P$1,$G14=Q$1,OR(COUNTIF(Q2:Q13,">0")=0,COUNTIF(Q2:Q13,">0")=3)),$G$14-$AQ$1,IF(AND($F14=P$1,$G14=Q$1,OR(COUNTIF(Q2:Q13,">0")=1,COUNTIF(Q2:Q13,">0")=2)),$G$14+$AQ$1,0)) -> 0 | R14: =IF(AND($F14=R$1,$G14=S$1,COUNTIF(R2:R13,">0")<=1),$F$14-$AQ$1,IF(AND($F14=R$1,$G14=S$1,COUNTIF(R2:R13,">0")>1),$F$14+$AQ$1,0)) -> 0 | S14: =IF(AND($F14=R$1,$G14=S$1,OR(COUNTIF(S2:S13,">0")=0,COUNTIF(S2:S13,">0")=3)),$G$14-$AQ$1,IF(AND($F14=R$1,$G14=S$1,OR(COUNTIF(S2:S13,">0")=1,COUNTIF(S2:S13,">0")=2)),$G$14+$AQ$1,0)) -> 0 | T14: =IF(AND($F14=T$1,$G14=U$1,COUNTIF(T2:T13,">0")<=1),$F$14-$AQ$1,IF(AND($F14=T$1,$G14=U$1,COUNTIF(T2:T13,">0")>1),$F$14+$AQ$1,0)) -> 0 | U14: =IF(AND($F14=T$1,$G14=U$1,OR(COUNTIF(U2:U13,">0")=0,COUNTIF(U2:U13,">0")=3)),$G$14-$AQ$1,IF(AND($F14=T$1,$G14=U$1,OR(COUNTIF(U2:U13,">0")=1,COUNTIF(U2:U13,">0")=2)),$G$14+$AQ$1,0)) -> 0 | V14: =IF(AND($F14=V$1,$G14=W$1,COUNTIF(V2:V13,">0")<=1),$F$14-$AQ$1,IF(AND($F14=V$1,$G14=W$1,COUNTIF(V2:V13,">0")>1),$F$14+$AQ$1,0)) -> 0 | W14: =IF(AND($F14=V$1,$G14=W$1,OR(COUNTIF(W2:W13,">0")=0,COUNTIF(W2:W13,">0")=3)),$G$14-$AQ$1,IF(AND($F14=V$1,$G14=W$1,OR(COUNTIF(W2:W13,">0")=1,COUNTIF(W2:W13,">0")=2)),$G$14+$AQ$1,0)) -> 0 | X14: =IF(AND($F14=X$1,$G14=Y$1,COUNTIF(X2:X13,">0")<=1),$F$14-$AQ$1,IF(AND($F14=X$1,$G14=Y$1,COUNTIF(X2:X13,">0")>1),$F$14+$AQ$1,0)) -> 0 | Y14: =IF(AND($F14=X$1,$G14=Y$1,OR(COUNTIF(Y2:Y13,">0")=0,COUNTIF(Y2:Y13,">0")=3)),$G$14-$AQ$1,IF(AND($F14=X$1,$G14=Y$1,OR(COUNTIF(Y2:Y13,">0")=1,COUNTIF(Y2:Y13,">0")=2)),$G$14+$AQ$1,0)) -> 0 | Z14: =IF(AND($F14=Z$1,$G14=AA$1,COUNTIF(Z2:Z13,">0")<=1),$F$14-$AQ$1,IF(AND($F14=Z$1,$G14=AA$1,COUNTIF(Z2:Z13,">0")>1),$F$14+$AQ$1,0)) -> 0 | AA14: =IF(AND($F14=Z$1,$G14=AA$1,OR(COUNTIF(AA2:AA13,">0")=0,COUNTIF(AA2:AA13,">0")=3)),$G$14-$AQ$1,IF(AND($F14=Z$1,$G14=AA$1,OR(COUNTIF(AA2:AA13,">0")=1,COUNTIF(AA2:AA13,">0")=2)),$G$14+$AQ$1,0)) -> 0 | AB14: =IF(AND($F14=AB$1,$G14=AC$1,COUNTIF(AB2:AB13,">0")<=1),$F$14-$AQ$1,IF(AND($F14=AB$1,$G14=AC$1,COUNTIF(AB2:AB13,">0")>1),$F$14+$AQ$1,0)) -> 0 | AC14: =IF(AND($F14=AB$1,$G14=AC$1,OR(COUNTIF(AC2:AC13,">0")=0,COUNTIF(AC2:AC13,">0")=3)),$G$14-$AQ$1,IF(AND($F14=AB$1,$G14=AC$1,OR(COUNTIF(AC2:AC13,">0")=1,COUNTIF(AC2:AC13,">0")=2)),$G$14+$AQ$1,0)) -> 0 | AD14: =IF(AND($F14=AD$1,$G14=AE$1,COUNTIF(AD2:AD13,">0")<=1),$F$14-$AQ$1,IF(AND($F14=AD$1,$G14=AE$1,COUNTIF(AD2:AD13,">0")>1),$F$14+$AQ$1,0)) -> 0 | AE14: =IF(AND($F14=AD$1,$G14=AE$1,OR(COUNTIF(AE2:AE13,">0")=0,COUNTIF(AE2:AE13,">0")=3)),$G$14-$AQ$1,IF(AND($F14=AD$1,$G14=AE$1,OR(COUNTIF(AE2:AE13,">0")=1,COUNTIF(AE2:AE13,">0")=2)),$G$14+$AQ$1,0)) -> 0 | AF14: =IF(AND($F14=AF$1,$G14=AG$1,COUNTIF(AF2:AF13,">0")<=1),$F$14-$AQ$1,IF(AND($F14=AF$1,$G14=AG$1,COUNTIF(AF2:AF13,">0")>1),$F$14+$AQ$1,0)) -> 0 | AG14: =IF(AND($F14=AF$1,$G14=AG$1,OR(COUNTIF(AG2:AG13,">0")=0,COUNTIF(AG2:AG13,">0")=3)),$G$14-$AQ$1,IF(AND($F14=AF$1,$G14=AG$1,OR(COUNTIF(AG2:AG13,">0")=1,COUNTIF(AG2:AG13,">0")=2)),$G$14+$AQ$1,0)) -> 0 | AH14: =IF(AND($F14=AH$1,$G14=AI$1,COUNTIF(AH2:AH13,">0")<=1),$F$14-$AQ$1,IF(AND($F14=AH$1,$G14=AI$1,COUNTIF(AH2:AH13,">0")>1),$F$14+$AQ$1,0)) -> 0 | AI14: =IF(AND($F14=AH$1,$G14=AI$1,OR(COUNTIF(AI2:AI13,">0")=0,COUNTIF(AI2:AI13,">0")=3)),$G$14-$AQ$1,IF(AND($F14=AH$1,$G14=AI$1,OR(COUNTIF(AI2:AI13,">0")=1,COUNTIF(AI2:AI13,">0")=2)),$G$14+$AQ$1,0)) -> 0 | AJ14: =IF(AND($F14=AJ$1,$G14=AK$1,COUNTIF(AJ2:AJ13,">0")<=1),$F$14-$AQ$1,IF(AND($F14=AJ$1,$G14=AK$1,COUNTIF(AJ2:AJ13,">0")>1),$F$14+$AQ$1,0)) -> 0 | AK14: =IF(AND($F14=AJ$1,$G14=AK$1,OR(COUNTIF(AK2:AK13,">0")=0,COUNTIF(AK2:AK13,">0")=3)),$G$14-$AQ$1,IF(AND($F14=AJ$1,$G14=AK$1,OR(COUNTIF(AK2:AK13,">0")=1,COUNTIF(AK2:AK13,">0")=2)),$G$14+$AQ$1,0)) -> 0 | AL14: =IF(AND($F14=AL$1,$G14=AM$1,COUNTIF(AL2:AL13,">0")<=1),$F$14-$AQ$1,IF(AND($F14=AL$1,$G14=AM$1,COUNTIF(AL2:AL13,">0")>1),$F$14+$AQ$1,0)) -> 0 | AM14: =IF(AND($F14=AL$1,$G14=AM$1,OR(COUNTIF(AM2:AM13,">0")=0,COUNTIF(AM2:AM13,">0")=3)),$G$14-$AQ$1,IF(AND($F14=AL$1,$G14=AM$1,OR(COUNTIF(AM2:AM13,">0")=1,COUNTIF(AM2:AM13,">0")=2)),$G$14+$AQ$1,0)) -> 0 | AN14: =SUM(I14,K14,M14,O14,Q14,S14,U14,W14,Y14,AA14,AC14,AE14,AG14,AI14,AK14,AM14) -> 0 | AO14: =SUM(H14,J14,L14,N14,P14,R14,T14,V14,X14,Z14,AB14,AD14,AF14,AH14,AJ14,AL14) -> 0 | AP14: =IF(Projektspørgsmål!$GM$27="","",Projektspørgsmål!$GM$27)
A15: Byggeri og omfang | B15: =AVERAGE(F15:F16) -> 0 | C15: =IF(Projektspørgsmål!$GZ$30=Projektspørgsmål!$IO$33,TRUE,FALSE) -> FALSE | D15: =IF(C15=TRUE,MAX(D2:D14)+1,0) -> 0 | E15: =Projektspørgsmål!HK2 -> Aktive byrum | F15: =Projektspørgsmål!JO7 -> 0 | G15: =Projektspørgsmål!JO11 -> 0 | H15: =IF(AND($F15=H$1,$G15=I$1,COUNTIF(H2:H14,">0")<=1),$F$15-$AQ$1,IF(AND($F15=H$1,$G15=I$1,COUNTIF(H2:H14,">0")>1),$F$15+$AQ$1,0)) -> 0 | I15: =IF(AND($F15=H$1,$G15=I$1,OR(COUNTIF(I2:I14,">0")=0,COUNTIF(I2:I14,">0")=3)),$G$15-$AQ$1,IF(AND($F15=H$1,$G15=I$1,OR(COUNTIF(I2:I14,">0")=1,COUNTIF(I2:I14,">0")=2)),$G$15+$AQ$1,0)) -> 0 | J15: =IF(AND($F15=J$1,$G15=K$1,COUNTIF(J2:J14,">0")<=1),$F$15-$AQ$1,IF(AND($F15=J$1,$G15=K$1,COUNTIF(J2:J14,">0")>1),$F$15+$AQ$1,0)) -> 0 | K15: =IF(AND($F15=J$1,$G15=K$1,OR(COUNTIF(K2:K14,">0")=0,COUNTIF(K2:K14,">0")=3)),$G$15-$AQ$1,IF(AND($F15=J$1,$G15=K$1,OR(COUNTIF(K2:K14,">0")=1,COUNTIF(K2:K14,">0")=2)),$G$15+$AQ$1,0)) -> 0 | L15: =IF(AND($F15=L$1,$G15=M$1,COUNTIF(L2:L14,">0")<=1),$F$15-$AQ$1,IF(AND($F15=L$1,$G15=M$1,COUNTIF(L2:L14,">0")>1),$F$15+$AQ$1,0)) -> 0 | M15: =IF(AND($F15=L$1,$G15=M$1,OR(COUNTIF(M2:M14,">0")=0,COUNTIF(M2:M14,">0")=3)),$G$15-$AQ$1,IF(AND($F15=L$1,$G15=M$1,OR(COUNTIF(M2:M14,">0")=1,COUNTIF(M2:M14,">0")=2)),$G$15+$AQ$1,0)) -> 0 | N15: =IF(AND($F15=N$1,$G15=O$1,COUNTIF(N2:N14,">0")<=1),$F$15-$AQ$1,IF(AND($F15=N$1,$G15=O$1,COUNTIF(N2:N14,">0")>1),$F$15+$AQ$1,0)) -> 0 | O15: =IF(AND($F15=N$1,$G15=O$1,OR(COUNTIF(O2:O14,">0")=0,COUNTIF(O2:O14,">0")=3)),$G$15-$AQ$1,IF(AND($F15=N$1,$G15=O$1,OR(COUNTIF(O2:O14,">0")=1,COUNTIF(O2:O14,">0")=2)),$G$15+$AQ$1,0)) -> 0 | P15: =IF(AND($F15=P$1,$G15=Q$1,COUNTIF(P2:P14,">0")<=1),$F$15-$AQ$1,IF(AND($F15=P$1,$G15=Q$1,COUNTIF(P2:P14,">0")>1),$F$15+$AQ$1,0)) -> 0 | Q15: =IF(AND($F15=P$1,$G15=Q$1,OR(COUNTIF(Q2:Q14,">0")=0,COUNTIF(Q2:Q14,">0")=3)),$G$15-$AQ$1,IF(AND($F15=P$1,$G15=Q$1,OR(COUNTIF(Q2:Q14,">0")=1,COUNTIF(Q2:Q14,">0")=2)),$G$15+$AQ$1,0)) -> 0 | R15: =IF(AND($F15=R$1,$G15=S$1,COUNTIF(R2:R14,">0")<=1),$F$15-$AQ$1,IF(AND($F15=R$1,$G15=S$1,COUNTIF(R2:R14,">0")>1),$F$15+$AQ$1,0)) -> 0 | S15: =IF(AND($F15=R$1,$G15=S$1,OR(COUNTIF(S2:S14,">0")=0,COUNTIF(S2:S14,">0")=3)),$G$15-$AQ$1,IF(AND($F15=R$1,$G15=S$1,OR(COUNTIF(S2:S14,">0")=1,COUNTIF(S2:S14,">0")=2)),$G$15+$AQ$1,0)) -> 0 | T15: =IF(AND($F15=T$1,$G15=U$1,COUNTIF(T2:T14,">0")<=1),$F$15-$AQ$1,IF(AND($F15=T$1,$G15=U$1,COUNTIF(T2:T14,">0")>1),$F$15+$AQ$1,0)) -> 0 | U15: =IF(AND($F15=T$1,$G15=U$1,OR(COUNTIF(U2:U14,">0")=0,COUNTIF(U2:U14,">0")=3)),$G$15-$AQ$1,IF(AND($F15=T$1,$G15=U$1,OR(COUNTIF(U2:U14,">0")=1,COUNTIF(U2:U14,">0")=2)),$G$15+$AQ$1,0)) -> 0 | V15: =IF(AND($F15=V$1,$G15=W$1,COUNTIF(V2:V14,">0")<=1),$F$15-$AQ$1,IF(AND($F15=V$1,$G15=W$1,COUNTIF(V2:V14,">0")>1),$F$15+$AQ$1,0)) -> 0 | W15: =IF(AND($F15=V$1,$G15=W$1,OR(COUNTIF(W2:W14,">0")=0,COUNTIF(W2:W14,">0")=3)),$G$15-$AQ$1,IF(AND($F15=V$1,$G15=W$1,OR(COUNTIF(W2:W14,">0")=1,COUNTIF(W2:W14,">0")=2)),$G$15+$AQ$1,0)) -> 0 | X15: =IF(AND($F15=X$1,$G15=Y$1,COUNTIF(X2:X14,">0")<=1),$F$15-$AQ$1,IF(AND($F15=X$1,$G15=Y$1,COUNTIF(X2:X14,">0")>1),$F$15+$AQ$1,0)) -> 0 | Y15: =IF(AND($F15=X$1,$G15=Y$1,OR(COUNTIF(Y2:Y14,">0")=0,COUNTIF(Y2:Y14,">0")=3)),$G$15-$AQ$1,IF(AND($F15=X$1,$G15=Y$1,OR(COUNTIF(Y2:Y14,">0")=1,COUNTIF(Y2:Y14,">0")=2)),$G$15+$AQ$1,0)) -> 0 | Z15: =IF(AND($F15=Z$1,$G15=AA$1,COUNTIF(Z2:Z14,">0")<=1),$F$15-$AQ$1,IF(AND($F15=Z$1,$G15=AA$1,COUNTIF(Z2:Z14,">0")>1),$F$15+$AQ$1,0)) -> 0 | AA15: =IF(AND($F15=Z$1,$G15=AA$1,OR(COUNTIF(AA2:AA14,">0")=0,COUNTIF(AA2:AA14,">0")=3)),$G$15-$AQ$1,IF(AND($F15=Z$1,$G15=AA$1,OR(COUNTIF(AA2:AA14,">0")=1,COUNTIF(AA2:AA14,">0")=2)),$G$15+$AQ$1,0)) -> 0 | AB15: =IF(AND($F15=AB$1,$G15=AC$1,COUNTIF(AB2:AB14,">0")<=1),$F$15-$AQ$1,IF(AND($F15=AB$1,$G15=AC$1,COUNTIF(AB2:AB14,">0")>1),$F$15+$AQ$1,0)) -> 0 | AC15: =IF(AND($F15=AB$1,$G15=AC$1,OR(COUNTIF(AC2:AC14,">0")=0,COUNTIF(AC2:AC14,">0")=3)),$G$15-$AQ$1,IF(AND($F15=AB$1,$G15=AC$1,OR(COUNTIF(AC2:AC14,">0")=1,COUNTIF(AC2:AC14,">0")=2)),$G$15+$AQ$1,0)) -> 0 | AD15: =IF(AND($F15=AD$1,$G15=AE$1,COUNTIF(AD2:AD14,">0")<=1),$F$15-$AQ$1,IF(AND($F15=AD$1,$G15=AE$1,COUNTIF(AD2:AD14,">0")>1),$F$15+$AQ$1,0)) -> 0 | AE15: =IF(AND($F15=AD$1,$G15=AE$1,OR(COUNTIF(AE2:AE14,">0")=0,COUNTIF(AE2:AE14,">0")=3)),$G$15-$AQ$1,IF(AND($F15=AD$1,$G15=AE$1,OR(COUNTIF(AE2:AE14,">0")=1,COUNTIF(AE2:AE14,">0")=2)),$G$15+$AQ$1,0)) -> 0 | AF15: =IF(AND($F15=AF$1,$G15=AG$1,COUNTIF(AF2:AF14,">0")<=1),$F$15-$AQ$1,IF(AND($F15=AF$1,$G15=AG$1,COUNTIF(AF2:AF14,">0")>1),$F$15+$AQ$1,0)) -> 0 | AG15: =IF(AND($F15=AF$1,$G15=AG$1,OR(COUNTIF(AG2:AG14,">0")=0,COUNTIF(AG2:AG14,">0")=3)),$G$15-$AQ$1,IF(AND($F15=AF$1,$G15=AG$1,OR(COUNTIF(AG2:AG14,">0")=1,COUNTIF(AG2:AG14,">0")=2)),$G$15+$AQ$1,0)) -> 0 | AH15: =IF(AND($F15=AH$1,$G15=AI$1,COUNTIF(AH2:AH14,">0")<=1),$F$15-$AQ$1,IF(AND($F15=AH$1,$G15=AI$1,COUNTIF(AH2:AH14,">0")>1),$F$15+$AQ$1,0)) -> 0 | AI15: =IF(AND($F15=AH$1,$G15=AI$1,OR(COUNTIF(AI2:AI14,">0")=0,COUNTIF(AI2:AI14,">0")=3)),$G$15-$AQ$1,IF(AND($F15=AH$1,$G15=AI$1,OR(COUNTIF(AI2:AI14,">0")=1,COUNTIF(AI2:AI14,">0")=2)),$G$15+$AQ$1,0)) -> 0 | AJ15: =IF(AND($F15=AJ$1,$G15=AK$1,COUNTIF(AJ2:AJ14,">0")<=1),$F$15-$AQ$1,IF(AND($F15=AJ$1,$G15=AK$1,COUNTIF(AJ2:AJ14,">0")>1),$F$15+$AQ$1,0)) -> 0 | AK15: =IF(AND($F15=AJ$1,$G15=AK$1,OR(COUNTIF(AK2:AK14,">0")=0,COUNTIF(AK2:AK14,">0")=3)),$G$15-$AQ$1,IF(AND($F15=AJ$1,$G15=AK$1,OR(COUNTIF(AK2:AK14,">0")=1,COUNTIF(AK2:AK14,">0")=2)),$G$15+$AQ$1,0)) -> 0 | AL15: =IF(AND($F15=AL$1,$G15=AM$1,COUNTIF(AL2:AL14,">0")<=1),$F$15-$AQ$1,IF(AND($F15=AL$1,$G15=AM$1,COUNTIF(AL2:AL14,">0")>1),$F$15+$AQ$1,0)) -> 0 | AM15: =IF(AND($F15=AL$1,$G15=AM$1,OR(COUNTIF(AM2:AM14,">0")=0,COUNTIF(AM2:AM14,">0")=3)),$G$15-$AQ$1,IF(AND($F15=AL$1,$G15=AM$1,OR(COUNTIF(AM2:AM14,">0")=1,COUNTIF(AM2:AM14,">0")=2)),$G$15+$AQ$1,0)) -> 0 | AN15: =SUM(I15,K15,M15,O15,Q15,S15,U15,W15,Y15,AA15,AC15,AE15,AG15,AI15,AK15,AM15) -> 0 | AO15: =SUM(H15,J15,L15,N15,P15,R15,T15,V15,X15,Z15,AB15,AD15,AF15,AH15,AJ15,AL15) -> 0 | AP15: =IF(Projektspørgsmål!$GZ$27="","",Projektspørgsmål!$GZ$27)
C16: =IF(Projektspørgsmål!$HM$30=Projektspørgsmål!$IO$33,TRUE,FALSE) -> FALSE | D16: =IF(C16=TRUE,MAX(D2:D15)+1,0) -> 0 | E16: =Projektspørgsmål!HX2 -> Plads til fællesskaber | F16: =Projektspørgsmål!JQ7 -> 0 | G16: =Projektspørgsmål!JQ11 -> 0 | H16: =IF(AND($F16=H$1,$G16=I$1,COUNTIF(H2:H15,">0")<=1),$F$16-$AQ$1,IF(AND($F16=H$1,$G16=I$1,COUNTIF(H2:H15,">0")>1),$F$16+$AQ$1,0)) -> 0 | I16: =IF(AND($F16=H$1,$G16=I$1,OR(COUNTIF(I2:I15,">0")=0,COUNTIF(I2:I15,">0")=3)),$G$16-$AQ$1,IF(AND($F16=H$1,$G16=I$1,OR(COUNTIF(I2:I15,">0")=1,COUNTIF(I2:I15,">0")=2)),$G$16+$AQ$1,0)) -> 0 | J16: =IF(AND($F16=J$1,$G16=K$1,COUNTIF(J2:J15,">0")<=1),$F$16-$AQ$1,IF(AND($F16=J$1,$G16=K$1,COUNTIF(J2:J15,">0")>1),$F$16+$AQ$1,0)) -> 0 | K16: =IF(AND($F16=J$1,$G16=K$1,OR(COUNTIF(K2:K15,">0")=0,COUNTIF(K2:K15,">0")=3)),$G$16-$AQ$1,IF(AND($F16=J$1,$G16=K$1,OR(COUNTIF(K2:K15,">0")=1,COUNTIF(K2:K15,">0")=2)),$G$16+$AQ$1,0)) -> 0 | L16: =IF(AND($F16=L$1,$G16=M$1,COUNTIF(L2:L15,">0")<=1),$F$16-$AQ$1,IF(AND($F16=L$1,$G16=M$1,COUNTIF(L2:L15,">0")>1),$F$16+$AQ$1,0)) -> 0 | M16: =IF(AND($F16=L$1,$G16=M$1,OR(COUNTIF(M2:M15,">0")=0,COUNTIF(M2:M15,">0")=3)),$G$16-$AQ$1,IF(AND($F16=L$1,$G16=M$1,OR(COUNTIF(M2:M15,">0")=1,COUNTIF(M2:M15,">0")=2)),$G$16+$AQ$1,0)) -> 0 | N16: =IF(AND($F16=N$1,$G16=O$1,COUNTIF(N2:N15,">0")<=1),$F$16-$AQ$1,IF(AND($F16=N$1,$G16=O$1,COUNTIF(N2:N15,">0")>1),$F$16+$AQ$1,0)) -> 0 | O16: =IF(AND($F16=N$1,$G16=O$1,OR(COUNTIF(O2:O15,">0")=0,COUNTIF(O2:O15,">0")=3)),$G$16-$AQ$1,IF(AND($F16=N$1,$G16=O$1,OR(COUNTIF(O2:O15,">0")=1,COUNTIF(O2:O15,">0")=2)),$G$16+$AQ$1,0)) -> 0 | P16: =IF(AND($F16=P$1,$G16=Q$1,COUNTIF(P2:P15,">0")<=1),$F$16-$AQ$1,IF(AND($F16=P$1,$G16=Q$1,COUNTIF(P2:P15,">0")>1),$F$16+$AQ$1,0)) -> 0 | Q16: =IF(AND($F16=P$1,$G16=Q$1,OR(COUNTIF(Q2:Q15,">0")=0,COUNTIF(Q2:Q15,">0")=3)),$G$16-$AQ$1,IF(AND($F16=P$1,$G16=Q$1,OR(COUNTIF(Q2:Q15,">0")=1,COUNTIF(Q2:Q15,">0")=2)),$G$16+$AQ$1,0)) -> 0 | R16: =IF(AND($F16=R$1,$G16=S$1,COUNTIF(R2:R15,">0")<=1),$F$16-$AQ$1,IF(AND($F16=R$1,$G16=S$1,COUNTIF(R2:R15,">0")>1),$F$16+$AQ$1,0)) -> 0 | S16: =IF(AND($F16=R$1,$G16=S$1,OR(COUNTIF(S2:S15,">0")=0,COUNTIF(S2:S15,">0")=3)),$G$16-$AQ$1,IF(AND($F16=R$1,$G16=S$1,OR(COUNTIF(S2:S15,">0")=1,COUNTIF(S2:S15,">0")=2)),$G$16+$AQ$1,0)) -> 0 | T16: =IF(AND($F16=T$1,$G16=U$1,COUNTIF(T2:T15,">0")<=1),$F$16-$AQ$1,IF(AND($F16=T$1,$G16=U$1,COUNTIF(T2:T15,">0")>1),$F$16+$AQ$1,0)) -> 0 | U16: =IF(AND($F16=T$1,$G16=U$1,OR(COUNTIF(U2:U15,">0")=0,COUNTIF(U2:U15,">0")=3)),$G$16-$AQ$1,IF(AND($F16=T$1,$G16=U$1,OR(COUNTIF(U2:U15,">0")=1,COUNTIF(U2:U15,">0")=2)),$G$16+$AQ$1,0)) -> 0 | V16: =IF(AND($F16=V$1,$G16=W$1,COUNTIF(V2:V15,">0")<=1),$F$16-$AQ$1,IF(AND($F16=V$1,$G16=W$1,COUNTIF(V2:V15,">0")>1),$F$16+$AQ$1,0)) -> 0 | W16: =IF(AND($F16=V$1,$G16=W$1,OR(COUNTIF(W2:W15,">0")=0,COUNTIF(W2:W15,">0")=3)),$G$16-$AQ$1,IF(AND($F16=V$1,$G16=W$1,OR(COUNTIF(W2:W15,">0")=1,COUNTIF(W2:W15,">0")=2)),$G$16+$AQ$1,0)) -> 0 | X16: =IF(AND($F16=X$1,$G16=Y$1,COUNTIF(X2:X15,">0")<=1),$F$16-$AQ$1,IF(AND($F16=X$1,$G16=Y$1,COUNTIF(X2:X15,">0")>1),$F$16+$AQ$1,0)) -> 0 | Y16: =IF(AND($F16=X$1,$G16=Y$1,OR(COUNTIF(Y2:Y15,">0")=0,COUNTIF(Y2:Y15,">0")=3)),$G$16-$AQ$1,IF(AND($F16=X$1,$G16=Y$1,OR(COUNTIF(Y2:Y15,">0")=1,COUNTIF(Y2:Y15,">0")=2)),$G$16+$AQ$1,0)) -> 0 | Z16: =IF(AND($F16=Z$1,$G16=AA$1,COUNTIF(Z2:Z15,">0")<=1),$F$16-$AQ$1,IF(AND($F16=Z$1,$G16=AA$1,COUNTIF(Z2:Z15,">0")>1),$F$16+$AQ$1,0)) -> 0 | AA16: =IF(AND($F16=Z$1,$G16=AA$1,OR(COUNTIF(AA2:AA15,">0")=0,COUNTIF(AA2:AA15,">0")=3)),$G$16-$AQ$1,IF(AND($F16=Z$1,$G16=AA$1,OR(COUNTIF(AA2:AA15,">0")=1,COUNTIF(AA2:AA15,">0")=2)),$G$16+$AQ$1,0)) -> 0 | AB16: =IF(AND($F16=AB$1,$G16=AC$1,COUNTIF(AB2:AB15,">0")<=1),$F$16-$AQ$1,IF(AND($F16=AB$1,$G16=AC$1,COUNTIF(AB2:AB15,">0")>1),$F$16+$AQ$1,0)) -> 0 | AC16: =IF(AND($F16=AB$1,$G16=AC$1,OR(COUNTIF(AC2:AC15,">0")=0,COUNTIF(AC2:AC15,">0")=3)),$G$16-$AQ$1,IF(AND($F16=AB$1,$G16=AC$1,OR(COUNTIF(AC2:AC15,">0")=1,COUNTIF(AC2:AC15,">0")=2)),$G$16+$AQ$1,0)) -> 0 | AD16: =IF(AND($F16=AD$1,$G16=AE$1,COUNTIF(AD2:AD15,">0")<=1),$F$16-$AQ$1,IF(AND($F16=AD$1,$G16=AE$1,COUNTIF(AD2:AD15,">0")>1),$F$16+$AQ$1,0)) -> 0 | AE16: =IF(AND($F16=AD$1,$G16=AE$1,OR(COUNTIF(AE2:AE15,">0")=0,COUNTIF(AE2:AE15,">0")=3)),$G$16-$AQ$1,IF(AND($F16=AD$1,$G16=AE$1,OR(COUNTIF(AE2:AE15,">0")=1,COUNTIF(AE2:AE15,">0")=2)),$G$16+$AQ$1,0)) -> 0 | AF16: =IF(AND($F16=AF$1,$G16=AG$1,COUNTIF(AF2:AF15,">0")<=1),$F$16-$AQ$1,IF(AND($F16=AF$1,$G16=AG$1,COUNTIF(AF2:AF15,">0")>1),$F$16+$AQ$1,0)) -> 0 | AG16: =IF(AND($F16=AF$1,$G16=AG$1,OR(COUNTIF(AG2:AG15,">0")=0,COUNTIF(AG2:AG15,">0")=3)),$G$16-$AQ$1,IF(AND($F16=AF$1,$G16=AG$1,OR(COUNTIF(AG2:AG15,">0")=1,COUNTIF(AG2:AG15,">0")=2)),$G$16+$AQ$1,0)) -> 0 | AH16: =IF(AND($F16=AH$1,$G16=AI$1,COUNTIF(AH2:AH15,">0")<=1),$F$16-$AQ$1,IF(AND($F16=AH$1,$G16=AI$1,COUNTIF(AH2:AH15,">0")>1),$F$16+$AQ$1,0)) -> 0 | AI16: =IF(AND($F16=AH$1,$G16=AI$1,OR(COUNTIF(AI2:AI15,">0")=0,COUNTIF(AI2:AI15,">0")=3)),$G$16-$AQ$1,IF(AND($F16=AH$1,$G16=AI$1,OR(COUNTIF(AI2:AI15,">0")=1,COUNTIF(AI2:AI15,">0")=2)),$G$16+$AQ$1,0)) -> 0 | AJ16: =IF(AND($F16=AJ$1,$G16=AK$1,COUNTIF(AJ2:AJ15,">0")<=1),$F$16-$AQ$1,IF(AND($F16=AJ$1,$G16=AK$1,COUNTIF(AJ2:AJ15,">0")>1),$F$16+$AQ$1,0)) -> 0 | AK16: =IF(AND($F16=AJ$1,$G16=AK$1,OR(COUNTIF(AK2:AK15,">0")=0,COUNTIF(AK2:AK15,">0")=3)),$G$16-$AQ$1,IF(AND($F16=AJ$1,$G16=AK$1,OR(COUNTIF(AK2:AK15,">0")=1,COUNTIF(AK2:AK15,">0")=2)),$G$16+$AQ$1,0)) -> 0 | AL16: =IF(AND($F16=AL$1,$G16=AM$1,COUNTIF(AL2:AL15,">0")<=1),$F$16-$AQ$1,IF(AND($F16=AL$1,$G16=AM$1,COUNTIF(AL2:AL15,">0")>1),$F$16+$AQ$1,0)) -> 0 | AM16: =IF(AND($F16=AL$1,$G16=AM$1,OR(COUNTIF(AM2:AM15,">0")=0,COUNTIF(AM2:AM15,">0")=3)),$G$16-$AQ$1,IF(AND($F16=AL$1,$G16=AM$1,OR(COUNTIF(AM2:AM15,">0")=1,COUNTIF(AM2:AM15,">0")=2)),$G$16+$AQ$1,0)) -> 0 | AN16: =SUM(I16,K16,M16,O16,Q16,S16,U16,W16,Y16,AA16,AC16,AE16,AG16,AI16,AK16,AM16) -> 0 | AO16: =SUM(H16,J16,L16,N16,P16,R16,T16,V16,X16,Z16,AB16,AD16,AF16,AH16,AJ16,AL16) -> 0 | AP16: =IF(Projektspørgsmål!$HM$27="","",Projektspørgsmål!$HM$27)
A17: Ressourcer og forsyning | B17: =AVERAGE(F17:F19) -> #REF! | C17: =IF(Projektspørgsmål!#REF!=Projektspørgsmål!$IO$33,TRUE,FALSE) -> #REF! | D17: =IF(C17=TRUE,MAX(D2:D16)+1,0) -> #REF! | E17: =Projektspørgsmål!#REF! -> #REF! | F17: =Projektspørgsmål!#REF! -> #REF! | G17: =Projektspørgsmål!#REF! -> #REF! | H17: =IF(AND($F17=H$1,$G17=I$1,COUNTIF(H2:H16,">0")<=1),$F$17-$AQ$1,IF(AND($F17=H$1,$G17=I$1,COUNTIF(H2:H16,">0")>1),$F$17+$AQ$1,0)) -> #REF! | I17: =IF(AND($F17=H$1,$G17=I$1,OR(COUNTIF(I2:I16,">0")=0,COUNTIF(I2:I16,">0")=3)),$G$17-$AQ$1,IF(AND($F17=H$1,$G17=I$1,OR(COUNTIF(I2:I16,">0")=1,COUNTIF(I2:I16,">0")=2)),$G$17+$AQ$1,0)) -> #REF! | J17: =IF(AND($F17=J$1,$G17=K$1,COUNTIF(J2:J16,">0")<=1),$F$17-$AQ$1,IF(AND($F17=J$1,$G17=K$1,COUNTIF(J2:J16,">0")>1),$F$17+$AQ$1,0)) -> #REF! | K17: =IF(AND($F17=J$1,$G17=K$1,OR(COUNTIF(K2:K16,">0")=0,COUNTIF(K2:K16,">0")=3)),$G$17-$AQ$1,IF(AND($F17=J$1,$G17=K$1,OR(COUNTIF(K2:K16,">0")=1,COUNTIF(K2:K16,">0")=2)),$G$17+$AQ$1,0)) -> #REF! | L17: =IF(AND($F17=L$1,$G17=M$1,COUNTIF(L2:L16,">0")<=1),$F$17-$AQ$1,IF(AND($F17=L$1,$G17=M$1,COUNTIF(L2:L16,">0")>1),$F$17+$AQ$1,0)) -> #REF! | M17: =IF(AND($F17=L$1,$G17=M$1,OR(COUNTIF(M2:M16,">0")=0,COUNTIF(M2:M16,">0")=3)),$G$17-$AQ$1,IF(AND($F17=L$1,$G17=M$1,OR(COUNTIF(M2:M16,">0")=1,COUNTIF(M2:M16,">0")=2)),$G$17+$AQ$1,0)) -> #REF! | N17: =IF(AND($F17=N$1,$G17=O$1,COUNTIF(N2:N16,">0")<=1),$F$17-$AQ$1,IF(AND($F17=N$1,$G17=O$1,COUNTIF(N2:N16,">0")>1),$F$17+$AQ$1,0)) -> #REF! | O17: =IF(AND($F17=N$1,$G17=O$1,OR(COUNTIF(O2:O16,">0")=0,COUNTIF(O2:O16,">0")=3)),$G$17-$AQ$1,IF(AND($F17=N$1,$G17=O$1,OR(COUNTIF(O2:O16,">0")=1,COUNTIF(O2:O16,">0")=2)),$G$17+$AQ$1,0)) -> #REF! | P17: =IF(AND($F17=P$1,$G17=Q$1,COUNTIF(P2:P16,">0")<=1),$F$17-$AQ$1,IF(AND($F17=P$1,$G17=Q$1,COUNTIF(P2:P16,">0")>1),$F$17+$AQ$1,0)) -> #REF! | Q17: =IF(AND($F17=P$1,$G17=Q$1,OR(COUNTIF(Q2:Q16,">0")=0,COUNTIF(Q2:Q16,">0")=3)),$G$17-$AQ$1,IF(AND($F17=P$1,$G17=Q$1,OR(COUNTIF(Q2:Q16,">0")=1,COUNTIF(Q2:Q16,">0")=2)),$G$17+$AQ$1,0)) -> #REF! | R17: =IF(AND($F17=R$1,$G17=S$1,COUNTIF(R2:R16,">0")<=1),$F$17-$AQ$1,IF(AND($F17=R$1,$G17=S$1,COUNTIF(R2:R16,">0")>1),$F$17+$AQ$1,0)) -> #REF! | S17: =IF(AND($F17=R$1,$G17=S$1,OR(COUNTIF(S2:S16,">0")=0,COUNTIF(S2:S16,">0")=3)),$G$17-$AQ$1,IF(AND($F17=R$1,$G17=S$1,OR(COUNTIF(S2:S16,">0")=1,COUNTIF(S2:S16,">0")=2)),$G$17+$AQ$1,0)) -> #REF! | T17: =IF(AND($F17=T$1,$G17=U$1,COUNTIF(T2:T16,">0")<=1),$F$17-$AQ$1,IF(AND($F17=T$1,$G17=U$1,COUNTIF(T2:T16,">0")>1),$F$17+$AQ$1,0)) -> #REF! | U17: =IF(AND($F17=T$1,$G17=U$1,OR(COUNTIF(U2:U16,">0")=0,COUNTIF(U2:U16,">0")=3)),$G$17-$AQ$1,IF(AND($F17=T$1,$G17=U$1,OR(COUNTIF(U2:U16,">0")=1,COUNTIF(U2:U16,">0")=2)),$G$17+$AQ$1,0)) -> #REF! | V17: =IF(AND($F17=V$1,$G17=W$1,COUNTIF(V2:V16,">0")<=1),$F$17-$AQ$1,IF(AND($F17=V$1,$G17=W$1,COUNTIF(V2:V16,">0")>1),$F$17+$AQ$1,0)) -> #REF! | W17: =IF(AND($F17=V$1,$G17=W$1,OR(COUNTIF(W2:W16,">0")=0,COUNTIF(W2:W16,">0")=3)),$G$17-$AQ$1,IF(AND($F17=V$1,$G17=W$1,OR(COUNTIF(W2:W16,">0")=1,COUNTIF(W2:W16,">0")=2)),$G$17+$AQ$1,0)) -> #REF! | X17: =IF(AND($F17=X$1,$G17=Y$1,COUNTIF(X2:X16,">0")<=1),$F$17-$AQ$1,IF(AND($F17=X$1,$G17=Y$1,COUNTIF(X2:X16,">0")>1),$F$17+$AQ$1,0)) -> #REF! | Y17: =IF(AND($F17=X$1,$G17=Y$1,OR(COUNTIF(Y2:Y16,">0")=0,COUNTIF(Y2:Y16,">0")=3)),$G$17-$AQ$1,IF(AND($F17=X$1,$G17=Y$1,OR(COUNTIF(Y2:Y16,">0")=1,COUNTIF(Y2:Y16,">0")=2)),$G$17+$AQ$1,0)) -> #REF! | Z17: =IF(AND($F17=Z$1,$G17=AA$1,COUNTIF(Z2:Z16,">0")<=1),$F$17-$AQ$1,IF(AND($F17=Z$1,$G17=AA$1,COUNTIF(Z2:Z16,">0")>1),$F$17+$AQ$1,0)) -> #REF! | AA17: =IF(AND($F17=Z$1,$G17=AA$1,OR(COUNTIF(AA2:AA16,">0")=0,COUNTIF(AA2:AA16,">0")=3)),$G$17-$AQ$1,IF(AND($F17=Z$1,$G17=AA$1,OR(COUNTIF(AA2:AA16,">0")=1,COUNTIF(AA2:AA16,">0")=2)),$G$17+$AQ$1,0)) -> #REF! | AB17: =IF(AND($F17=AB$1,$G17=AC$1,COUNTIF(AB2:AB16,">0")<=1),$F$17-$AQ$1,IF(AND($F17=AB$1,$G17=AC$1,COUNTIF(AB2:AB16,">0")>1),$F$17+$AQ$1,0)) -> #REF! | AC17: =IF(AND($F17=AB$1,$G17=AC$1,OR(COUNTIF(AC2:AC16,">0")=0,COUNTIF(AC2:AC16,">0")=3)),$G$17-$AQ$1,IF(AND($F17=AB$1,$G17=AC$1,OR(COUNTIF(AC2:AC16,">0")=1,COUNTIF(AC2:AC16,">0")=2)),$G$17+$AQ$1,0)) -> #REF! | AD17: =IF(AND($F17=AD$1,$G17=AE$1,COUNTIF(AD2:AD16,">0")<=1),$F$17-$AQ$1,IF(AND($F17=AD$1,$G17=AE$1,COUNTIF(AD2:AD16,">0")>1),$F$17+$AQ$1,0)) -> #REF! | AE17: =IF(AND($F17=AD$1,$G17=AE$1,OR(COUNTIF(AE2:AE16,">0")=0,COUNTIF(AE2:AE16,">0")=3)),$G$17-$AQ$1,IF(AND($F17=AD$1,$G17=AE$1,OR(COUNTIF(AE2:AE16,">0")=1,COUNTIF(AE2:AE16,">0")=2)),$G$17+$AQ$1,0)) -> #REF! | AF17: =IF(AND($F17=AF$1,$G17=AG$1,COUNTIF(AF2:AF16,">0")<=1),$F$17-$AQ$1,IF(AND($F17=AF$1,$G17=AG$1,COUNTIF(AF2:AF16,">0")>1),$F$17+$AQ$1,0)) -> #REF! | AG17: =IF(AND($F17=AF$1,$G17=AG$1,OR(COUNTIF(AG2:AG16,">0")=0,COUNTIF(AG2:AG16,">0")=3)),$G$17-$AQ$1,IF(AND($F17=AF$1,$G17=AG$1,OR(COUNTIF(AG2:AG16,">0")=1,COUNTIF(AG2:AG16,">0")=2)),$G$17+$AQ$1,0)) -> #REF! | AH17: =IF(AND($F17=AH$1,$G17=AI$1,COUNTIF(AH2:AH16,">0")<=1),$F$17-$AQ$1,IF(AND($F17=AH$1,$G17=AI$1,COUNTIF(AH2:AH16,">0")>1),$F$17+$AQ$1,0)) -> #REF! | AI17: =IF(AND($F17=AH$1,$G17=AI$1,OR(COUNTIF(AI2:AI16,">0")=0,COUNTIF(AI2:AI16,">0")=3)),$G$17-$AQ$1,IF(AND($F17=AH$1,$G17=AI$1,OR(COUNTIF(AI2:AI16,">0")=1,COUNTIF(AI2:AI16,">0")=2)),$G$17+$AQ$1,0)) -> #REF! | AJ17: =IF(AND($F17=AJ$1,$G17=AK$1,COUNTIF(AJ2:AJ16,">0")<=1),$F$17-$AQ$1,IF(AND($F17=AJ$1,$G17=AK$1,COUNTIF(AJ2:AJ16,">0")>1),$F$17+$AQ$1,0)) -> #REF! | AK17: =IF(AND($F17=AJ$1,$G17=AK$1,OR(COUNTIF(AK2:AK16,">0")=0,COUNTIF(AK2:AK16,">0")=3)),$G$17-$AQ$1,IF(AND($F17=AJ$1,$G17=AK$1,OR(COUNTIF(AK2:AK16,">0")=1,COUNTIF(AK2:AK16,">0")=2)),$G$17+$AQ$1,0)) -> #REF! | AL17: =IF(AND($F17=AL$1,$G17=AM$1,COUNTIF(AL2:AL16,">0")<=1),$F$17-$AQ$1,IF(AND($F17=AL$1,$G17=AM$1,COUNTIF(AL2:AL16,">0")>1),$F$17+$AQ$1,0)) -> #REF! | AM17: =IF(AND($F17=AL$1,$G17=AM$1,OR(COUNTIF(AM2:AM16,">0")=0,COUNTIF(AM2:AM16,">0")=3)),$G$17-$AQ$1,IF(AND($F17=AL$1,$G17=AM$1,OR(COUNTIF(AM2:AM16,">0")=1,COUNTIF(AM2:AM16,">0")=2)),$G$17+$AQ$1,0)) -> #REF! | AN17: =SUM(I17,K17,M17,O17,Q17,S17,U17,W17,Y17,AA17,AC17,AE17,AG17,AI17,AK17,AM17) -> #REF! | AO17: =SUM(H17,J17,L17,N17,P17,R17,T17,V17,X17,Z17,AB17,AD17,AF17,AH17,AJ17,AL17) -> #REF! | AP17: =IF(Projektspørgsmål!#REF!="","",Projektspørgsmål!#REF!) -> #REF!
C18: =IF(Projektspørgsmål!#REF!=Projektspørgsmål!$IO$33,TRUE,FALSE) -> #REF! | D18: =IF(C18=TRUE,MAX(D2:D17)+1,0) -> #REF! | E18: =Projektspørgsmål!#REF! -> #REF! | F18: =Projektspørgsmål!#REF! -> #REF! | G18: =Projektspørgsmål!#REF! -> #REF! | H18: =IF(AND($F18=H$1,$G18=I$1,COUNTIF(H2:H17,">0")<=1),$F$18-$AQ$1,IF(AND($F18=H$1,$G18=I$1,COUNTIF(H2:H17,">0")>1),$F$18+$AQ$1,0)) -> #REF! | I18: =IF(AND($F18=H$1,$G18=I$1,OR(COUNTIF(I2:I17,">0")=0,COUNTIF(I2:I17,">0")=3)),$G$18-$AQ$1,IF(AND($F18=H$1,$G18=I$1,OR(COUNTIF(I2:I17,">0")=1,COUNTIF(I2:I17,">0")=2)),$G$18+$AQ$1,0)) -> #REF! | J18: =IF(AND($F18=J$1,$G18=K$1,COUNTIF(J2:J17,">0")<=1),$F$18-$AQ$1,IF(AND($F18=J$1,$G18=K$1,COUNTIF(J2:J17,">0")>1),$F$18+$AQ$1,0)) -> #REF! | K18: =IF(AND($F18=J$1,$G18=K$1,OR(COUNTIF(K2:K17,">0")=0,COUNTIF(K2:K17,">0")=3)),$G$18-$AQ$1,IF(AND($F18=J$1,$G18=K$1,OR(COUNTIF(K2:K17,">0")=1,COUNTIF(K2:K17,">0")=2)),$G$18+$AQ$1,0)) -> #REF! | L18: =IF(AND($F18=L$1,$G18=M$1,COUNTIF(L2:L17,">0")<=1),$F$18-$AQ$1,IF(AND($F18=L$1,$G18=M$1,COUNTIF(L2:L17,">0")>1),$F$18+$AQ$1,0)) -> #REF! | M18: =IF(AND($F18=L$1,$G18=M$1,OR(COUNTIF(M2:M17,">0")=0,COUNTIF(M2:M17,">0")=3)),$G$18-$AQ$1,IF(AND($F18=L$1,$G18=M$1,OR(COUNTIF(M2:M17,">0")=1,COUNTIF(M2:M17,">0")=2)),$G$18+$AQ$1,0)) -> #REF! | N18: =IF(AND($F18=N$1,$G18=O$1,COUNTIF(N2:N17,">0")<=1),$F$18-$AQ$1,IF(AND($F18=N$1,$G18=O$1,COUNTIF(N2:N17,">0")>1),$F$18+$AQ$1,0)) -> #REF! | O18: =IF(AND($F18=N$1,$G18=O$1,OR(COUNTIF(O2:O17,">0")=0,COUNTIF(O2:O17,">0")=3)),$G$18-$AQ$1,IF(AND($F18=N$1,$G18=O$1,OR(COUNTIF(O2:O17,">0")=1,COUNTIF(O2:O17,">0")=2)),$G$18+$AQ$1,0)) -> #REF! | P18: =IF(AND($F18=P$1,$G18=Q$1,COUNTIF(P2:P17,">0")<=1),$F$18-$AQ$1,IF(AND($F18=P$1,$G18=Q$1,COUNTIF(P2:P17,">0")>1),$F$18+$AQ$1,0)) -> #REF! | Q18: =IF(AND($F18=P$1,$G18=Q$1,OR(COUNTIF(Q2:Q17,">0")=0,COUNTIF(Q2:Q17,">0")=3)),$G$18-$AQ$1,IF(AND($F18=P$1,$G18=Q$1,OR(COUNTIF(Q2:Q17,">0")=1,COUNTIF(Q2:Q17,">0")=2)),$G$18+$AQ$1,0)) -> #REF! | R18: =IF(AND($F18=R$1,$G18=S$1,COUNTIF(R2:R17,">0")<=1),$F$18-$AQ$1,IF(AND($F18=R$1,$G18=S$1,COUNTIF(R2:R17,">0")>1),$F$18+$AQ$1,0)) -> #REF! | S18: =IF(AND($F18=R$1,$G18=S$1,OR(COUNTIF(S2:S17,">0")=0,COUNTIF(S2:S17,">0")=3)),$G$18-$AQ$1,IF(AND($F18=R$1,$G18=S$1,OR(COUNTIF(S2:S17,">0")=1,COUNTIF(S2:S17,">0")=2)),$G$18+$AQ$1,0)) -> #REF! | T18: =IF(AND($F18=T$1,$G18=U$1,COUNTIF(T2:T17,">0")<=1),$F$18-$AQ$1,IF(AND($F18=T$1,$G18=U$1,COUNTIF(T2:T17,">0")>1),$F$18+$AQ$1,0)) -> #REF! | U18: =IF(AND($F18=T$1,$G18=U$1,OR(COUNTIF(U2:U17,">0")=0,COUNTIF(U2:U17,">0")=3)),$G$18-$AQ$1,IF(AND($F18=T$1,$G18=U$1,OR(COUNTIF(U2:U17,">0")=1,COUNTIF(U2:U17,">0")=2)),$G$18+$AQ$1,0)) -> #REF! | V18: =IF(AND($F18=V$1,$G18=W$1,COUNTIF(V2:V17,">0")<=1),$F$18-$AQ$1,IF(AND($F18=V$1,$G18=W$1,COUNTIF(V2:V17,">0")>1),$F$18+$AQ$1,0)) -> #REF! | W18: =IF(AND($F18=V$1,$G18=W$1,OR(COUNTIF(W2:W17,">0")=0,COUNTIF(W2:W17,">0")=3)),$G$18-$AQ$1,IF(AND($F18=V$1,$G18=W$1,OR(COUNTIF(W2:W17,">0")=1,COUNTIF(W2:W17,">0")=2)),$G$18+$AQ$1,0)) -> #REF! | X18: =IF(AND($F18=X$1,$G18=Y$1,COUNTIF(X2:X17,">0")<=1),$F$18-$AQ$1,IF(AND($F18=X$1,$G18=Y$1,COUNTIF(X2:X17,">0")>1),$F$18+$AQ$1,0)) -> #REF! | Y18: =IF(AND($F18=X$1,$G18=Y$1,OR(COUNTIF(Y2:Y17,">0")=0,COUNTIF(Y2:Y17,">0")=3)),$G$18-$AQ$1,IF(AND($F18=X$1,$G18=Y$1,OR(COUNTIF(Y2:Y17,">0")=1,COUNTIF(Y2:Y17,">0")=2)),$G$18+$AQ$1,0)) -> #REF! | Z18: =IF(AND($F18=Z$1,$G18=AA$1,COUNTIF(Z2:Z17,">0")<=1),$F$18-$AQ$1,IF(AND($F18=Z$1,$G18=AA$1,COUNTIF(Z2:Z17,">0")>1),$F$18+$AQ$1,0)) -> #REF! | AA18: =IF(AND($F18=Z$1,$G18=AA$1,OR(COUNTIF(AA2:AA17,">0")=0,COUNTIF(AA2:AA17,">0")=3)),$G$18-$AQ$1,IF(AND($F18=Z$1,$G18=AA$1,OR(COUNTIF(AA2:AA17,">0")=1,COUNTIF(AA2:AA17,">0")=2)),$G$18+$AQ$1,0)) -> #REF! | AB18: =IF(AND($F18=AB$1,$G18=AC$1,COUNTIF(AB2:AB17,">0")<=1),$F$18-$AQ$1,IF(AND($F18=AB$1,$G18=AC$1,COUNTIF(AB2:AB17,">0")>1),$F$18+$AQ$1,0)) -> #REF! | AC18: =IF(AND($F18=AB$1,$G18=AC$1,OR(COUNTIF(AC2:AC17,">0")=0,COUNTIF(AC2:AC17,">0")=3)),$G$18-$AQ$1,IF(AND($F18=AB$1,$G18=AC$1,OR(COUNTIF(AC2:AC17,">0")=1,COUNTIF(AC2:AC17,">0")=2)),$G$18+$AQ$1,0)) -> #REF! | AD18: =IF(AND($F18=AD$1,$G18=AE$1,COUNTIF(AD2:AD17,">0")<=1),$F$18-$AQ$1,IF(AND($F18=AD$1,$G18=AE$1,COUNTIF(AD2:AD17,">0")>1),$F$18+$AQ$1,0)) -> #REF! | AE18: =IF(AND($F18=AD$1,$G18=AE$1,OR(COUNTIF(AE2:AE17,">0")=0,COUNTIF(AE2:AE17,">0")=3)),$G$18-$AQ$1,IF(AND($F18=AD$1,$G18=AE$1,OR(COUNTIF(AE2:AE17,">0")=1,COUNTIF(AE2:AE17,">0")=2)),$G$18+$AQ$1,0)) -> #REF! | AF18: =IF(AND($F18=AF$1,$G18=AG$1,COUNTIF(AF2:AF17,">0")<=1),$F$18-$AQ$1,IF(AND($F18=AF$1,$G18=AG$1,COUNTIF(AF2:AF17,">0")>1),$F$18+$AQ$1,0)) -> #REF! | AG18: =IF(AND($F18=AF$1,$G18=AG$1,OR(COUNTIF(AG2:AG17,">0")=0,COUNTIF(AG2:AG17,">0")=3)),$G$18-$AQ$1,IF(AND($F18=AF$1,$G18=AG$1,OR(COUNTIF(AG2:AG17,">0")=1,COUNTIF(AG2:AG17,">0")=2)),$G$18+$AQ$1,0)) -> #REF! | AH18: =IF(AND($F18=AH$1,$G18=AI$1,COUNTIF(AH2:AH17,">0")<=1),$F$18-$AQ$1,IF(AND($F18=AH$1,$G18=AI$1,COUNTIF(AH2:AH17,">0")>1),$F$18+$AQ$1,0)) -> #REF! | AI18: =IF(AND($F18=AH$1,$G18=AI$1,OR(COUNTIF(AI2:AI17,">0")=0,COUNTIF(AI2:AI17,">0")=3)),$G$18-$AQ$1,IF(AND($F18=AH$1,$G18=AI$1,OR(COUNTIF(AI2:AI17,">0")=1,COUNTIF(AI2:AI17,">0")=2)),$G$18+$AQ$1,0)) -> #REF! | AJ18: =IF(AND($F18=AJ$1,$G18=AK$1,COUNTIF(AJ2:AJ17,">0")<=1),$F$18-$AQ$1,IF(AND($F18=AJ$1,$G18=AK$1,COUNTIF(AJ2:AJ17,">0")>1),$F$18+$AQ$1,0)) -> #REF! | AK18: =IF(AND($F18=AJ$1,$G18=AK$1,OR(COUNTIF(AK2:AK17,">0")=0,COUNTIF(AK2:AK17,">0")=3)),$G$18-$AQ$1,IF(AND($F18=AJ$1,$G18=AK$1,OR(COUNTIF(AK2:AK17,">0")=1,COUNTIF(AK2:AK17,">0")=2)),$G$18+$AQ$1,0)) -> #REF! | AL18: =IF(AND($F18=AL$1,$G18=AM$1,COUNTIF(AL2:AL17,">0")<=1),$F$18-$AQ$1,IF(AND($F18=AL$1,$G18=AM$1,COUNTIF(AL2:AL17,">0")>1),$F$18+$AQ$1,0)) -> #REF! | AM18: =IF(AND($F18=AL$1,$G18=AM$1,OR(COUNTIF(AM2:AM17,">0")=0,COUNTIF(AM2:AM17,">0")=3)),$G$18-$AQ$1,IF(AND($F18=AL$1,$G18=AM$1,OR(COUNTIF(AM2:AM17,">0")=1,COUNTIF(AM2:AM17,">0")=2)),$G$18+$AQ$1,0)) -> #REF! | AN18: =SUM(I18,K18,M18,O18,Q18,S18,U18,W18,Y18,AA18,AC18,AE18,AG18,AI18,AK18,AM18) -> #REF! | AO18: =SUM(H18,J18,L18,N18,P18,R18,T18,V18,X18,Z18,AB18,AD18,AF18,AH18,AJ18,AL18) -> #REF! | AP18: =IF(Projektspørgsmål!#REF!="","",Projektspørgsmål!#REF!) -> #REF!
C19: =IF(Projektspørgsmål!#REF!=Projektspørgsmål!$IO$33,TRUE,FALSE) -> #REF! | D19: =IF(C19=TRUE,MAX(D2:D18)+1,0) -> #REF! | E19: =Projektspørgsmål!#REF! -> #REF! | F19: =Projektspørgsmål!#REF! -> #REF! | G19: =Projektspørgsmål!#REF! -> #REF! | H19: =IF(AND($F19=H$1,$G19=I$1,COUNTIF(H2:H18,">0")<=1),$F$19-$AQ$1,IF(AND($F19=H$1,$G19=I$1,COUNTIF(H2:H18,">0")>1),$F$19+$AQ$1,0)) -> #REF! | I19: =IF(AND($F19=H$1,$G19=I$1,OR(COUNTIF(I2:I18,">0")=0,COUNTIF(I2:I18,">0")=3)),$G19-$AQ$1,IF(AND($F19=H$1,$G19=I$1,OR(COUNTIF(I2:I18,">0")=1,COUNTIF(I2:I18,">0")=2)),$G19+$AQ$1,0)) -> #REF! | J19: =IF(AND($F19=J$1,$G19=K$1,COUNTIF(J2:J18,">0")<=1),$F$19-$AQ$1,IF(AND($F19=J$1,$G19=K$1,COUNTIF(J2:J18,">0")>1),$F$19+$AQ$1,0)) -> #REF! | K19: =IF(AND($F19=J$1,$G19=K$1,OR(COUNTIF(K2:K18,">0")=0,COUNTIF(K2:K18,">0")=3)),$G19-$AQ$1,IF(AND($F19=J$1,$G19=K$1,OR(COUNTIF(K2:K18,">0")=1,COUNTIF(K2:K18,">0")=2)),$G19+$AQ$1,0)) -> #REF! | L19: =IF(AND($F19=L$1,$G19=M$1,COUNTIF(L2:L18,">0")<=1),$F$19-$AQ$1,IF(AND($F19=L$1,$G19=M$1,COUNTIF(L2:L18,">0")>1),$F$19+$AQ$1,0)) -> #REF! | M19: =IF(AND($F19=L$1,$G19=M$1,OR(COUNTIF(M2:M18,">0")=0,COUNTIF(M2:M18,">0")=3)),$G19-$AQ$1,IF(AND($F19=L$1,$G19=M$1,OR(COUNTIF(M2:M18,">0")=1,COUNTIF(M2:M18,">0")=2)),$G19+$AQ$1,0)) -> #REF! | N19: =IF(AND($F19=N$1,$G19=O$1,COUNTIF(N2:N18,">0")<=1),$F$19-$AQ$1,IF(AND($F19=N$1,$G19=O$1,COUNTIF(N2:N18,">0")>1),$F$19+$AQ$1,0)) -> #REF! | O19: =IF(AND($F19=N$1,$G19=O$1,OR(COUNTIF(O2:O18,">0")=0,COUNTIF(O2:O18,">0")=3)),$G19-$AQ$1,IF(AND($F19=N$1,$G19=O$1,OR(COUNTIF(O2:O18,">0")=1,COUNTIF(O2:O18,">0")=2)),$G19+$AQ$1,0)) -> #REF! | P19: =IF(AND($F19=P$1,$G19=Q$1,COUNTIF(P2:P18,">0")<=1),$F$19-$AQ$1,IF(AND($F19=P$1,$G19=Q$1,COUNTIF(P2:P18,">0")>1),$F$19+$AQ$1,0)) -> #REF! | Q19: =IF(AND($F19=P$1,$G19=Q$1,OR(COUNTIF(Q2:Q18,">0")=0,COUNTIF(Q2:Q18,">0")=3)),$G19-$AQ$1,IF(AND($F19=P$1,$G19=Q$1,OR(COUNTIF(Q2:Q18,">0")=1,COUNTIF(Q2:Q18,">0")=2)),$G19+$AQ$1,0)) -> #REF! | R19: =IF(AND($F19=R$1,$G19=S$1,COUNTIF(R2:R18,">0")<=1),$F$19-$AQ$1,IF(AND($F19=R$1,$G19=S$1,COUNTIF(R2:R18,">0")>1),$F$19+$AQ$1,0)) -> #REF! | S19: =IF(AND($F19=R$1,$G19=S$1,OR(COUNTIF(S2:S18,">0")=0,COUNTIF(S2:S18,">0")=3)),$G19-$AQ$1,IF(AND($F19=R$1,$G19=S$1,OR(COUNTIF(S2:S18,">0")=1,COUNTIF(S2:S18,">0")=2)),$G19+$AQ$1,0)) -> #REF! | T19: =IF(AND($F19=T$1,$G19=U$1,COUNTIF(T2:T18,">0")<=1),$F$19-$AQ$1,IF(AND($F19=T$1,$G19=U$1,COUNTIF(T2:T18,">0")>1),$F$19+$AQ$1,0)) -> #REF! | U19: =IF(AND($F19=T$1,$G19=U$1,OR(COUNTIF(U2:U18,">0")=0,COUNTIF(U2:U18,">0")=3)),$G19-$AQ$1,IF(AND($F19=T$1,$G19=U$1,OR(COUNTIF(U2:U18,">0")=1,COUNTIF(U2:U18,">0")=2)),$G19+$AQ$1,0)) -> #REF! | V19: =IF(AND($F19=V$1,$G19=W$1,COUNTIF(V2:V18,">0")<=1),$F$19-$AQ$1,IF(AND($F19=V$1,$G19=W$1,COUNTIF(V2:V18,">0")>1),$F$19+$AQ$1,0)) -> #REF! | W19: =IF(AND($F19=V$1,$G19=W$1,OR(COUNTIF(W2:W18,">0")=0,COUNTIF(W2:W18,">0")=3)),$G19-$AQ$1,IF(AND($F19=V$1,$G19=W$1,OR(COUNTIF(W2:W18,">0")=1,COUNTIF(W2:W18,">0")=2)),$G19+$AQ$1,0)) -> #REF! | X19: =IF(AND($F19=X$1,$G19=Y$1,COUNTIF(X2:X18,">0")<=1),$F$19-$AQ$1,IF(AND($F19=X$1,$G19=Y$1,COUNTIF(X2:X18,">0")>1),$F$19+$AQ$1,0)) -> #REF! | Y19: =IF(AND($F19=X$1,$G19=Y$1,OR(COUNTIF(Y2:Y18,">0")=0,COUNTIF(Y2:Y18,">0")=3)),$G19-$AQ$1,IF(AND($F19=X$1,$G19=Y$1,OR(COUNTIF(Y2:Y18,">0")=1,COUNTIF(Y2:Y18,">0")=2)),$G19+$AQ$1,0)) -> #REF! | Z19: =IF(AND($F19=Z$1,$G19=AA$1,COUNTIF(Z2:Z18,">0")<=1),$F$19-$AQ$1,IF(AND($F19=Z$1,$G19=AA$1,COUNTIF(Z2:Z18,">0")>1),$F$19+$AQ$1,0)) -> #REF! | AA19: =IF(AND($F19=Z$1,$G19=AA$1,OR(COUNTIF(AA2:AA18,">0")=0,COUNTIF(AA2:AA18,">0")=3)),$G19-$AQ$1,IF(AND($F19=Z$1,$G19=AA$1,OR(COUNTIF(AA2:AA18,">0")=1,COUNTIF(AA2:AA18,">0")=2)),$G19+$AQ$1,0)) -> #REF! | AB19: =IF(AND($F19=AB$1,$G19=AC$1,COUNTIF(AB2:AB18,">0")<=1),$F$19-$AQ$1,IF(AND($F19=AB$1,$G19=AC$1,COUNTIF(AB2:AB18,">0")>1),$F$19+$AQ$1,0)) -> #REF! | AC19: =IF(AND($F19=AB$1,$G19=AC$1,OR(COUNTIF(AC2:AC18,">0")=0,COUNTIF(AC2:AC18,">0")=3)),$G19-$AQ$1,IF(AND($F19=AB$1,$G19=AC$1,OR(COUNTIF(AC2:AC18,">0")=1,COUNTIF(AC2:AC18,">0")=2)),$G19+$AQ$1,0)) -> #REF! | AD19: =IF(AND($F19=AD$1,$G19=AE$1,COUNTIF(AD2:AD18,">0")<=1),$F$19-$AQ$1,IF(AND($F19=AD$1,$G19=AE$1,COUNTIF(AD2:AD18,">0")>1),$F$19+$AQ$1,0)) -> #REF! | AE19: =IF(AND($F19=AD$1,$G19=AE$1,OR(COUNTIF(AE2:AE18,">0")=0,COUNTIF(AE2:AE18,">0")=3)),$G19-$AQ$1,IF(AND($F19=AD$1,$G19=AE$1,OR(COUNTIF(AE2:AE18,">0")=1,COUNTIF(AE2:AE18,">0")=2)),$G19+$AQ$1,0)) -> #REF! | AF19: =IF(AND($F19=AF$1,$G19=AG$1,COUNTIF(AF2:AF18,">0")<=1),$F$19-$AQ$1,IF(AND($F19=AF$1,$G19=AG$1,COUNTIF(AF2:AF18,">0")>1),$F$19+$AQ$1,0)) -> #REF! | AG19: =IF(AND($F19=AF$1,$G19=AG$1,OR(COUNTIF(AG2:AG18,">0")=0,COUNTIF(AG2:AG18,">0")=3)),$G19-$AQ$1,IF(AND($F19=AF$1,$G19=AG$1,OR(COUNTIF(AG2:AG18,">0")=1,COUNTIF(AG2:AG18,">0")=2)),$G19+$AQ$1,0)) -> #REF! | AH19: =IF(AND($F19=AH$1,$G19=AI$1,COUNTIF(AH2:AH18,">0")<=1),$F$19-$AQ$1,IF(AND($F19=AH$1,$G19=AI$1,COUNTIF(AH2:AH18,">0")>1),$F$19+$AQ$1,0)) -> #REF! | AI19: =IF(AND($F19=AH$1,$G19=AI$1,OR(COUNTIF(AI2:AI18,">0")=0,COUNTIF(AI2:AI18,">0")=3)),$G19-$AQ$1,IF(AND($F19=AH$1,$G19=AI$1,OR(COUNTIF(AI2:AI18,">0")=1,COUNTIF(AI2:AI18,">0")=2)),$G19+$AQ$1,0)) -> #REF! | AJ19: =IF(AND($F19=AJ$1,$G19=AK$1,COUNTIF(AJ2:AJ18,">0")<=1),$F$19-$AQ$1,IF(AND($F19=AJ$1,$G19=AK$1,COUNTIF(AJ2:AJ18,">0")>1),$F$19+$AQ$1,0)) -> #REF! | AK19: =IF(AND($F19=AJ$1,$G19=AK$1,OR(COUNTIF(AK2:AK18,">0")=0,COUNTIF(AK2:AK18,">0")=3)),$G19-$AQ$1,IF(AND($F19=AJ$1,$G19=AK$1,OR(COUNTIF(AK2:AK18,">0")=1,COUNTIF(AK2:AK18,">0")=2)),$G19+$AQ$1,0)) -> #REF! | AL19: =IF(AND($F19=AL$1,$G19=AM$1,COUNTIF(AL2:AL18,">0")<=1),$F$19-$AQ$1,IF(AND($F19=AL$1,$G19=AM$1,COUNTIF(AL2:AL18,">0")>1),$F$19+$AQ$1,0)) -> #REF! | AM19: =IF(AND($F19=AL$1,$G19=AM$1,OR(COUNTIF(AM2:AM18,">0")=0,COUNTIF(AM2:AM18,">0")=3)),$G19-$AQ$1,IF(AND($F19=AL$1,$G19=AM$1,OR(COUNTIF(AM2:AM18,">0")=1,COUNTIF(AM2:AM18,">0")=2)),$G19+$AQ$1,0)) -> #REF! | AN19: =SUM(I19,K19,M19,O19,Q19,S19,U19,W19,Y19,AA19,AC19,AE19,AG19,AI19,AK19,AM19) -> #REF! | AO19: =SUM(H19,J19,L19,N19,P19,R19,T19,V19,X19,Z19,AB19,AD19,AF19,AH19,AJ19,AL19) -> #REF! | AP19: =IF(Projektspørgsmål!#REF!="","",Projektspørgsmål!#REF!) -> #REF!
A20: Natur og miljø | B20: =AVERAGE(F20:F25) -> #REF! | C20: =IF(Projektspørgsmål!#REF!=Projektspørgsmål!$IO$33,TRUE,FALSE) -> #REF! | D20: =IF(C20=TRUE,MAX(D2:D19)+1,0) -> #REF! | E20: =Projektspørgsmål!#REF! -> #REF! | F20: =Projektspørgsmål!#REF! -> #REF! | G20: =Projektspørgsmål!#REF! -> #REF! | H20: =IF(AND($F20=H$1,$G20=I$1,COUNTIF(H2:H19,">0")<=1),$F$20-$AQ$1,IF(AND($F20=H$1,$G20=I$1,COUNTIF(H2:H19,">0")>1),$F$20+$AQ$1,0)) -> #REF! | I20: =IF(AND($F20=H$1,$G20=I$1,OR(COUNTIF(I2:I19,">0")=0,COUNTIF(I2:I19,">0")=3)),$G20-$AQ$1,IF(AND($F20=H$1,$G20=I$1,OR(COUNTIF(I2:I19,">0")=1,COUNTIF(I2:I19,">0")=2)),$G20+$AQ$1,0)) -> #REF! | J20: =IF(AND($F20=J$1,$G20=K$1,COUNTIF(J2:J19,">0")<=1),$F$20-$AQ$1,IF(AND($F20=J$1,$G20=K$1,COUNTIF(J2:J19,">0")>1),$F$20+$AQ$1,0)) -> #REF! | K20: =IF(AND($F20=J$1,$G20=K$1,OR(COUNTIF(K2:K19,">0")=0,COUNTIF(K2:K19,">0")=3)),$G20-$AQ$1,IF(AND($F20=J$1,$G20=K$1,OR(COUNTIF(K2:K19,">0")=1,COUNTIF(K2:K19,">0")=2)),$G20+$AQ$1,0)) -> #REF! | L20: =IF(AND($F20=L$1,$G20=M$1,COUNTIF(L2:L19,">0")<=1),$F$20-$AQ$1,IF(AND($F20=L$1,$G20=M$1,COUNTIF(L2:L19,">0")>1),$F$20+$AQ$1,0)) -> #REF! | M20: =IF(AND($F20=L$1,$G20=M$1,OR(COUNTIF(M2:M19,">0")=0,COUNTIF(M2:M19,">0")=3)),$G20-$AQ$1,IF(AND($F20=L$1,$G20=M$1,OR(COUNTIF(M2:M19,">0")=1,COUNTIF(M2:M19,">0")=2)),$G20+$AQ$1,0)) -> #REF! | N20: =IF(AND($F20=N$1,$G20=O$1,COUNTIF(N2:N19,">0")<=1),$F$20-$AQ$1,IF(AND($F20=N$1,$G20=O$1,COUNTIF(N2:N19,">0")>1),$F$20+$AQ$1,0)) -> #REF! | O20: =IF(AND($F20=N$1,$G20=O$1,OR(COUNTIF(O2:O19,">0")=0,COUNTIF(O2:O19,">0")=3)),$G20-$AQ$1,IF(AND($F20=N$1,$G20=O$1,OR(COUNTIF(O2:O19,">0")=1,COUNTIF(O2:O19,">0")=2)),$G20+$AQ$1,0)) -> #REF! | P20: =IF(AND($F20=P$1,$G20=Q$1,COUNTIF(P2:P19,">0")<=1),$F$20-$AQ$1,IF(AND($F20=P$1,$G20=Q$1,COUNTIF(P2:P19,">0")>1),$F$20+$AQ$1,0)) -> #REF! | Q20: =IF(AND($F20=P$1,$G20=Q$1,OR(COUNTIF(Q2:Q19,">0")=0,COUNTIF(Q2:Q19,">0")=3)),$G20-$AQ$1,IF(AND($F20=P$1,$G20=Q$1,OR(COUNTIF(Q2:Q19,">0")=1,COUNTIF(Q2:Q19,">0")=2)),$G20+$AQ$1,0)) -> #REF! | R20: =IF(AND($F20=R$1,$G20=S$1,COUNTIF(R2:R19,">0")<=1),$F$20-$AQ$1,IF(AND($F20=R$1,$G20=S$1,COUNTIF(R2:R19,">0")>1),$F$20+$AQ$1,0)) -> #REF! | S20: =IF(AND($F20=R$1,$G20=S$1,OR(COUNTIF(S2:S19,">0")=0,COUNTIF(S2:S19,">0")=3)),$G20-$AQ$1,IF(AND($F20=R$1,$G20=S$1,OR(COUNTIF(S2:S19,">0")=1,COUNTIF(S2:S19,">0")=2)),$G20+$AQ$1,0)) -> #REF! | T20: =IF(AND($F20=T$1,$G20=U$1,COUNTIF(T2:T19,">0")<=1),$F$20-$AQ$1,IF(AND($F20=T$1,$G20=U$1,COUNTIF(T2:T19,">0")>1),$F$20+$AQ$1,0)) -> #REF! | U20: =IF(AND($F20=T$1,$G20=U$1,OR(COUNTIF(U2:U19,">0")=0,COUNTIF(U2:U19,">0")=3)),$G20-$AQ$1,IF(AND($F20=T$1,$G20=U$1,OR(COUNTIF(U2:U19,">0")=1,COUNTIF(U2:U19,">0")=2)),$G20+$AQ$1,0)) -> #REF! | V20: =IF(AND($F20=V$1,$G20=W$1,COUNTIF(V2:V19,">0")<=1),$F$20-$AQ$1,IF(AND($F20=V$1,$G20=W$1,COUNTIF(V2:V19,">0")>1),$F$20+$AQ$1,0)) -> #REF! | W20: =IF(AND($F20=V$1,$G20=W$1,OR(COUNTIF(W2:W19,">0")=0,COUNTIF(W2:W19,">0")=3)),$G20-$AQ$1,IF(AND($F20=V$1,$G20=W$1,OR(COUNTIF(W2:W19,">0")=1,COUNTIF(W2:W19,">0")=2)),$G20+$AQ$1,0)) -> #REF! | X20: =IF(AND($F20=X$1,$G20=Y$1,COUNTIF(X2:X19,">0")<=1),$F$20-$AQ$1,IF(AND($F20=X$1,$G20=Y$1,COUNTIF(X2:X19,">0")>1),$F$20+$AQ$1,0)) -> #REF! | Y20: =IF(AND($F20=X$1,$G20=Y$1,OR(COUNTIF(Y2:Y19,">0")=0,COUNTIF(Y2:Y19,">0")=3)),$G20-$AQ$1,IF(AND($F20=X$1,$G20=Y$1,OR(COUNTIF(Y2:Y19,">0")=1,COUNTIF(Y2:Y19,">0")=2)),$G20+$AQ$1,0)) -> #REF! | Z20: =IF(AND($F20=Z$1,$G20=AA$1,COUNTIF(Z2:Z19,">0")<=1),$F$20-$AQ$1,IF(AND($F20=Z$1,$G20=AA$1,COUNTIF(Z2:Z19,">0")>1),$F$20+$AQ$1,0)) -> #REF! | AA20: =IF(AND($F20=Z$1,$G20=AA$1,OR(COUNTIF(AA2:AA19,">0")=0,COUNTIF(AA2:AA19,">0")=3)),$G20-$AQ$1,IF(AND($F20=Z$1,$G20=AA$1,OR(COUNTIF(AA2:AA19,">0")=1,COUNTIF(AA2:AA19,">0")=2)),$G20+$AQ$1,0)) -> #REF! | AB20: =IF(AND($F20=AB$1,$G20=AC$1,COUNTIF(AB2:AB19,">0")<=1),$F$20-$AQ$1,IF(AND($F20=AB$1,$G20=AC$1,COUNTIF(AB2:AB19,">0")>1),$F$20+$AQ$1,0)) -> #REF! | AC20: =IF(AND($F20=AB$1,$G20=AC$1,OR(COUNTIF(AC2:AC19,">0")=0,COUNTIF(AC2:AC19,">0")=3)),$G20-$AQ$1,IF(AND($F20=AB$1,$G20=AC$1,OR(COUNTIF(AC2:AC19,">0")=1,COUNTIF(AC2:AC19,">0")=2)),$G20+$AQ$1,0)) -> #REF! | AD20: =IF(AND($F20=AD$1,$G20=AE$1,COUNTIF(AD2:AD19,">0")<=1),$F$20-$AQ$1,IF(AND($F20=AD$1,$G20=AE$1,COUNTIF(AD2:AD19,">0")>1),$F$20+$AQ$1,0)) -> #REF! | AE20: =IF(AND($F20=AD$1,$G20=AE$1,OR(COUNTIF(AE2:AE19,">0")=0,COUNTIF(AE2:AE19,">0")=3)),$G20-$AQ$1,IF(AND($F20=AD$1,$G20=AE$1,OR(COUNTIF(AE2:AE19,">0")=1,COUNTIF(AE2:AE19,">0")=2)),$G20+$AQ$1,0)) -> #REF! | AF20: =IF(AND($F20=AF$1,$G20=AG$1,COUNTIF(AF2:AF19,">0")<=1),$F$20-$AQ$1,IF(AND($F20=AF$1,$G20=AG$1,COUNTIF(AF2:AF19,">0")>1),$F$20+$AQ$1,0)) -> #REF! | AG20: =IF(AND($F20=AF$1,$G20=AG$1,OR(COUNTIF(AG2:AG19,">0")=0,COUNTIF(AG2:AG19,">0")=3)),$G20-$AQ$1,IF(AND($F20=AF$1,$G20=AG$1,OR(COUNTIF(AG2:AG19,">0")=1,COUNTIF(AG2:AG19,">0")=2)),$G20+$AQ$1,0)) -> #REF! | AH20: =IF(AND($F20=AH$1,$G20=AI$1,COUNTIF(AH2:AH19,">0")<=1),$F$20-$AQ$1,IF(AND($F20=AH$1,$G20=AI$1,COUNTIF(AH2:AH19,">0")>1),$F$20+$AQ$1,0)) -> #REF! | AI20: =IF(AND($F20=AH$1,$G20=AI$1,OR(COUNTIF(AI2:AI19,">0")=0,COUNTIF(AI2:AI19,">0")=3)),$G20-$AQ$1,IF(AND($F20=AH$1,$G20=AI$1,OR(COUNTIF(AI2:AI19,">0")=1,COUNTIF(AI2:AI19,">0")=2)),$G20+$AQ$1,0)) -> #REF! | AJ20: =IF(AND($F20=AJ$1,$G20=AK$1,COUNTIF(AJ2:AJ19,">0")<=1),$F$20-$AQ$1,IF(AND($F20=AJ$1,$G20=AK$1,COUNTIF(AJ2:AJ19,">0")>1),$F$20+$AQ$1,0)) -> #REF! | AK20: =IF(AND($F20=AJ$1,$G20=AK$1,OR(COUNTIF(AK2:AK19,">0")=0,COUNTIF(AK2:AK19,">0")=3)),$G20-$AQ$1,IF(AND($F20=AJ$1,$G20=AK$1,OR(COUNTIF(AK2:AK19,">0")=1,COUNTIF(AK2:AK19,">0")=2)),$G20+$AQ$1,0)) -> #REF! | AL20: =IF(AND($F20=AL$1,$G20=AM$1,COUNTIF(AL2:AL19,">0")<=1),$F$20-$AQ$1,IF(AND($F20=AL$1,$G20=AM$1,COUNTIF(AL2:AL19,">0")>1),$F$20+$AQ$1,0)) -> #REF! | AM20: =IF(AND($F20=AL$1,$G20=AM$1,OR(COUNTIF(AM2:AM19,">0")=0,COUNTIF(AM2:AM19,">0")=3)),$G20-$AQ$1,IF(AND($F20=AL$1,$G20=AM$1,OR(COUNTIF(AM2:AM19,">0")=1,COUNTIF(AM2:AM19,">0")=2)),$G20+$AQ$1,0)) -> #REF! | AN20: =SUM(I20,K20,M20,O20,Q20,S20,U20,W20,Y20,AA20,AC20,AE20,AG20,AI20,AK20,AM20) -> #REF! | AO20: =SUM(H20,J20,L20,N20,P20,R20,T20,V20,X20,Z20,AB20,AD20,AF20,AH20,AJ20,AL20) -> #REF! | AP20: =IF(Projektspørgsmål!#REF!="","",Projektspørgsmål!#REF!) -> #REF!
C21: =IF(Projektspørgsmål!#REF!=Projektspørgsmål!$IO$33,TRUE,FALSE) -> #REF! | D21: =IF(C21=TRUE,MAX(D2:D20)+1,0) -> #REF! | E21: =Projektspørgsmål!#REF! -> #REF! | F21: =Projektspørgsmål!#REF! -> #REF! | G21: =Projektspørgsmål!#REF! -> #REF! | H21: =IF(AND($F21=H$1,$G21=I$1,COUNTIF(H2:H20,">0")<=1),$F$21-$AQ$1,IF(AND($F21=H$1,$G21=I$1,COUNTIF(H2:H20,">0")>1),$F$21+$AQ$1,0)) -> #REF! | I21: =IF(AND($F21=H$1,$G21=I$1,OR(COUNTIF(I2:I20,">0")=0,COUNTIF(I2:I20,">0")=3)),$G21-$AQ$1,IF(AND($F21=H$1,$G21=I$1,OR(COUNTIF(I2:I20,">0")=1,COUNTIF(I2:I20,">0")=2)),$G21+$AQ$1,0)) -> #REF! | J21: =IF(AND($F21=J$1,$G21=K$1,COUNTIF(J2:J20,">0")<=1),$F$21-$AQ$1,IF(AND($F21=J$1,$G21=K$1,COUNTIF(J2:J20,">0")>1),$F$21+$AQ$1,0)) -> #REF! | K21: =IF(AND($F21=J$1,$G21=K$1,OR(COUNTIF(K2:K20,">0")=0,COUNTIF(K2:K20,">0")=3)),$G21-$AQ$1,IF(AND($F21=J$1,$G21=K$1,OR(COUNTIF(K2:K20,">0")=1,COUNTIF(K2:K20,">0")=2)),$G21+$AQ$1,0)) -> #REF! | L21: =IF(AND($F21=L$1,$G21=M$1,COUNTIF(L2:L20,">0")<=1),$F$21-$AQ$1,IF(AND($F21=L$1,$G21=M$1,COUNTIF(L2:L20,">0")>1),$F$21+$AQ$1,0)) -> #REF! | M21: =IF(AND($F21=L$1,$G21=M$1,OR(COUNTIF(M2:M20,">0")=0,COUNTIF(M2:M20,">0")=3)),$G21-$AQ$1,IF(AND($F21=L$1,$G21=M$1,OR(COUNTIF(M2:M20,">0")=1,COUNTIF(M2:M20,">0")=2)),$G21+$AQ$1,0)) -> #REF! | N21: =IF(AND($F21=N$1,$G21=O$1,COUNTIF(N2:N20,">0")<=1),$F$21-$AQ$1,IF(AND($F21=N$1,$G21=O$1,COUNTIF(N2:N20,">0")>1),$F$21+$AQ$1,0)) -> #REF! | O21: =IF(AND($F21=N$1,$G21=O$1,OR(COUNTIF(O2:O20,">0")=0,COUNTIF(O2:O20,">0")=3)),$G21-$AQ$1,IF(AND($F21=N$1,$G21=O$1,OR(COUNTIF(O2:O20,">0")=1,COUNTIF(O2:O20,">0")=2)),$G21+$AQ$1,0)) -> #REF! | P21: =IF(AND($F21=P$1,$G21=Q$1,COUNTIF(P2:P20,">0")<=1),$F$21-$AQ$1,IF(AND($F21=P$1,$G21=Q$1,COUNTIF(P2:P20,">0")>1),$F$21+$AQ$1,0)) -> #REF! | Q21: =IF(AND($F21=P$1,$G21=Q$1,OR(COUNTIF(Q2:Q20,">0")=0,COUNTIF(Q2:Q20,">0")=3)),$G21-$AQ$1,IF(AND($F21=P$1,$G21=Q$1,OR(COUNTIF(Q2:Q20,">0")=1,COUNTIF(Q2:Q20,">0")=2)),$G21+$AQ$1,0)) -> #REF! | R21: =IF(AND($F21=R$1,$G21=S$1,COUNTIF(R2:R20,">0")<=1),$F$21-$AQ$1,IF(AND($F21=R$1,$G21=S$1,COUNTIF(R2:R20,">0")>1),$F$21+$AQ$1,0)) -> #REF! | S21: =IF(AND($F21=R$1,$G21=S$1,OR(COUNTIF(S2:S20,">0")=0,COUNTIF(S2:S20,">0")=3)),$G21-$AQ$1,IF(AND($F21=R$1,$G21=S$1,OR(COUNTIF(S2:S20,">0")=1,COUNTIF(S2:S20,">0")=2)),$G21+$AQ$1,0)) -> #REF! | T21: =IF(AND($F21=T$1,$G21=U$1,COUNTIF(T2:T20,">0")<=1),$F$21-$AQ$1,IF(AND($F21=T$1,$G21=U$1,COUNTIF(T2:T20,">0")>1),$F$21+$AQ$1,0)) -> #REF! | U21: =IF(AND($F21=T$1,$G21=U$1,OR(COUNTIF(U2:U20,">0")=0,COUNTIF(U2:U20,">0")=3)),$G21-$AQ$1,IF(AND($F21=T$1,$G21=U$1,OR(COUNTIF(U2:U20,">0")=1,COUNTIF(U2:U20,">0")=2)),$G21+$AQ$1,0)) -> #REF! | V21: =IF(AND($F21=V$1,$G21=W$1,COUNTIF(V2:V20,">0")<=1),$F$21-$AQ$1,IF(AND($F21=V$1,$G21=W$1,COUNTIF(V2:V20,">0")>1),$F$21+$AQ$1,0)) -> #REF! | W21: =IF(AND($F21=V$1,$G21=W$1,OR(COUNTIF(W2:W20,">0")=0,COUNTIF(W2:W20,">0")=3)),$G21-$AQ$1,IF(AND($F21=V$1,$G21=W$1,OR(COUNTIF(W2:W20,">0")=1,COUNTIF(W2:W20,">0")=2)),$G21+$AQ$1,0)) -> #REF! | X21: =IF(AND($F21=X$1,$G21=Y$1,COUNTIF(X2:X20,">0")<=1),$F$21-$AQ$1,IF(AND($F21=X$1,$G21=Y$1,COUNTIF(X2:X20,">0")>1),$F$21+$AQ$1,0)) -> #REF! | Y21: =IF(AND($F21=X$1,$G21=Y$1,OR(COUNTIF(Y2:Y20,">0")=0,COUNTIF(Y2:Y20,">0")=3)),$G21-$AQ$1,IF(AND($F21=X$1,$G21=Y$1,OR(COUNTIF(Y2:Y20,">0")=1,COUNTIF(Y2:Y20,">0")=2)),$G21+$AQ$1,0)) -> #REF! | Z21: =IF(AND($F21=Z$1,$G21=AA$1,COUNTIF(Z2:Z20,">0")<=1),$F$21-$AQ$1,IF(AND($F21=Z$1,$G21=AA$1,COUNTIF(Z2:Z20,">0")>1),$F$21+$AQ$1,0)) -> #REF! | AA21: =IF(AND($F21=Z$1,$G21=AA$1,OR(COUNTIF(AA2:AA20,">0")=0,COUNTIF(AA2:AA20,">0")=3)),$G21-$AQ$1,IF(AND($F21=Z$1,$G21=AA$1,OR(COUNTIF(AA2:AA20,">0")=1,COUNTIF(AA2:AA20,">0")=2)),$G21+$AQ$1,0)) -> #REF! | AB21: =IF(AND($F21=AB$1,$G21=AC$1,COUNTIF(AB2:AB20,">0")<=1),$F$21-$AQ$1,IF(AND($F21=AB$1,$G21=AC$1,COUNTIF(AB2:AB20,">0")>1),$F$21+$AQ$1,0)) -> #REF! | AC21: =IF(AND($F21=AB$1,$G21=AC$1,OR(COUNTIF(AC2:AC20,">0")=0,COUNTIF(AC2:AC20,">0")=3)),$G21-$AQ$1,IF(AND($F21=AB$1,$G21=AC$1,OR(COUNTIF(AC2:AC20,">0")=1,COUNTIF(AC2:AC20,">0")=2)),$G21+$AQ$1,0)) -> #REF! | AD21: =IF(AND($F21=AD$1,$G21=AE$1,COUNTIF(AD2:AD20,">0")<=1),$F$21-$AQ$1,IF(AND($F21=AD$1,$G21=AE$1,COUNTIF(AD2:AD20,">0")>1),$F$21+$AQ$1,0)) -> #REF! | AE21: =IF(AND($F21=AD$1,$G21=AE$1,OR(COUNTIF(AE2:AE20,">0")=0,COUNTIF(AE2:AE20,">0")=3)),$G21-$AQ$1,IF(AND($F21=AD$1,$G21=AE$1,OR(COUNTIF(AE2:AE20,">0")=1,COUNTIF(AE2:AE20,">0")=2)),$G21+$AQ$1,0)) -> #REF! | AF21: =IF(AND($F21=AF$1,$G21=AG$1,COUNTIF(AF2:AF20,">0")<=1),$F$21-$AQ$1,IF(AND($F21=AF$1,$G21=AG$1,COUNTIF(AF2:AF20,">0")>1),$F$21+$AQ$1,0)) -> #REF! | AG21: =IF(AND($F21=AF$1,$G21=AG$1,OR(COUNTIF(AG2:AG20,">0")=0,COUNTIF(AG2:AG20,">0")=3)),$G21-$AQ$1,IF(AND($F21=AF$1,$G21=AG$1,OR(COUNTIF(AG2:AG20,">0")=1,COUNTIF(AG2:AG20,">0")=2)),$G21+$AQ$1,0)) -> #REF! | AH21: =IF(AND($F21=AH$1,$G21=AI$1,COUNTIF(AH2:AH20,">0")<=1),$F$21-$AQ$1,IF(AND($F21=AH$1,$G21=AI$1,COUNTIF(AH2:AH20,">0")>1),$F$21+$AQ$1,0)) -> #REF! | AI21: =IF(AND($F21=AH$1,$G21=AI$1,OR(COUNTIF(AI2:AI20,">0")=0,COUNTIF(AI2:AI20,">0")=3)),$G21-$AQ$1,IF(AND($F21=AH$1,$G21=AI$1,OR(COUNTIF(AI2:AI20,">0")=1,COUNTIF(AI2:AI20,">0")=2)),$G21+$AQ$1,0)) -> #REF! | AJ21: =IF(AND($F21=AJ$1,$G21=AK$1,COUNTIF(AJ2:AJ20,">0")<=1),$F$21-$AQ$1,IF(AND($F21=AJ$1,$G21=AK$1,COUNTIF(AJ2:AJ20,">0")>1),$F$21+$AQ$1,0)) -> #REF! | AK21: =IF(AND($F21=AJ$1,$G21=AK$1,OR(COUNTIF(AK2:AK20,">0")=0,COUNTIF(AK2:AK20,">0")=3)),$G21-$AQ$1,IF(AND($F21=AJ$1,$G21=AK$1,OR(COUNTIF(AK2:AK20,">0")=1,COUNTIF(AK2:AK20,">0")=2)),$G21+$AQ$1,0)) -> #REF! | AL21: =IF(AND($F21=AL$1,$G21=AM$1,COUNTIF(AL2:AL20,">0")<=1),$F$21-$AQ$1,IF(AND($F21=AL$1,$G21=AM$1,COUNTIF(AL2:AL20,">0")>1),$F$21+$AQ$1,0)) -> #REF! | AM21: =IF(AND($F21=AL$1,$G21=AM$1,OR(COUNTIF(AM2:AM20,">0")=0,COUNTIF(AM2:AM20,">0")=3)),$G21-$AQ$1,IF(AND($F21=AL$1,$G21=AM$1,OR(COUNTIF(AM2:AM20,">0")=1,COUNTIF(AM2:AM20,">0")=2)),$G21+$AQ$1,0)) -> #REF! | AN21: =SUM(I21,K21,M21,O21,Q21,S21,U21,W21,Y21,AA21,AC21,AE21,AG21,AI21,AK21,AM21) -> #REF! | AO21: =SUM(H21,J21,L21,N21,P21,R21,T21,V21,X21,Z21,AB21,AD21,AF21,AH21,AJ21,AL21) -> #REF! | AP21: =IF(Projektspørgsmål!#REF!="","",Projektspørgsmål!#REF!) -> #REF!
C22: =IF(Projektspørgsmål!#REF!=Projektspørgsmål!$IO$33,TRUE,FALSE) -> #REF! | D22: =IF(C22=TRUE,MAX(D2:D21)+1,0) -> #REF! | E22: =Projektspørgsmål!#REF! -> #REF! | F22: =Projektspørgsmål!#REF! -> #REF! | G22: =Projektspørgsmål!#REF! -> #REF! | H22: =IF(AND($F22=H$1,$G22=I$1,COUNTIF(H2:H21,">0")<=1),$F$22-$AQ$1,IF(AND($F22=H$1,$G22=I$1,COUNTIF(H2:H21,">0")>1),$F$22+$AQ$1,0)) -> #REF! | I22: =IF(AND($F22=H$1,$G22=I$1,OR(COUNTIF(I2:I21,">0")=0,COUNTIF(I2:I21,">0")=3)),$G22-$AQ$1,IF(AND($F22=H$1,$G22=I$1,OR(COUNTIF(I2:I21,">0")=1,COUNTIF(I2:I21,">0")=2)),$G22+$AQ$1,0)) -> #REF! | J22: =IF(AND($F22=J$1,$G22=K$1,COUNTIF(J2:J21,">0")<=1),$F$22-$AQ$1,IF(AND($F22=J$1,$G22=K$1,COUNTIF(J2:J21,">0")>1),$F$22+$AQ$1,0)) -> #REF! | K22: =IF(AND($F22=J$1,$G22=K$1,OR(COUNTIF(K2:K21,">0")=0,COUNTIF(K2:K21,">0")=3)),$G22-$AQ$1,IF(AND($F22=J$1,$G22=K$1,OR(COUNTIF(K2:K21,">0")=1,COUNTIF(K2:K21,">0")=2)),$G22+$AQ$1,0)) -> #REF! | L22: =IF(AND($F22=L$1,$G22=M$1,COUNTIF(L2:L21,">0")<=1),$F$22-$AQ$1,IF(AND($F22=L$1,$G22=M$1,COUNTIF(L2:L21,">0")>1),$F$22+$AQ$1,0)) -> #REF! | M22: =IF(AND($F22=L$1,$G22=M$1,OR(COUNTIF(M2:M21,">0")=0,COUNTIF(M2:M21,">0")=3)),$G22-$AQ$1,IF(AND($F22=L$1,$G22=M$1,OR(COUNTIF(M2:M21,">0")=1,COUNTIF(M2:M21,">0")=2)),$G22+$AQ$1,0)) -> #REF! | N22: =IF(AND($F22=N$1,$G22=O$1,COUNTIF(N2:N21,">0")<=1),$F$22-$AQ$1,IF(AND($F22=N$1,$G22=O$1,COUNTIF(N2:N21,">0")>1),$F$22+$AQ$1,0)) -> #REF! | O22: =IF(AND($F22=N$1,$G22=O$1,OR(COUNTIF(O2:O21,">0")=0,COUNTIF(O2:O21,">0")=3)),$G22-$AQ$1,IF(AND($F22=N$1,$G22=O$1,OR(COUNTIF(O2:O21,">0")=1,COUNTIF(O2:O21,">0")=2)),$G22+$AQ$1,0)) -> #REF! | P22: =IF(AND($F22=P$1,$G22=Q$1,COUNTIF(P2:P21,">0")<=1),$F$22-$AQ$1,IF(AND($F22=P$1,$G22=Q$1,COUNTIF(P2:P21,">0")>1),$F$22+$AQ$1,0)) -> #REF! | Q22: =IF(AND($F22=P$1,$G22=Q$1,OR(COUNTIF(Q2:Q21,">0")=0,COUNTIF(Q2:Q21,">0")=3)),$G22-$AQ$1,IF(AND($F22=P$1,$G22=Q$1,OR(COUNTIF(Q2:Q21,">0")=1,COUNTIF(Q2:Q21,">0")=2)),$G22+$AQ$1,0)) -> #REF! | R22: =IF(AND($F22=R$1,$G22=S$1,COUNTIF(R2:R21,">0")<=1),$F$22-$AQ$1,IF(AND($F22=R$1,$G22=S$1,COUNTIF(R2:R21,">0")>1),$F$22+$AQ$1,0)) -> #REF! | S22: =IF(AND($F22=R$1,$G22=S$1,OR(COUNTIF(S2:S21,">0")=0,COUNTIF(S2:S21,">0")=3)),$G22-$AQ$1,IF(AND($F22=R$1,$G22=S$1,OR(COUNTIF(S2:S21,">0")=1,COUNTIF(S2:S21,">0")=2)),$G22+$AQ$1,0)) -> #REF! | T22: =IF(AND($F22=T$1,$G22=U$1,COUNTIF(T2:T21,">0")<=1),$F$22-$AQ$1,IF(AND($F22=T$1,$G22=U$1,COUNTIF(T2:T21,">0")>1),$F$22+$AQ$1,0)) -> #REF! | U22: =IF(AND($F22=T$1,$G22=U$1,OR(COUNTIF(U2:U21,">0")=0,COUNTIF(U2:U21,">0")=3)),$G22-$AQ$1,IF(AND($F22=T$1,$G22=U$1,OR(COUNTIF(U2:U21,">0")=1,COUNTIF(U2:U21,">0")=2)),$G22+$AQ$1,0)) -> #REF! | V22: =IF(AND($F22=V$1,$G22=W$1,COUNTIF(V2:V21,">0")<=1),$F$22-$AQ$1,IF(AND($F22=V$1,$G22=W$1,COUNTIF(V2:V21,">0")>1),$F$22+$AQ$1,0)) -> #REF! | W22: =IF(AND($F22=V$1,$G22=W$1,OR(COUNTIF(W2:W21,">0")=0,COUNTIF(W2:W21,">0")=3)),$G22-$AQ$1,IF(AND($F22=V$1,$G22=W$1,OR(COUNTIF(W2:W21,">0")=1,COUNTIF(W2:W21,">0")=2)),$G22+$AQ$1,0)) -> #REF! | X22: =IF(AND($F22=X$1,$G22=Y$1,COUNTIF(X2:X21,">0")<=1),$F$22-$AQ$1,IF(AND($F22=X$1,$G22=Y$1,COUNTIF(X2:X21,">0")>1),$F$22+$AQ$1,0)) -> #REF! | Y22: =IF(AND($F22=X$1,$G22=Y$1,OR(COUNTIF(Y2:Y21,">0")=0,COUNTIF(Y2:Y21,">0")=3)),$G22-$AQ$1,IF(AND($F22=X$1,$G22=Y$1,OR(COUNTIF(Y2:Y21,">0")=1,COUNTIF(Y2:Y21,">0")=2)),$G22+$AQ$1,0)) -> #REF! | Z22: =IF(AND($F22=Z$1,$G22=AA$1,COUNTIF(Z2:Z21,">0")<=1),$F$22-$AQ$1,IF(AND($F22=Z$1,$G22=AA$1,COUNTIF(Z2:Z21,">0")>1),$F$22+$AQ$1,0)) -> #REF! | AA22: =IF(AND($F22=Z$1,$G22=AA$1,OR(COUNTIF(AA2:AA21,">0")=0,COUNTIF(AA2:AA21,">0")=3)),$G22-$AQ$1,IF(AND($F22=Z$1,$G22=AA$1,OR(COUNTIF(AA2:AA21,">0")=1,COUNTIF(AA2:AA21,">0")=2)),$G22+$AQ$1,0)) -> #REF! | AB22: =IF(AND($F22=AB$1,$G22=AC$1,COUNTIF(AB2:AB21,">0")<=1),$F$22-$AQ$1,IF(AND($F22=AB$1,$G22=AC$1,COUNTIF(AB2:AB21,">0")>1),$F$22+$AQ$1,0)) -> #REF! | AC22: =IF(AND($F22=AB$1,$G22=AC$1,OR(COUNTIF(AC2:AC21,">0")=0,COUNTIF(AC2:AC21,">0")=3)),$G22-$AQ$1,IF(AND($F22=AB$1,$G22=AC$1,OR(COUNTIF(AC2:AC21,">0")=1,COUNTIF(AC2:AC21,">0")=2)),$G22+$AQ$1,0)) -> #REF! | AD22: =IF(AND($F22=AD$1,$G22=AE$1,COUNTIF(AD2:AD21,">0")<=1),$F$22-$AQ$1,IF(AND($F22=AD$1,$G22=AE$1,COUNTIF(AD2:AD21,">0")>1),$F$22+$AQ$1,0)) -> #REF! | AE22: =IF(AND($F22=AD$1,$G22=AE$1,OR(COUNTIF(AE2:AE21,">0")=0,COUNTIF(AE2:AE21,">0")=3)),$G22-$AQ$1,IF(AND($F22=AD$1,$G22=AE$1,OR(COUNTIF(AE2:AE21,">0")=1,COUNTIF(AE2:AE21,">0")=2)),$G22+$AQ$1,0)) -> #REF! | AF22: =IF(AND($F22=AF$1,$G22=AG$1,COUNTIF(AF2:AF21,">0")<=1),$F$22-$AQ$1,IF(AND($F22=AF$1,$G22=AG$1,COUNTIF(AF2:AF21,">0")>1),$F$22+$AQ$1,0)) -> #REF! | AG22: =IF(AND($F22=AF$1,$G22=AG$1,OR(COUNTIF(AG2:AG21,">0")=0,COUNTIF(AG2:AG21,">0")=3)),$G22-$AQ$1,IF(AND($F22=AF$1,$G22=AG$1,OR(COUNTIF(AG2:AG21,">0")=1,COUNTIF(AG2:AG21,">0")=2)),$G22+$AQ$1,0)) -> #REF! | AH22: =IF(AND($F22=AH$1,$G22=AI$1,COUNTIF(AH2:AH21,">0")<=1),$F$22-$AQ$1,IF(AND($F22=AH$1,$G22=AI$1,COUNTIF(AH2:AH21,">0")>1),$F$22+$AQ$1,0)) -> #REF! | AI22: =IF(AND($F22=AH$1,$G22=AI$1,OR(COUNTIF(AI2:AI21,">0")=0,COUNTIF(AI2:AI21,">0")=3)),$G22-$AQ$1,IF(AND($F22=AH$1,$G22=AI$1,OR(COUNTIF(AI2:AI21,">0")=1,COUNTIF(AI2:AI21,">0")=2)),$G22+$AQ$1,0)) -> #REF! | AJ22: =IF(AND($F22=AJ$1,$G22=AK$1,COUNTIF(AJ2:AJ21,">0")<=1),$F$22-$AQ$1,IF(AND($F22=AJ$1,$G22=AK$1,COUNTIF(AJ2:AJ21,">0")>1),$F$22+$AQ$1,0)) -> #REF! | AK22: =IF(AND($F22=AJ$1,$G22=AK$1,OR(COUNTIF(AK2:AK21,">0")=0,COUNTIF(AK2:AK21,">0")=3)),$G22-$AQ$1,IF(AND($F22=AJ$1,$G22=AK$1,OR(COUNTIF(AK2:AK21,">0")=1,COUNTIF(AK2:AK21,">0")=2)),$G22+$AQ$1,0)) -> #REF! | AL22: =IF(AND($F22=AL$1,$G22=AM$1,COUNTIF(AL2:AL21,">0")<=1),$F$22-$AQ$1,IF(AND($F22=AL$1,$G22=AM$1,COUNTIF(AL2:AL21,">0")>1),$F$22+$AQ$1,0)) -> #REF! | AM22: =IF(AND($F22=AL$1,$G22=AM$1,OR(COUNTIF(AM2:AM21,">0")=0,COUNTIF(AM2:AM21,">0")=3)),$G22-$AQ$1,IF(AND($F22=AL$1,$G22=AM$1,OR(COUNTIF(AM2:AM21,">0")=1,COUNTIF(AM2:AM21,">0")=2)),$G22+$AQ$1,0)) -> #REF! | AN22: =SUM(I22,K22,M22,O22,Q22,S22,U22,W22,Y22,AA22,AC22,AE22,AG22,AI22,AK22,AM22) -> #REF! | AO22: =SUM(H22,J22,L22,N22,P22,R22,T22,V22,X22,Z22,AB22,AD22,AF22,AH22,AJ22,AL22) -> #REF! | AP22: =IF(Projektspørgsmål!#REF!="","",Projektspørgsmål!#REF!) -> #REF!
C23: =IF(Projektspørgsmål!#REF!=Projektspørgsmål!$IO$33,TRUE,FALSE) -> #REF! | D23: =IF(C23=TRUE,MAX(D2:D22)+1,0) -> #REF! | E23: =Projektspørgsmål!#REF! -> #REF! | F23: =Projektspørgsmål!#REF! -> #REF! | G23: =Projektspørgsmål!#REF! -> #REF! | H23: =IF(AND($F23=H$1,$G23=I$1,COUNTIF(H2:H22,">0")<=1),$F$23-$AQ$1,IF(AND($F23=H$1,$G23=I$1,COUNTIF(H2:H22,">0")>1),$F$23+$AQ$1,0)) -> #REF! | I23: =IF(AND($F23=H$1,$G23=I$1,OR(COUNTIF(I2:I22,">0")=0,COUNTIF(I2:I22,">0")=3)),$G23-$AQ$1,IF(AND($F23=H$1,$G23=I$1,OR(COUNTIF(I2:I22,">0")=1,COUNTIF(I2:I22,">0")=2)),$G23+$AQ$1,0)) -> #REF! | J23: =IF(AND($F23=J$1,$G23=K$1,COUNTIF(J2:J22,">0")<=1),$F$23-$AQ$1,IF(AND($F23=J$1,$G23=K$1,COUNTIF(J2:J22,">0")>1),$F$23+$AQ$1,0)) -> #REF! | K23: =IF(AND($F23=J$1,$G23=K$1,OR(COUNTIF(K2:K22,">0")=0,COUNTIF(K2:K22,">0")=3)),$G23-$AQ$1,IF(AND($F23=J$1,$G23=K$1,OR(COUNTIF(K2:K22,">0")=1,COUNTIF(K2:K22,">0")=2)),$G23+$AQ$1,0)) -> #REF! | L23: =IF(AND($F23=L$1,$G23=M$1,COUNTIF(L2:L22,">0")<=1),$F$23-$AQ$1,IF(AND($F23=L$1,$G23=M$1,COUNTIF(L2:L22,">0")>1),$F$23+$AQ$1,0)) -> #REF! | M23: =IF(AND($F23=L$1,$G23=M$1,OR(COUNTIF(M2:M22,">0")=0,COUNTIF(M2:M22,">0")=3)),$G23-$AQ$1,IF(AND($F23=L$1,$G23=M$1,OR(COUNTIF(M2:M22,">0")=1,COUNTIF(M2:M22,">0")=2)),$G23+$AQ$1,0)) -> #REF! | N23: =IF(AND($F23=N$1,$G23=O$1,COUNTIF(N2:N22,">0")<=1),$F$23-$AQ$1,IF(AND($F23=N$1,$G23=O$1,COUNTIF(N2:N22,">0")>1),$F$23+$AQ$1,0)) -> #REF! | O23: =IF(AND($F23=N$1,$G23=O$1,OR(COUNTIF(O2:O22,">0")=0,COUNTIF(O2:O22,">0")=3)),$G23-$AQ$1,IF(AND($F23=N$1,$G23=O$1,OR(COUNTIF(O2:O22,">0")=1,COUNTIF(O2:O22,">0")=2)),$G23+$AQ$1,0)) -> #REF! | P23: =IF(AND($F23=P$1,$G23=Q$1,COUNTIF(P2:P22,">0")<=1),$F$23-$AQ$1,IF(AND($F23=P$1,$G23=Q$1,COUNTIF(P2:P22,">0")>1),$F$23+$AQ$1,0)) -> #REF! | Q23: =IF(AND($F23=P$1,$G23=Q$1,OR(COUNTIF(Q2:Q22,">0")=0,COUNTIF(Q2:Q22,">0")=3)),$G23-$AQ$1,IF(AND($F23=P$1,$G23=Q$1,OR(COUNTIF(Q2:Q22,">0")=1,COUNTIF(Q2:Q22,">0")=2)),$G23+$AQ$1,0)) -> #REF! | R23: =IF(AND($F23=R$1,$G23=S$1,COUNTIF(R2:R22,">0")<=1),$F$23-$AQ$1,IF(AND($F23=R$1,$G23=S$1,COUNTIF(R2:R22,">0")>1),$F$23+$AQ$1,0)) -> #REF! | S23: =IF(AND($F23=R$1,$G23=S$1,OR(COUNTIF(S2:S22,">0")=0,COUNTIF(S2:S22,">0")=3)),$G23-$AQ$1,IF(AND($F23=R$1,$G23=S$1,OR(COUNTIF(S2:S22,">0")=1,COUNTIF(S2:S22,">0")=2)),$G23+$AQ$1,0)) -> #REF! | T23: =IF(AND($F23=T$1,$G23=U$1,COUNTIF(T2:T22,">0")<=1),$F$23-$AQ$1,IF(AND($F23=T$1,$G23=U$1,COUNTIF(T2:T22,">0")>1),$F$23+$AQ$1,0)) -> #REF! | U23: =IF(AND($F23=T$1,$G23=U$1,OR(COUNTIF(U2:U22,">0")=0,COUNTIF(U2:U22,">0")=3)),$G23-$AQ$1,IF(AND($F23=T$1,$G23=U$1,OR(COUNTIF(U2:U22,">0")=1,COUNTIF(U2:U22,">0")=2)),$G23+$AQ$1,0)) -> #REF! | V23: =IF(AND($F23=V$1,$G23=W$1,COUNTIF(V2:V22,">0")<=1),$F$23-$AQ$1,IF(AND($F23=V$1,$G23=W$1,COUNTIF(V2:V22,">0")>1),$F$23+$AQ$1,0)) -> #REF! | W23: =IF(AND($F23=V$1,$G23=W$1,OR(COUNTIF(W2:W22,">0")=0,COUNTIF(W2:W22,">0")=3)),$G23-$AQ$1,IF(AND($F23=V$1,$G23=W$1,OR(COUNTIF(W2:W22,">0")=1,COUNTIF(W2:W22,">0")=2)),$G23+$AQ$1,0)) -> #REF! | X23: =IF(AND($F23=X$1,$G23=Y$1,COUNTIF(X2:X22,">0")<=1),$F$23-$AQ$1,IF(AND($F23=X$1,$G23=Y$1,COUNTIF(X2:X22,">0")>1),$F$23+$AQ$1,0)) -> #REF! | Y23: =IF(AND($F23=X$1,$G23=Y$1,OR(COUNTIF(Y2:Y22,">0")=0,COUNTIF(Y2:Y22,">0")=3)),$G23-$AQ$1,IF(AND($F23=X$1,$G23=Y$1,OR(COUNTIF(Y2:Y22,">0")=1,COUNTIF(Y2:Y22,">0")=2)),$G23+$AQ$1,0)) -> #REF! | Z23: =IF(AND($F23=Z$1,$G23=AA$1,COUNTIF(Z2:Z22,">0")<=1),$F$23-$AQ$1,IF(AND($F23=Z$1,$G23=AA$1,COUNTIF(Z2:Z22,">0")>1),$F$23+$AQ$1,0)) -> #REF! | AA23: =IF(AND($F23=Z$1,$G23=AA$1,OR(COUNTIF(AA2:AA22,">0")=0,COUNTIF(AA2:AA22,">0")=3)),$G23-$AQ$1,IF(AND($F23=Z$1,$G23=AA$1,OR(COUNTIF(AA2:AA22,">0")=1,COUNTIF(AA2:AA22,">0")=2)),$G23+$AQ$1,0)) -> #REF! | AB23: =IF(AND($F23=AB$1,$G23=AC$1,COUNTIF(AB2:AB22,">0")<=1),$F$23-$AQ$1,IF(AND($F23=AB$1,$G23=AC$1,COUNTIF(AB2:AB22,">0")>1),$F$23+$AQ$1,0)) -> #REF! | AC23: =IF(AND($F23=AB$1,$G23=AC$1,OR(COUNTIF(AC2:AC22,">0")=0,COUNTIF(AC2:AC22,">0")=3)),$G23-$AQ$1,IF(AND($F23=AB$1,$G23=AC$1,OR(COUNTIF(AC2:AC22,">0")=1,COUNTIF(AC2:AC22,">0")=2)),$G23+$AQ$1,0)) -> #REF! | AD23: =IF(AND($F23=AD$1,$G23=AE$1,COUNTIF(AD2:AD22,">0")<=1),$F$23-$AQ$1,IF(AND($F23=AD$1,$G23=AE$1,COUNTIF(AD2:AD22,">0")>1),$F$23+$AQ$1,0)) -> #REF! | AE23: =IF(AND($F23=AD$1,$G23=AE$1,OR(COUNTIF(AE2:AE22,">0")=0,COUNTIF(AE2:AE22,">0")=3)),$G23-$AQ$1,IF(AND($F23=AD$1,$G23=AE$1,OR(COUNTIF(AE2:AE22,">0")=1,COUNTIF(AE2:AE22,">0")=2)),$G23+$AQ$1,0)) -> #REF! | AF23: =IF(AND($F23=AF$1,$G23=AG$1,COUNTIF(AF2:AF22,">0")<=1),$F$23-$AQ$1,IF(AND($F23=AF$1,$G23=AG$1,COUNTIF(AF2:AF22,">0")>1),$F$23+$AQ$1,0)) -> #REF! | AG23: =IF(AND($F23=AF$1,$G23=AG$1,OR(COUNTIF(AG2:AG22,">0")=0,COUNTIF(AG2:AG22,">0")=3)),$G23-$AQ$1,IF(AND($F23=AF$1,$G23=AG$1,OR(COUNTIF(AG2:AG22,">0")=1,COUNTIF(AG2:AG22,">0")=2)),$G23+$AQ$1,0)) -> #REF! | AH23: =IF(AND($F23=AH$1,$G23=AI$1,COUNTIF(AH2:AH22,">0")<=1),$F$23-$AQ$1,IF(AND($F23=AH$1,$G23=AI$1,COUNTIF(AH2:AH22,">0")>1),$F$23+$AQ$1,0)) -> #REF! | AI23: =IF(AND($F23=AH$1,$G23=AI$1,OR(COUNTIF(AI2:AI22,">0")=0,COUNTIF(AI2:AI22,">0")=3)),$G23-$AQ$1,IF(AND($F23=AH$1,$G23=AI$1,OR(COUNTIF(AI2:AI22,">0")=1,COUNTIF(AI2:AI22,">0")=2)),$G23+$AQ$1,0)) -> #REF! | AJ23: =IF(AND($F23=AJ$1,$G23=AK$1,COUNTIF(AJ2:AJ22,">0")<=1),$F$23-$AQ$1,IF(AND($F23=AJ$1,$G23=AK$1,COUNTIF(AJ2:AJ22,">0")>1),$F$23+$AQ$1,0)) -> #REF! | AK23: =IF(AND($F23=AJ$1,$G23=AK$1,OR(COUNTIF(AK2:AK22,">0")=0,COUNTIF(AK2:AK22,">0")=3)),$G23-$AQ$1,IF(AND($F23=AJ$1,$G23=AK$1,OR(COUNTIF(AK2:AK22,">0")=1,COUNTIF(AK2:AK22,">0")=2)),$G23+$AQ$1,0)) -> #REF! | AL23: =IF(AND($F23=AL$1,$G23=AM$1,COUNTIF(AL2:AL22,">0")<=1),$F$23-$AQ$1,IF(AND($F23=AL$1,$G23=AM$1,COUNTIF(AL2:AL22,">0")>1),$F$23+$AQ$1,0)) -> #REF! | AM23: =IF(AND($F23=AL$1,$G23=AM$1,OR(COUNTIF(AM2:AM22,">0")=0,COUNTIF(AM2:AM22,">0")=3)),$G23-$AQ$1,IF(AND($F23=AL$1,$G23=AM$1,OR(COUNTIF(AM2:AM22,">0")=1,COUNTIF(AM2:AM22,">0")=2)),$G23+$AQ$1,0)) -> #REF! | AN23: =SUM(I23,K23,M23,O23,Q23,S23,U23,W23,Y23,AA23,AC23,AE23,AG23,AI23,AK23,AM23) -> #REF! | AO23: =SUM(H23,J23,L23,N23,P23,R23,T23,V23,X23,Z23,AB23,AD23,AF23,AH23,AJ23,AL23) -> #REF! | AP23: =IF(Projektspørgsmål!#REF!="","",Projektspørgsmål!#REF!) -> #REF!
C24: =IF(Projektspørgsmål!#REF!=Projektspørgsmål!$IO$33,TRUE,FALSE) -> #REF! | D24: =IF(C24=TRUE,MAX(D2:D23)+1,0) -> #REF! | E24: =Projektspørgsmål!#REF! -> #REF! | F24: =Projektspørgsmål!#REF! -> #REF! | G24: =Projektspørgsmål!#REF! -> #REF! | H24: =IF(AND($F24=H$1,$G24=I$1,COUNTIF(H2:H23,">0")<=1),$F$24-$AQ$1,IF(AND($F24=H$1,$G24=I$1,COUNTIF(H2:H23,">0")>1),$F$24+$AQ$1,0)) -> #REF! | I24: =IF(AND($F24=H$1,$G24=I$1,OR(COUNTIF(I2:I23,">0")=0,COUNTIF(I2:I23,">0")=3)),$G24-$AQ$1,IF(AND($F24=H$1,$G24=I$1,OR(COUNTIF(I2:I23,">0")=1,COUNTIF(I2:I23,">0")=2)),$G24+$AQ$1,0)) -> #REF! | J24: =IF(AND($F24=J$1,$G24=K$1,COUNTIF(J2:J23,">0")<=1),$F$24-$AQ$1,IF(AND($F24=J$1,$G24=K$1,COUNTIF(J2:J23,">0")>1),$F$24+$AQ$1,0)) -> #REF! | K24: =IF(AND($F24=J$1,$G24=K$1,OR(COUNTIF(K2:K23,">0")=0,COUNTIF(K2:K23,">0")=3)),$G24-$AQ$1,IF(AND($F24=J$1,$G24=K$1,OR(COUNTIF(K2:K23,">0")=1,COUNTIF(K2:K23,">0")=2)),$G24+$AQ$1,0)) -> #REF! | L24: =IF(AND($F24=L$1,$G24=M$1,COUNTIF(L2:L23,">0")<=1),$F$24-$AQ$1,IF(AND($F24=L$1,$G24=M$1,COUNTIF(L2:L23,">0")>1),$F$24+$AQ$1,0)) -> #REF! | M24: =IF(AND($F24=L$1,$G24=M$1,OR(COUNTIF(M2:M23,">0")=0,COUNTIF(M2:M23,">0")=3)),$G24-$AQ$1,IF(AND($F24=L$1,$G24=M$1,OR(COUNTIF(M2:M23,">0")=1,COUNTIF(M2:M23,">0")=2)),$G24+$AQ$1,0)) -> #REF! | N24: =IF(AND($F24=N$1,$G24=O$1,COUNTIF(N2:N23,">0")<=1),$F$24-$AQ$1,IF(AND($F24=N$1,$G24=O$1,COUNTIF(N2:N23,">0")>1),$F$24+$AQ$1,0)) -> #REF! | O24: =IF(AND($F24=N$1,$G24=O$1,OR(COUNTIF(O2:O23,">0")=0,COUNTIF(O2:O23,">0")=3)),$G24-$AQ$1,IF(AND($F24=N$1,$G24=O$1,OR(COUNTIF(O2:O23,">0")=1,COUNTIF(O2:O23,">0")=2)),$G24+$AQ$1,0)) -> #REF! | P24: =IF(AND($F24=P$1,$G24=Q$1,COUNTIF(P2:P23,">0")<=1),$F$24-$AQ$1,IF(AND($F24=P$1,$G24=Q$1,COUNTIF(P2:P23,">0")>1),$F$24+$AQ$1,0)) -> #REF! | Q24: =IF(AND($F24=P$1,$G24=Q$1,OR(COUNTIF(Q2:Q23,">0")=0,COUNTIF(Q2:Q23,">0")=3)),$G24-$AQ$1,IF(AND($F24=P$1,$G24=Q$1,OR(COUNTIF(Q2:Q23,">0")=1,COUNTIF(Q2:Q23,">0")=2)),$G24+$AQ$1,0)) -> #REF! | R24: =IF(AND($F24=R$1,$G24=S$1,COUNTIF(R2:R23,">0")<=1),$F$24-$AQ$1,IF(AND($F24=R$1,$G24=S$1,COUNTIF(R2:R23,">0")>1),$F$24+$AQ$1,0)) -> #REF! | S24: =IF(AND($F24=R$1,$G24=S$1,OR(COUNTIF(S2:S23,">0")=0,COUNTIF(S2:S23,">0")=3)),$G24-$AQ$1,IF(AND($F24=R$1,$G24=S$1,OR(COUNTIF(S2:S23,">0")=1,COUNTIF(S2:S23,">0")=2)),$G24+$AQ$1,0)) -> #REF! | T24: =IF(AND($F24=T$1,$G24=U$1,COUNTIF(T2:T23,">0")<=1),$F$24-$AQ$1,IF(AND($F24=T$1,$G24=U$1,COUNTIF(T2:T23,">0")>1),$F$24+$AQ$1,0)) -> #REF! | U24: =IF(AND($F24=T$1,$G24=U$1,OR(COUNTIF(U2:U23,">0")=0,COUNTIF(U2:U23,">0")=3)),$G24-$AQ$1,IF(AND($F24=T$1,$G24=U$1,OR(COUNTIF(U2:U23,">0")=1,COUNTIF(U2:U23,">0")=2)),$G24+$AQ$1,0)) -> #REF! | V24: =IF(AND($F24=V$1,$G24=W$1,COUNTIF(V2:V23,">0")<=1),$F$24-$AQ$1,IF(AND($F24=V$1,$G24=W$1,COUNTIF(V2:V23,">0")>1),$F$24+$AQ$1,0)) -> #REF! | W24: =IF(AND($F24=V$1,$G24=W$1,OR(COUNTIF(W2:W23,">0")=0,COUNTIF(W2:W23,">0")=3)),$G24-$AQ$1,IF(AND($F24=V$1,$G24=W$1,OR(COUNTIF(W2:W23,">0")=1,COUNTIF(W2:W23,">0")=2)),$G24+$AQ$1,0)) -> #REF! | X24: =IF(AND($F24=X$1,$G24=Y$1,COUNTIF(X2:X23,">0")<=1),$F$24-$AQ$1,IF(AND($F24=X$1,$G24=Y$1,COUNTIF(X2:X23,">0")>1),$F$24+$AQ$1,0)) -> #REF! | Y24: =IF(AND($F24=X$1,$G24=Y$1,OR(COUNTIF(Y2:Y23,">0")=0,COUNTIF(Y2:Y23,">0")=3)),$G24-$AQ$1,IF(AND($F24=X$1,$G24=Y$1,OR(COUNTIF(Y2:Y23,">0")=1,COUNTIF(Y2:Y23,">0")=2)),$G24+$AQ$1,0)) -> #REF! | Z24: =IF(AND($F24=Z$1,$G24=AA$1,COUNTIF(Z2:Z23,">0")<=1),$F$24-$AQ$1,IF(AND($F24=Z$1,$G24=AA$1,COUNTIF(Z2:Z23,">0")>1),$F$24+$AQ$1,0)) -> #REF! | AA24: =IF(AND($F24=Z$1,$G24=AA$1,OR(COUNTIF(AA2:AA23,">0")=0,COUNTIF(AA2:AA23,">0")=3)),$G24-$AQ$1,IF(AND($F24=Z$1,$G24=AA$1,OR(COUNTIF(AA2:AA23,">0")=1,COUNTIF(AA2:AA23,">0")=2)),$G24+$AQ$1,0)) -> #REF! | AB24: =IF(AND($F24=AB$1,$G24=AC$1,COUNTIF(AB2:AB23,">0")<=1),$F$24-$AQ$1,IF(AND($F24=AB$1,$G24=AC$1,COUNTIF(AB2:AB23,">0")>1),$F$24+$AQ$1,0)) -> #REF! | AC24: =IF(AND($F24=AB$1,$G24=AC$1,OR(COUNTIF(AC2:AC23,">0")=0,COUNTIF(AC2:AC23,">0")=3)),$G24-$AQ$1,IF(AND($F24=AB$1,$G24=AC$1,OR(COUNTIF(AC2:AC23,">0")=1,COUNTIF(AC2:AC23,">0")=2)),$G24+$AQ$1,0)) -> #REF! | AD24: =IF(AND($F24=AD$1,$G24=AE$1,COUNTIF(AD2:AD23,">0")<=1),$F$24-$AQ$1,IF(AND($F24=AD$1,$G24=AE$1,COUNTIF(AD2:AD23,">0")>1),$F$24+$AQ$1,0)) -> #REF! | AE24: =IF(AND($F24=AD$1,$G24=AE$1,OR(COUNTIF(AE2:AE23,">0")=0,COUNTIF(AE2:AE23,">0")=3)),$G24-$AQ$1,IF(AND($F24=AD$1,$G24=AE$1,OR(COUNTIF(AE2:AE23,">0")=1,COUNTIF(AE2:AE23,">0")=2)),$G24+$AQ$1,0)) -> #REF! | AF24: =IF(AND($F24=AF$1,$G24=AG$1,COUNTIF(AF2:AF23,">0")<=1),$F$24-$AQ$1,IF(AND($F24=AF$1,$G24=AG$1,COUNTIF(AF2:AF23,">0")>1),$F$24+$AQ$1,0)) -> #REF! | AG24: =IF(AND($F24=AF$1,$G24=AG$1,OR(COUNTIF(AG2:AG23,">0")=0,COUNTIF(AG2:AG23,">0")=3)),$G24-$AQ$1,IF(AND($F24=AF$1,$G24=AG$1,OR(COUNTIF(AG2:AG23,">0")=1,COUNTIF(AG2:AG23,">0")=2)),$G24+$AQ$1,0)) -> #REF! | AH24: =IF(AND($F24=AH$1,$G24=AI$1,COUNTIF(AH2:AH23,">0")<=1),$F$24-$AQ$1,IF(AND($F24=AH$1,$G24=AI$1,COUNTIF(AH2:AH23,">0")>1),$F$24+$AQ$1,0)) -> #REF! | AI24: =IF(AND($F24=AH$1,$G24=AI$1,OR(COUNTIF(AI2:AI23,">0")=0,COUNTIF(AI2:AI23,">0")=3)),$G24-$AQ$1,IF(AND($F24=AH$1,$G24=AI$1,OR(COUNTIF(AI2:AI23,">0")=1,COUNTIF(AI2:AI23,">0")=2)),$G24+$AQ$1,0)) -> #REF! | AJ24: =IF(AND($F24=AJ$1,$G24=AK$1,COUNTIF(AJ2:AJ23,">0")<=1),$F$24-$AQ$1,IF(AND($F24=AJ$1,$G24=AK$1,COUNTIF(AJ2:AJ23,">0")>1),$F$24+$AQ$1,0)) -> #REF! | AK24: =IF(AND($F24=AJ$1,$G24=AK$1,OR(COUNTIF(AK2:AK23,">0")=0,COUNTIF(AK2:AK23,">0")=3)),$G24-$AQ$1,IF(AND($F24=AJ$1,$G24=AK$1,OR(COUNTIF(AK2:AK23,">0")=1,COUNTIF(AK2:AK23,">0")=2)),$G24+$AQ$1,0)) -> #REF! | AL24: =IF(AND($F24=AL$1,$G24=AM$1,COUNTIF(AL2:AL23,">0")<=1),$F$24-$AQ$1,IF(AND($F24=AL$1,$G24=AM$1,COUNTIF(AL2:AL23,">0")>1),$F$24+$AQ$1,0)) -> #REF! | AM24: =IF(AND($F24=AL$1,$G24=AM$1,OR(COUNTIF(AM2:AM23,">0")=0,COUNTIF(AM2:AM23,">0")=3)),$G24-$AQ$1,IF(AND($F24=AL$1,$G24=AM$1,OR(COUNTIF(AM2:AM23,">0")=1,COUNTIF(AM2:AM23,">0")=2)),$G24+$AQ$1,0)) -> #REF! | AN24: =SUM(I24,K24,M24,O24,Q24,S24,U24,W24,Y24,AA24,AC24,AE24,AG24,AI24,AK24,AM24) -> #REF! | AO24: =SUM(H24,J24,L24,N24,P24,R24,T24,V24,X24,Z24,AB24,AD24,AF24,AH24,AJ24,AL24) -> #REF! | AP24: =IF(Projektspørgsmål!#REF!="","",Projektspørgsmål!#REF!) -> #REF!
C25: =IF(Projektspørgsmål!#REF!=Projektspørgsmål!$IO$33,TRUE,FALSE) -> #REF! | D25: =IF(C25=TRUE,MAX(D2:D24)+1,0) -> #REF! | E25: =Projektspørgsmål!#REF! -> #REF! | F25: =Projektspørgsmål!#REF! -> #REF! | G25: =Projektspørgsmål!#REF! -> #REF! | H25: =IF(AND($F25=H$1,$G25=I$1,COUNTIF(H2:H24,">0")<=1),$F$25-$AQ$1,IF(AND($F25=H$1,$G25=I$1,COUNTIF(H2:H24,">0")>1),$F$25+$AQ$1,0)) -> #REF! | I25: =IF(AND($F25=H$1,$G25=I$1,OR(COUNTIF(I2:I24,">0")=0,COUNTIF(I2:I24,">0")=3)),$G25-$AQ$1,IF(AND($F25=H$1,$G25=I$1,OR(COUNTIF(I2:I24,">0")=1,COUNTIF(I2:I24,">0")=2)),$G25+$AQ$1,0)) -> #REF! | J25: =IF(AND($F25=J$1,$G25=K$1,COUNTIF(J2:J24,">0")<=1),$F$25-$AQ$1,IF(AND($F25=J$1,$G25=K$1,COUNTIF(J2:J24,">0")>1),$F$25+$AQ$1,0)) -> #REF! | K25: =IF(AND($F25=J$1,$G25=K$1,OR(COUNTIF(K2:K24,">0")=0,COUNTIF(K2:K24,">0")=3)),$G25-$AQ$1,IF(AND($F25=J$1,$G25=K$1,OR(COUNTIF(K2:K24,">0")=1,COUNTIF(K2:K24,">0")=2)),$G25+$AQ$1,0)) -> #REF! | L25: =IF(AND($F25=L$1,$G25=M$1,COUNTIF(L2:L24,">0")<=1),$F$25-$AQ$1,IF(AND($F25=L$1,$G25=M$1,COUNTIF(L2:L24,">0")>1),$F$25+$AQ$1,0)) -> #REF! | M25: =IF(AND($F25=L$1,$G25=M$1,OR(COUNTIF(M2:M24,">0")=0,COUNTIF(M2:M24,">0")=3)),$G25-$AQ$1,IF(AND($F25=L$1,$G25=M$1,OR(COUNTIF(M2:M24,">0")=1,COUNTIF(M2:M24,">0")=2)),$G25+$AQ$1,0)) -> #REF! | N25: =IF(AND($F25=N$1,$G25=O$1,COUNTIF(N2:N24,">0")<=1),$F$25-$AQ$1,IF(AND($F25=N$1,$G25=O$1,COUNTIF(N2:N24,">0")>1),$F$25+$AQ$1,0)) -> #REF! | O25: =IF(AND($F25=N$1,$G25=O$1,OR(COUNTIF(O2:O24,">0")=0,COUNTIF(O2:O24,">0")=3)),$G25-$AQ$1,IF(AND($F25=N$1,$G25=O$1,OR(COUNTIF(O2:O24,">0")=1,COUNTIF(O2:O24,">0")=2)),$G25+$AQ$1,0)) -> #REF! | P25: =IF(AND($F25=P$1,$G25=Q$1,COUNTIF(P2:P24,">0")<=1),$F$25-$AQ$1,IF(AND($F25=P$1,$G25=Q$1,COUNTIF(P2:P24,">0")>1),$F$25+$AQ$1,0)) -> #REF! | Q25: =IF(AND($F25=P$1,$G25=Q$1,OR(COUNTIF(Q2:Q24,">0")=0,COUNTIF(Q2:Q24,">0")=3)),$G25-$AQ$1,IF(AND($F25=P$1,$G25=Q$1,OR(COUNTIF(Q2:Q24,">0")=1,COUNTIF(Q2:Q24,">0")=2)),$G25+$AQ$1,0)) -> #REF! | R25: =IF(AND($F25=R$1,$G25=S$1,COUNTIF(R2:R24,">0")<=1),$F$25-$AQ$1,IF(AND($F25=R$1,$G25=S$1,COUNTIF(R2:R24,">0")>1),$F$25+$AQ$1,0)) -> #REF! | S25: =IF(AND($F25=R$1,$G25=S$1,OR(COUNTIF(S2:S24,">0")=0,COUNTIF(S2:S24,">0")=3)),$G25-$AQ$1,IF(AND($F25=R$1,$G25=S$1,OR(COUNTIF(S2:S24,">0")=1,COUNTIF(S2:S24,">0")=2)),$G25+$AQ$1,0)) -> #REF! | T25: =IF(AND($F25=T$1,$G25=U$1,COUNTIF(T2:T24,">0")<=1),$F$25-$AQ$1,IF(AND($F25=T$1,$G25=U$1,COUNTIF(T2:T24,">0")>1),$F$25+$AQ$1,0)) -> #REF! | U25: =IF(AND($F25=T$1,$G25=U$1,OR(COUNTIF(U2:U24,">0")=0,COUNTIF(U2:U24,">0")=3)),$G25-$AQ$1,IF(AND($F25=T$1,$G25=U$1,OR(COUNTIF(U2:U24,">0")=1,COUNTIF(U2:U24,">0")=2)),$G25+$AQ$1,0)) -> #REF! | V25: =IF(AND($F25=V$1,$G25=W$1,COUNTIF(V2:V24,">0")<=1),$F$25-$AQ$1,IF(AND($F25=V$1,$G25=W$1,COUNTIF(V2:V24,">0")>1),$F$25+$AQ$1,0)) -> #REF! | W25: =IF(AND($F25=V$1,$G25=W$1,OR(COUNTIF(W2:W24,">0")=0,COUNTIF(W2:W24,">0")=3)),$G25-$AQ$1,IF(AND($F25=V$1,$G25=W$1,OR(COUNTIF(W2:W24,">0")=1,COUNTIF(W2:W24,">0")=2)),$G25+$AQ$1,0)) -> #REF! | X25: =IF(AND($F25=X$1,$G25=Y$1,COUNTIF(X2:X24,">0")<=1),$F$25-$AQ$1,IF(AND($F25=X$1,$G25=Y$1,COUNTIF(X2:X24,">0")>1),$F$25+$AQ$1,0)) -> #REF! | Y25: =IF(AND($F25=X$1,$G25=Y$1,OR(COUNTIF(Y2:Y24,">0")=0,COUNTIF(Y2:Y24,">0")=3)),$G25-$AQ$1,IF(AND($F25=X$1,$G25=Y$1,OR(COUNTIF(Y2:Y24,">0")=1,COUNTIF(Y2:Y24,">0")=2)),$G25+$AQ$1,0)) -> #REF! | Z25: =IF(AND($F25=Z$1,$G25=AA$1,COUNTIF(Z2:Z24,">0")<=1),$F$25-$AQ$1,IF(AND($F25=Z$1,$G25=AA$1,COUNTIF(Z2:Z24,">0")>1),$F$25+$AQ$1,0)) -> #REF! | AA25: =IF(AND($F25=Z$1,$G25=AA$1,OR(COUNTIF(AA2:AA24,">0")=0,COUNTIF(AA2:AA24,">0")=3)),$G25-$AQ$1,IF(AND($F25=Z$1,$G25=AA$1,OR(COUNTIF(AA2:AA24,">0")=1,COUNTIF(AA2:AA24,">0")=2)),$G25+$AQ$1,0)) -> #REF! | AB25: =IF(AND($F25=AB$1,$G25=AC$1,COUNTIF(AB2:AB24,">0")<=1),$F$25-$AQ$1,IF(AND($F25=AB$1,$G25=AC$1,COUNTIF(AB2:AB24,">0")>1),$F$25+$AQ$1,0)) -> #REF! | AC25: =IF(AND($F25=AB$1,$G25=AC$1,OR(COUNTIF(AC2:AC24,">0")=0,COUNTIF(AC2:AC24,">0")=3)),$G25-$AQ$1,IF(AND($F25=AB$1,$G25=AC$1,OR(COUNTIF(AC2:AC24,">0")=1,COUNTIF(AC2:AC24,">0")=2)),$G25+$AQ$1,0)) -> #REF! | AD25: =IF(AND($F25=AD$1,$G25=AE$1,COUNTIF(AD2:AD24,">0")<=1),$F$25-$AQ$1,IF(AND($F25=AD$1,$G25=AE$1,COUNTIF(AD2:AD24,">0")>1),$F$25+$AQ$1,0)) -> #REF! | AE25: =IF(AND($F25=AD$1,$G25=AE$1,OR(COUNTIF(AE2:AE24,">0")=0,COUNTIF(AE2:AE24,">0")=3)),$G25-$AQ$1,IF(AND($F25=AD$1,$G25=AE$1,OR(COUNTIF(AE2:AE24,">0")=1,COUNTIF(AE2:AE24,">0")=2)),$G25+$AQ$1,0)) -> #REF! | AF25: =IF(AND($F25=AF$1,$G25=AG$1,COUNTIF(AF2:AF24,">0")<=1),$F$25-$AQ$1,IF(AND($F25=AF$1,$G25=AG$1,COUNTIF(AF2:AF24,">0")>1),$F$25+$AQ$1,0)) -> #REF! | AG25: =IF(AND($F25=AF$1,$G25=AG$1,OR(COUNTIF(AG2:AG24,">0")=0,COUNTIF(AG2:AG24,">0")=3)),$G25-$AQ$1,IF(AND($F25=AF$1,$G25=AG$1,OR(COUNTIF(AG2:AG24,">0")=1,COUNTIF(AG2:AG24,">0")=2)),$G25+$AQ$1,0)) -> #REF! | AH25: =IF(AND($F25=AH$1,$G25=AI$1,COUNTIF(AH2:AH24,">0")<=1),$F$25-$AQ$1,IF(AND($F25=AH$1,$G25=AI$1,COUNTIF(AH2:AH24,">0")>1),$F$25+$AQ$1,0)) -> #REF! | AI25: =IF(AND($F25=AH$1,$G25=AI$1,OR(COUNTIF(AI2:AI24,">0")=0,COUNTIF(AI2:AI24,">0")=3)),$G25-$AQ$1,IF(AND($F25=AH$1,$G25=AI$1,OR(COUNTIF(AI2:AI24,">0")=1,COUNTIF(AI2:AI24,">0")=2)),$G25+$AQ$1,0)) -> #REF! | AJ25: =IF(AND($F25=AJ$1,$G25=AK$1,COUNTIF(AJ2:AJ24,">0")<=1),$F$25-$AQ$1,IF(AND($F25=AJ$1,$G25=AK$1,COUNTIF(AJ2:AJ24,">0")>1),$F$25+$AQ$1,0)) -> #REF! | AK25: =IF(AND($F25=AJ$1,$G25=AK$1,OR(COUNTIF(AK2:AK24,">0")=0,COUNTIF(AK2:AK24,">0")=3)),$G25-$AQ$1,IF(AND($F25=AJ$1,$G25=AK$1,OR(COUNTIF(AK2:AK24,">0")=1,COUNTIF(AK2:AK24,">0")=2)),$G25+$AQ$1,0)) -> #REF! | AL25: =IF(AND($F25=AL$1,$G25=AM$1,COUNTIF(AL2:AL24,">0")<=1),$F$25-$AQ$1,IF(AND($F25=AL$1,$G25=AM$1,COUNTIF(AL2:AL24,">0")>1),$F$25+$AQ$1,0)) -> #REF! | AM25: =IF(AND($F25=AL$1,$G25=AM$1,OR(COUNTIF(AM2:AM24,">0")=0,COUNTIF(AM2:AM24,">0")=3)),$G25-$AQ$1,IF(AND($F25=AL$1,$G25=AM$1,OR(COUNTIF(AM2:AM24,">0")=1,COUNTIF(AM2:AM24,">0")=2)),$G25+$AQ$1,0)) -> #REF! | AN25: =SUM(I25,K25,M25,O25,Q25,S25,U25,W25,Y25,AA25,AC25,AE25,AG25,AI25,AK25,AM25) -> #REF! | AO25: =SUM(H25,J25,L25,N25,P25,R25,T25,V25,X25,Z25,AB25,AD25,AF25,AH25,AJ25,AL25) -> #REF! | AP25: =IF(Projektspørgsmål!#REF!="","",Projektspørgsmål!#REF!) -> #REF!
H26: =COUNTIF(H2:H25,">0") -> 0 | I26: =COUNTIF(I2:I25,">0") -> 0 | J26: =COUNTIF(J2:J25,">0") -> 0 | K26: =COUNTIF(K2:K25,">0") -> 0 | L26: =COUNTIF(L2:L25,">0") -> 0 | M26: =COUNTIF(M2:M25,">0") -> 0 | N26: =COUNTIF(N2:N25,">0") -> 0 | O26: =COUNTIF(O2:O25,">0") -> 0 | ... AM26: =COUNTIF(AM2:AM25,">0") -> 0
H27: =IF(H26>4,TRUE,FALSE) -> FALSE | J27: =IF(J26>4,TRUE,FALSE) -> FALSE | L27: =IF(L26>4,TRUE,FALSE) -> FALSE | N27: =IF(N26>4,TRUE,FALSE) -> FALSE | P27: =IF(P26>4,TRUE,FALSE) -> FALSE | R27: =IF(R26>4,TRUE,FALSE) -> FALSE | T27: =IF(T26>4,TRUE,FALSE) -> FALSE | V27: =IF(V26>4,TRUE,FALSE) -> FALSE | X27: =IF(X26>4,TRUE,FALSE) -> FALSE | Z27: =IF(Z26>4,TRUE,FALSE) -> FALSE | AB27: =IF(AB26>4,TRUE,FALSE) -> FALSE | AD27: =IF(AD26>4,TRUE,FALSE) -> FALSE | AF27: =IF(AF26>4,TRUE,FALSE) -> FALSE | AH27: =IF(AH26>4,TRUE,FALSE) -> FALSE | AJ27: =IF(AJ26>4,TRUE,FALSE) -> FALSE | AL27: =IF(AL26>4,TRUE,FALSE) -> FALSE
A28: =A2 -> Demokrati | B28: =B2 -> 0
A29: =A4 -> Byliv og mangfoldighed | B29: =B4 -> 0
A30: =A11 -> Mobilitet | B30: =B11 -> 0
A31: =A15 -> Byggeri og omfang | B31: =B15 -> 0
A32: =A17 -> Ressourcer og forsyning | B32: =B17 -> #REF!
A33: =A20 -> Natur og miljø | B33: =B20 -> #REF!

Sheet Projektspørgsmål
JT1: Marker alle kolonner fra LA til LL og farv teksten til sort for at se input | KG1: Marker alle kolonner fra LA til LL og farv teksten til sort for at se input
D2: {=IF(OR('Data Projekt'!H27:AM27=TRUE),"Hov! Der er ikke plads til dialogkortet i dette felt. Overvej ny prioritering/handlerum","")} | AK2: 11.punktsprogram: prioritering og handlerum | AX2: =AM3 -> Geografisk placering | BK2: =AZ3 -> Fortættet byudvikling | BX2: =BM3 -> Naturudlæg | CK2: =BZ3 -> Biofaktor | CX2: =CM3 -> Grønne kvaliteter | DK2: =CZ3 -> Blå kvaliteter | DX2: =DM3 -> Forbindelser | EK2: =DZ3 -> Cykelservice | EX2: =EM3 -> Parkeringsanlæg | FK2: =EZ3 -> Transformation | FX2: =FM3 -> Materialer og arkitektur | GK2: =FZ3 -> Cirkularitet | GX2: =GM3 -> Blandede boformer | HK2: =GZ3 -> Aktive byrum | HX2: =HM3 -> Plads til fællesskaber | IG2: =HZ3 -> Forslag til lokalplan: Bæredygtighedscirklen | IN2: =$AX$2 -> Geografisk placering | IP2: =$BK$2 -> Fortættet byudvikling | IR2: =$BX$2 -> Naturudlæg | IT2: =$CK$2 -> Biofaktor | IV2: =$CX$2 -> Grønne kvaliteter | IX2: =$DK$2 -> Blå kvaliteter | IZ2: =$DX$2 -> Forbindelser | JB2: =$EK$2 -> Cykelservice | JD2: =$EX$2 -> Parkeringsanlæg | JF2: =$FK$2 -> Transformation | JH2: =$FX$2 -> Materialer og arkitektur | JJ2: =$GK$2 -> Cirkularitet | JL2: =$GX$2 -> Blandede boformer | JN2: =$HK$2 -> Aktive byrum | JP2: =$HX$2 -> Plads til fællesskaber
B3: Høj prioritet | AM3: Geografisk placering | AZ3: Fortættet byudvikling | BM3: Naturudlæg | BZ3: Biofaktor | CM3: Grønne kvaliteter | CZ3: Blå kvaliteter | DM3: Forbindelser | DZ3: Cykelservice | EM3: Parkeringsanlæg | EZ3: Transformation | FM3: Materialer og arkitektur | FZ3: Cirkularitet | GM3: Blandede boformer | GZ3: Aktive byrum | HM3: Plads til fællesskaber | HZ3: Forslag til lokalplan: Bæredygtighedscirklen | JU3: =IB30 -> Arealforbrug | JV3: =IB31 -> Biodiversitet | JW3: =IB32 -> Mobilitet | JX3: =IB33 -> Klimapåvirkning | JY3: =IB34 -> Levende by | KB3: Naturudlæg | KC3: =100/15 -> 6.6666667 | KD3: 1 | KH3: =IB30&" ikke relevant" -> Arealforbrug ikke relevant | KI3: =IB31&" ikke relevant" -> Biodiversitet ikke relevant | KJ3: =IB32&" ikke relevant" -> Mobilitet ikke relevant | KK3: =IB33&" ikke relevant" -> Klimapåvirkning ikke relevant | KL3: =IB34&" ikke relevant" -> Levende by ikke relevant | KO3: Naturudlæg | KP3: =100/15 -> 6.6666667 | KQ3: 1
JT4: 1 | JV4: 0 | JW4: 0 | JX4: 0 | JY4: 0 | JZ4: 0 | KB4: M2 pr. beboer | KC4: =100/15 -> 6.6666667 | KD4: 2 | KG4: 1 | KH4: =IF(IN$34=0,10,0) -> 10 | KI4: 0 | KJ4: 0 | KK4: 0 | KL4: 0 | KM4: 0 | KO4: M2 pr. beboer | KP4: =100/15 -> 6.6666667 | KQ4: 2
AM5: Geografisk placering | AZ5: Fortættet byudvikling | BM5: Naturudlæg | BZ5: Biofaktor | CM5: Grønne kvaliteter | CZ5: Blå kvaliteter | DM5: Forbindelser | DZ5: Cykelservice | EM5: Parkeringsanlæg | EZ5: Transformation | FM5: Materialer og arkitektur | FZ5: Cirkularitet | GM5: Blandede boformer | GZ5: Aktive byrum | HM5: Plads til fællesskaber | JT5: 2 | JV5: 0 | JW5: 0 | JX5: 0 | JY5: 0 | JZ5: 0 | KB5: Fortætning | KC5: =100/15 -> 6.6666667 | KD5: 3 | KG5: 2 | KH5: =IF(IN$34=0,10,0) -> 10 | KI5: 0 | KJ5: 0 | KK5: 0 | KL5: 0 | KM5: 0 | KO5: Fortætning | KP5: =100/15 -> 6.6666667 | KQ5: 3
AM6: Placeringen af lokalplanområdet har stor betydning for planens klimapåvirkning. Der er store gevinster ved fortætning og omdannelse, men hvis vi alligevel udvikler på bar mark afhjælper det afledte klimabelastende anlæg, hvis området er koblet på eksisterende infrastruktur ift. forsyning, transport, kultur, velfærd og indkøb. Når vi arbejder med lokalplaners geografi, lægger vi vægt på følgende: | AZ6: Fortættet byudvikling handler om klog udnyttelse af arealer og kvadratmeter og skabelse af en god og levende by, både når vi byudvikler på bar mark og fortætter i eksisterende byområder. Det er vigtigt, at vi starter med en stedsanalyse, der sikrer eksisterende kvaliteter og peger på fremtidige potentialer for udviklingen i lokalplanområdet. Når vi planlægger for nye by- og boligområder, skal vi blande funktioner, så vi understøtter liv dagen og ugen igennem. Samtidig skal vi arbejde fornuftigt med kvadratmeterne. Der er brug for et balanceret opgør, hvor vi bygger mindre på mindre areal, samtidig med at vi værner om byggeri i høj kvalitet. Når vi arbejder med fortætning i lokalplaner, lægger vi vægt på følgende: | BM6: Når der udvikles ny by på bar mark, så bør det ske i balance med naturen. Det kan ske ved at forbedre eksisterende natur samt anlægge ny natur i et naturudlæg tilsvarende til boligområdets areal. Natur er både godt for økosystemer, klima og mennesker. Københavns Universitet estimerer, at mennesker i gennemsnit er villige til at betale 10% af ejendomsværdien for adgang til natur, hvilket peger på, at udvikling af naturudlæg gør områder endnu mere attraktive for fremtidens beboer. Når vi arbejder med naturudlæg i lokalplaner, lægger vi vægt på: | BZ6: Biofaktor er et udtryk for det biologiske volumen, som et bygnings- eller bydelsprojekt giver mulighed for. Med andre ord: et værktøj, som sikrer plads til natur i udviklingen af byens rum, samt mulighed for mere mangfoldig natur. Roskilde Kommunes mål for biofaktor er, at den skal forbedres med minimum 10% fra udgangspunktet (baseline). I områder, hvor der i forvejen er ingen eller meget lav biofaktor, kan der arbejdes med et et minimumsmål til biofaktoren på 0,5 for by og 0,8 for land for, at sikre et grønt bundniveau i det aktuelle projekt. I vejledningen ”Biofaktor i lokalplaner”, er der en trin-for-trin vejledning til, hvordan biofaktor udregnes, herunder hvilke variable og faktorer, der påvirker resultatet. Biofaktor er alene en indikator for, hvor grønt et område fremstår, og hvor stort potentialet er for at understøtte artsdiversiteten. Der bør derfor altid arbejdes med at stille supplerende krav for byens blå og grønne rum. Når vi arbejder med blå/grøn faktor i lokalplaner, lægger vi vægt på: | CM6: Grønne kvaliteter i en lokalplan har både positiv betydning for biodiversiteten og klimaet. Det handler om at bevare og værne om grønne kvaliteter, der allerede findes, og tilføje ny beplantning og grønne områder. Dette skal sikre kvaliteten af det fremtidige landskab og beplantning i et nyt område. En stedsanalyse af lokalplanområdets eksisterende beplantning og landskabskarakter, herunder terræn, samt kvaliteterne i de nære omgivelser skal understøtte en god planlægning for det grønne. Når vi arbejder med grønne kvaliteter i lokalplaner, lægger vi vægt på følgende: | CZ6: Øget nedbør kræver mere regnvandshåndtering. Overfladebaserede regnvandsløsninger bidrager posititvt til områdes naturmæssige og rekreative værdier, når det følges ad med landskabelig bearbejdning og beplantning. Samtidig reducerer det CO2-udledningen, når gravearbejder, jordflytning og anlæg af rør minimeres. Mindre befæstede arealer er også en gevinst, som både reducerer ressourceforbruget og samtidig fremmer den naturlige nedsivning af regnvand. Naturlige vandspejl er også vigtige for et områdes biodiversitet, og det er nødvendigt at være bevidst om søer til regnvand, der understøtter klimatilpasning, og søer til natur, der understøtter biodiversitet. Når vi arbejder med blå kvaliteter i lokalplaner, lægger vi vægt på: | DM6: Sikre, grønne og rekreative ruter gør det attraktivt at cykle eller gå frem for at køre i bil til dagens gøremål. Det gælder både korte ruter til det lokale supermarked og for længere ture til arbejde, stationer mv. Trafiksikkerhed er samtidig afgørende for børns mulighed for at gå eller tage cyklen på de kortere ruter til og fra skolen, fritidsaktiviteter eller lignende i lokalområdet. Flere undersøgelser viser*, at trafikanter er mere tilbøjelige til at vælge en længere rute, hvis den er mere sikker, mere grøn eller rekreativ. Med elcyklernes indtog er langdistancer også blevet til overkommelige affærer. Når vi arbejder med forbindelser i lokalplaner, lægger vi vægt på følgende: | DZ6: Cyklen er en vigtig transportform og en løsning på mange af de trængselsproblemer, vi oplever i byerne, foruden den klimapåvirkning vores øvrige, fossildrevne og pladskrævende transport medfører. Derfor er det essentielt, at vi arbejder ambitiøst med planlægningen for cykler, hver gang vi udvikler nye by-, erhvervs- og boligområder.. Når vi arbejder med cykelservice i lokalplaner, lægger vi vægt på følgende: | EM6: Biler er stadig en nødvendighed for de fleste. Derfor er det vigtigt at sikre, at parkeringsanlæg udvikles så bæredygtigt som muligt. Der er stort potentiale i at gentænke traditionelle parkeringsanlæg, så de opnår bylivsskabende værdi og gør mindst mulig skade på klima og biodiversitet. Samtidig er der potentiale i at tænke i grøn bilisme i form af delebiler, samkørsel og ladestationer. Når vi planlægger for parkeringsløsninger, skal klimaperspektivet også tages med i afvejningen af forskellige interesser. CO2-udledningen for en parkeringskælder er større end terrænparkering og parkeringshus, da etablering af parkeringskælder medfører, behov for spuns, jordflytninger og anvendelse af CO2-tunge materialer som beton og stål. Et alternativ til kældre er fritstående parkeringshuse eller parkering på terræn, hvor anlæg dobbeltudnyttes, så de understøtter flere funktioner end parkering. Nogle gange er parkeringskældre dog nødvendige i den tætte by, hvor der både er højt bilejerskab og befolkningstæthed - og ofte en kamp om pladsen. Når vi arbejder med parkeringsanlæg i lokalplaner, lægger vi vægt på følgende: | EZ6: Vi skal bevare og transformere mere, for at undgå nedrivninger, der både er en belastning for miljøet, biodiversiteten og tit også er et tab for et byområdes identitet og kulturarv. Når vi arbejder med transformation i lokalplaner, evaluerer vi efter følgende principper: | FM6: I Danmark bygges der overvejende i beton og stål. Det er et problem for klimaet og biodiversiteten, og disse materialer bør reserveres til eksempelvis broer og tunneller, der er afhængig af materialernes egenskaber ift. statik og bæreevne. Når der udvikles nye by- og boligområder, bør de designes med udgangspunkt i stedets egenart. Samtidig skal arkitekturen fordrer brug af innovative materialer, f.eks. biogene materialer, som lagrer CO2 i deres tilblivelse, og som gør mindst mulig skade på klimaet. Det kræver, at vi fra de tidlige skitser tænker over byggeriets højde, tæthed, tagudformning og detaljering mv. Når vi vælger, hvilke materialer vi bygger i, har det også en indflydelse på biodiversiteten, både inde for selve lokalplanområdet (on-site), men også gennem byggeriets påvirkning af værdikæderne, såsom udvinding af råmaterialer til byggematerialer (off-site). Når vi arbejder med materialer og arkitektur i lokalplaner, lægger vi vægt på følgende: | FZ6: Nybyggeri og anlæg står for 40% af al affald i Danmark og i 2023 formåede vi kun at cirkulere 4 % af ressourcerne inden de ramte affaldsstationen. Der er et stort og uforløst potentiale for at genindbygge flere materialer, som allerede har været brugt, enten lokalt eller fra en kilde i relativ nærhed. Den cirkulære tænkning er også relevant i forhold til jordhåndtering, hvor særligt forebyggelse af bortskaffelse af jord er vigtig. Det kan bl.a. påvirkes gennem terrænplanlægning, valg af funderingsmetode og lokal genindbygning af jord i landskabet. Derudover er det vigtigt at designe nye byggerier efter principperne om design for adskillelse og omdannelse, så det byggeri vi bygger i dag kan skilles ad og bruges i nye bygninger i fremtiden. Når vi arbejder med cirkularitet i lokalplaner, lægger vi vægt på følgende: | GM6: Blandede boformer er en afgørende nøgle til at sikre blandede byer for de mange og ikke kun de få. Det rette mix af boliger kan målrette sig forskellige målgruppers behov - fra singlefamilier med mindre arealbehov til økonomisk udsatte, der har brug for betalbare boliger. Samtidig har vi fokus på at sikre boliger til mange livssituationer - fra unge til familier til seniorer - så der er boligtilbud for livet i Roskilde. Når vi arbejder med blandede boformer i lokalplaner, lægger vi vægt på følgende: | GZ6: Liv og aktivitet i byens rum er en afgørende faktor for et byområdes tiltrækningskraft, handelsliv samt tryghed og tilgængeligehed for beboere og brugere. Det kan med andre ord godt betale sig at gå op i, hvordan byrum er udformet og om det giver plads til bylivet ugen og året igennem - og samtidig skaber trygge rammer for et alsidigt hverdagsliv. Når vi arbejder med aktive byrum i lokalplaner, lægger vi vægt på følgende: | HM6: Byens og boligens fysiske rammer kan støtte op om en højere udnyttelse af private såvel som fælles faciliteter og ressourcer. Attraktive fællesarealer kan understøtte fællesskabet og den sociale sammenhængskraft, samtidig med, at det kan understøtte et optimeret arealforbrug med mindre private boliger og flere fællesarealer, der samlet set reducerer kvadratmeterne. Der er mange gode, nye eksempler på, at tænke deleøkonomi med, når nye by- og boligområder udvikles. Det vedrører både mobilitet, cirkularitet, biodiversitet og boligudbud. Når vi arbejder med fællesskaber i lokalplaner,lægger vi vægt på følgende: | IN6: Prioritet | IP6: Prioritet | IR6: Prioritet | IT6: Prioritet | IV6: Prioritet | IX6: Prioritet | IZ6: Prioritet | JB6: Prioritet | JD6: Prioritet | JF6: Prioritet | JH6: Prioritet | JJ6: Prioritet | JL6: Prioritet | JN6: Prioritet | JP6: Prioritet | JT6: 3 | JV6: 0 | JW6: 0 | JX6: 0 | JY6: 0 | JZ6: 0 | KB6: Blå/grøn faktor | KC6: =100/15 -> 6.6666667 | KD6: 4 | KG6: 3 | KH6: =IF(IN$34=0,10,0) -> 10 | KI6: 0 | KJ6: 0 | KK6: 0 | KL6: 0 | KM6: 0 | KO6: Blå/grøn faktor | KP6: =100/15 -> 6.6666667 | KQ6: 4
IN7: =AU15 -> klik her | IO7: =VLOOKUP(IN7,$IN$14:$IR$19,5,FALSE) -> 0 | IP7: =BH15 -> klik her | IQ7: =VLOOKUP(IP7,$IN$14:$IR$19,5,FALSE) -> 0 | IR7: =BU15 -> klik her | IS7: =VLOOKUP(IR7,$IN$14:$IR$19,5,FALSE) -> 0 | IT7: =CH15 -> klik her | IU7: =VLOOKUP(IT7,$IN$14:$IR$19,5,FALSE) -> 0 | IV7: =CU15 -> klik her | IW7: =VLOOKUP(IV7,$IN$14:$IR$19,5,FALSE) -> 0 | IX7: =DH15 -> klik her | IY7: =VLOOKUP(IX7,$IN$14:$IR$19,5,FALSE) -> 0 | IZ7: =DU15 -> klik her | JA7: =VLOOKUP(IZ7,$IN$14:$IR$19,5,FALSE) -> 0 | JB7: =EH15 -> klik her | JC7: =VLOOKUP(JB7,$IN$14:$IR$19,5,FALSE) -> 0 | JD7: =EU15 -> klik her | JE7: =VLOOKUP(JD7,$IN$14:$IR$19,5,FALSE) -> 0 | JF7: =FH15 -> klik her | JG7: =VLOOKUP(JF7,$IN$14:$IR$19,5,FALSE) -> 0 | JH7: =FU15 -> klik her | JI7: =VLOOKUP(JH7,$IN$14:$IR$19,5,FALSE) -> 0 | JJ7: =GH15 -> klik her | JK7: =VLOOKUP(JJ7,$IN$14:$IR$19,5,FALSE) -> 0 | JL7: =GU15 -> klik her | JM7: =VLOOKUP(JL7,$IN$14:$IR$19,5,FALSE) -> 0 | JN7: =HH15 -> klik her | JO7: =VLOOKUP(JN7,$IN$14:$IR$19,5,FALSE) -> 0 | JP7: =HU15 -> klik her | JQ7: =VLOOKUP(JP7,$IN$14:$IR$19,5,FALSE) -> 0 | JT7: 4 | JV7: 0 | JW7: 0 | JX7: 0 | JY7: 0 | JZ7: 0 | KB7: Grønne rum | KC7: =100/15 -> 6.6666667 | KD7: 5 | KG7: 4 | KH7: =IF(IN$34=0,10,0) -> 10 | KI7: 0 | KJ7: 0 | KK7: 0 | KL7: 0 | KM7: 0 | KO7: Grønne rum | KP7: =100/15 -> 6.6666667 | KQ7: 5
JT8: 5 | JV8: 0 | JW8: 0 | JX8: 0 | JY8: 0 | JZ8: 0 | KB8: Blå rum | KC8: =100/15 -> 6.6666667 | KD8: 6 | KG8: 5 | KH8: =IF(IN$34=0,10,0) -> 10 | KI8: 0 | KJ8: 0 | KK8: 0 | KL8: 0 | KM8: 0 | KO8: Blå rum | KP8: =100/15 -> 6.6666667 | KQ8: 6
JT9: 6 | JV9: 0 | JW9: 0 | JX9: 0 | JY9: 0 | JZ9: 0 | KB9: Sikre og rekreative ruter | KC9: =100/15 -> 6.6666667 | KD9: 7 | KG9: 6 | KH9: =IF(IN$34=0,10,0) -> 10 | KI9: 0 | KJ9: 0 | KK9: 0 | KL9: 0 | KM9: 0 | KO9: Sikre og rekreative ruter | KP9: =100/15 -> 6.6666667 | KQ9: 7
IN10: Handlerum | IP10: Handlerum | IR10: Handlerum | IT10: Handlerum | IV10: Handlerum | IX10: Handlerum | IZ10: Handlerum | JB10: Handlerum | JD10: Handlerum | JF10: Handlerum | JH10: Handlerum | JJ10: Handlerum | JL10: Handlerum | JN10: Handlerum | JP10: Handlerum | JT10: 7 | JV10: 0 | JW10: 0 | JX10: 0 | JY10: 0 | JZ10: 0 | KB10: Mobilitetsservice | KC10: =100/15 -> 6.6666667 | KD10: 8 | KG10: 7 | KH10: =IF(IN$34=0,10,0) -> 10 | KI10: 0 | KJ10: 0 | KK10: 0 | KL10: 0 | KM10: 0 | KO10: Mobilitetsservice | KP10: =100/15 -> 6.6666667 | KQ10: 8
IN11: =AU16 -> klik her | IO11: =VLOOKUP(IN11,$IP$14:$IR$19,3,FALSE) -> 0 | IP11: =BH16 -> klik her | IQ11: =VLOOKUP(IP11,$IP$14:$IR$19,3,FALSE) -> 0 | IR11: =BU16 -> klik her | IS11: =VLOOKUP(IR11,$IP$14:$IR$19,3,FALSE) -> 0 | IT11: =CH16 -> klik her | IU11: =VLOOKUP(IT11,$IP$14:$IR$19,3,FALSE) -> 0 | IV11: =CU16 -> klik her | IW11: =VLOOKUP(IV11,$IP$14:$IR$19,3,FALSE) -> 0 | IX11: =DH16 -> klik her | IY11: =VLOOKUP(IX11,$IP$14:$IR$19,3,FALSE) -> 0 | IZ11: =DU16 -> klik her | JA11: =VLOOKUP(IZ11,$IP$14:$IR$19,3,FALSE) -> 0 | JB11: =EH16 -> klik her | JC11: =VLOOKUP(JB11,$IP$14:$IR$19,3,FALSE) -> 0 | JD11: =EU16 -> klik her | JE11: =VLOOKUP(JD11,$IP$14:$IR$19,3,FALSE) -> 0 | JF11: =FH16 -> klik her | JG11: =VLOOKUP(JF11,$IP$14:$IR$19,3,FALSE) -> 0 | JH11: =FU16 -> klik her | JI11: =VLOOKUP(JH11,$IP$14:$IR$19,3,FALSE) -> 0 | JJ11: =GH16 -> klik her | JK11: =VLOOKUP(JJ11,$IP$14:$IR$19,3,FALSE) -> 0 | JL11: =GU16 -> klik her | JM11: =VLOOKUP(JL11,$IP$14:$IR$19,3,FALSE) -> 0 | JN11: =HH16 -> klik her | JO11: =VLOOKUP(JN11,$IP$14:$IR$19,3,FALSE) -> 0 | JP11: =HU16 -> klik her | JQ11: =VLOOKUP(JP11,$IP$14:$IR$19,3,FALSE) -> 0 | JT11: 8 | JV11: 0 | JW11: 0 | JX11: 0 | JY11: 0 | JZ11: 0 | KB11: Gentænkning af parkeringsanlæg | KC11: =100/15 -> 6.6666667 | KD11: 9 | KG11: 8 | KH11: =IF(IN$34=0,10,0) -> 10 | KI11: 0 | KJ11: 0 | KK11: 0 | KL11: 0 | KM11: 0 | KO11: Gentænkning af parkeringsanlæg | KP11: =100/15 -> 6.6666667 | KQ11: 9
JT12: 9 | JU12: =IN$34 -> 0 | JV12: 0 | JW12: 0 | JX12: 0 | JY12: 0 | JZ12: 0 | KB12: Bevaring og transformation | KC12: =100/15 -> 6.6666667 | KD12: 10 | KG12: 9 | KH12: =IF(IN$34=0,10,0) -> 10 | KI12: 0 | KJ12: 0 | KK12: 0 | KL12: 0 | KM12: 0 | KO12: Bevaring og transformation | KP12: =100/15 -> 6.6666667 | KQ12: 10
JT13: 10 | JU13: =IN$34 -> 0 | JV13: 0 | JW13: 0 | JX13: 0 | JY13: 0 | JZ13: 0 | KB13: Valg af byggematerialer | KC13: =100/15 -> 6.6666667 | KD13: 11 | KG13: 10 | KH13: =IF(IN$34=0,10,0) -> 10 | KI13: 0 | KJ13: 0 | KK13: 0 | KL13: 0 | KM13: 0 | KO13: Valg af byggematerialer | KP13: =100/15 -> 6.6666667 | KQ13: 11
AM14: 11.punktsprogram: prioritering og handlerum | AZ14: 11.punktsprogram: prioritering og handlerum | BM14: 11.punktsprogram: prioritering og handlerum | BZ14: 11.punktsprogram: prioritering og handlerum | CM14: 11.punktsprogram: prioritering og handlerum | CZ14: 11.punktsprogram: prioritering og handlerum | DM14: 11.punktsprogram: prioritering og handlerum | DZ14: 11.punktsprogram: prioritering og handlerum | EM14: 11.punktsprogram: prioritering og handlerum | EZ14: 11.punktsprogram: prioritering og handlerum | FM14: 11.punktsprogram: prioritering og handlerum | FZ14: 11.punktsprogram: prioritering og handlerum | GM14: 11.punktsprogram: prioritering og handlerum | GZ14: 11.punktsprogram: prioritering og handlerum | HM14: 11.punktsprogram: prioritering og handlerum | IN14: klik her | IP14: klik her | IU14: klik her | JC14: Temanavn | JE14: Temascore | JT14: 11 | JU14: =IN$34 -> 0 | JV14: 0 | JW14: 0 | JX14: 0 | JY14: 0 | JZ14: 0 | KB14: Cirkularitet og jordbalance | KC14: =100/15 -> 6.6666667 | KD14: 12 | KG14: 11 | KH14: =IF(IN$34=0,10,0) -> 10 | KI14: 0 | KJ14: 0 | KK14: 0 | KL14: 0 | KM14: 0 | KO14: Cirkularitet og jordbalance | KP14: =100/15 -> 6.6666667 | KQ14: 12
AM15: ="Hvor højt/lavt skal 'nedenstående principper' prioriteres?" -> Hvor højt/lavt skal 'nedenstående principper' prioriteres? | AU15: klik her | AZ15: ="Hvor højt/lavt skal nedenstående principper prioriteres?" -> Hvor højt/lavt skal nedenstående principper prioriteres? | BH15: klik her | BM15: Hvor højt/lavt skal nedenstående principper prioriteres? | BU15: klik her | BZ15: Hvor højt/lavt skal nedenstående prioriteres? | CH15: klik her | CM15: Hvor højt/lavt skal nedenstående principper prioriteres? | CU15: klik her | CZ15: ="Hvor højt/lavt skal '"&CZ3&"' prioriteres?" -> Hvor højt/lavt skal 'Blå kvaliteter' prioriteres? | DH15: klik her | DM15: ="Hvor højt/lavt skal '"&DM3&"' prioriteres?" -> Hvor højt/lavt skal 'Forbindelser' prioriteres? | DU15: klik her | DZ15: Hvor højt/lavt skal 'nedenstående principper prioriteres? | EH15: klik her | EM15: Hvor højt/lavt skal nedenstående principper prioriteres? | EU15: klik her | EZ15: ="Hvor højt/lavt skal '"&EZ3&"' prioriteres?" -> Hvor højt/lavt skal 'Transformation' prioriteres? | FH15: klik her | FM15: Hvor højt/lavt skal nedenstående principper prioriteres? | FU15: klik her | FZ15: ="Hvor højt/lavt skal '"&FZ3&"' prioriteres?" -> Hvor højt/lavt skal 'Cirkularitet' prioriteres? | GH15: klik her | GM15: Hvor højt/lavt skal nedenstående principper prioriteres? | GU15: klik her | GZ15: Hvor højt/lavt skal nedenstående principper prioriteres? | HH15: klik her | HM15: Hvor højt/lavt skal nedenstående principper prioriteres? | HU15: klik her | IN15: Meget højt | IP15: Meget let | IR15: 4 | IU15: I høj grad | IW15: 10 | JC15: =IS45 -> 0 | JE15: =IN44 -> #DIV/0! | JT15: 12 | JU15: =IN$34 -> 0 | JV15: 0 | JW15: 0 | JX15: 0 | JY15: 0 | JZ15: 0 | KB15: Varierede boformer | KC15: =100/15 -> 6.6666667 | KD15: 13 | KG15: 12 | KH15: =IF(IN$34=0,10,0) -> 10 | KI15: 0 | KJ15: 0 | KK15: 0 | KL15: 0 | KM15: 0 | KO15: Varierede boformer | KP15: =100/15 -> 6.6666667 | KQ15: 13
B16: Prioritet | AM16: ="Hvor let/svært bliver det at implementere i projektet?" -> Hvor let/svært bliver det at implementere i projektet? | AU16: klik her | AZ16: ="Hvor let/svært bliver det at implementere i projektet?" -> Hvor let/svært bliver det at implementere i projektet? | BH16: klik her | BM16: Hvor let/svært bliver det at implementere i projektet? | BU16: klik her | BZ16: Hvor nemt/svært bliver det at implementere i projektet? | CH16: klik her | CM16: Hvor let/svært bliver det at implementere i projektet? | CU16: klik her | CZ16: ="Hvor let/svært bliver det at implementere '"&CZ3&"' i projektet?" -> Hvor let/svært bliver det at implementere 'Blå kvaliteter' i projektet? | DH16: klik her | DM16: ="Hvor let/svært bliver det at implementere '"&DM3&"' i projektet?" -> Hvor let/svært bliver det at implementere 'Forbindelser' i projektet? | DU16: klik her | DZ16: Hvor let/svært bliver det at implementere i projektet? | EH16: klik her | EM16: Hvor let/svært bliver det at implementere i projektet? | EU16: klik her | EZ16: ="Hvor let/svært bliver det at implementere '"&EZ3&"' i projektet?" -> Hvor let/svært bliver det at implementere 'Transformation' i projektet? | FH16: klik her | FM16: Hvor let/svært bliver det at implementere i projektet? | FU16: klik her | FZ16: ="Hvor let/svært bliver det at implementere '"&FZ3&"' i projektet?" -> Hvor let/svært bliver det at implementere 'Cirkularitet' i projektet? | GH16: klik her | GM16: Hvor let/svært bliver det at implementere i projektet? | GU16: klik her | GZ16: Hvor let/svært bliver det at implementere i projektet? | HH16: klik her | HM16: Hvor let/svært bliver det at implementere i projektet? | HU16: klik her | IN16: Højt | IP16: Let | IR16: 3 | IU16: I nogen grad | IW16: 7 | JC16: =IY45 -> 0 | JE16: =IT44 -> #DIV/0! | JT16: 13 | JU16: =IN$34 -> 0 | JV16: 0 | JW16: 0 | JX16: 0 | JY16: 0 | JZ16: 0 | KB16: Tryghed og tilgængelighed | KC16: =100/15 -> 6.6666667 | KD16: 14 | KG16: 13 | KH16: =IF(IN$34=0,10,0) -> 10 | KI16: 0 | KJ16: 0 | KK16: 0 | KL16: 0 | KM16: 0 | KO16: Tryghed og tilgængelighed | KP16: =100/15 -> 6.6666667 | KQ16: 14
IN17: Lavt | IP17: Svært | IR17: 2 | IU17: I begrænset omfang | IW17: 4 | JC17: =JE45 -> 0 | JE17: =IZ44 -> #DIV/0! | JT17: 14 | JU17: =IN$34 -> 0 | JV17: 0 | JW17: 0 | JX17: 0 | JY17: 0 | JZ17: 0 | KG17: 14 | KH17: =IF(IN$34=0,10,0) -> 10
AM18: Forslag til lokalplan: I hvilken grad understøtter lokalplanen nedenstående evalueringskriterier? | AZ18: Forslag til lokalplan: I hvilken grad understøtter lokalplanen nedenstående evalueringskriterier? | BM18: Forslag til lokalplan: I hvilken grad understøtter lokalplanen nedenstående evalueringskriterier? | BZ18: Forslag til lokalplan: I hvilken grad understøtter lokalplanen nedenstående evalueringskriterier? | CM18: Forslag til lokalplan: I hvilken grad understøtter lokalplanen nedenstående evalueringskriterier? | CZ18: Forslag til lokalplan: I hvilken grad understøtter lokalplanen nedenstående evalueringskriterier? | DM18: Forslag til lokalplan: I hvilken grad understøtter lokalplanen nedenstående evalueringskriterier? | DZ18: Forslag til lokalplan: I hvilken grad understøtter lokalplanen nedenstående evalueringskriterier? | EM18: Forslag til lokalplan: I hvilken grad understøtter lokalplanen nedenstående evalueringskriterier? | EZ18: Forslag til lokalplan: I hvilken grad understøtter lokalplanen nedenstående evalueringskriterier? | FM18: Forslag til lokalplan: I hvilken grad understøtter lokalplanen nedenstående evalueringskriterier? | FZ18: Forslag til lokalplan: I hvilken grad understøtter lokalplanen nedenstående evalueringskriterier? | GM18: Forslag til lokalplan: I hvilken grad understøtter lokalplanen nedenstående evalueringskriterier? | GZ18: Forslag til lokalplan: I hvilken grad understøtter lokalplanen nedenstående evalueringskriterier? | HM18: Forslag til lokalplan: I hvilken grad understøtter lokalplanen nedenstående evalueringskriterier? | IN18: Meget lavt | IP18: Meget svært | IR18: 1 | IU18: Slet ikke | IW18: 1 | JC18: =JK45 -> 0 | JE18: =JF44 -> #DIV/0! | JT18: 15 | JU18: =IN$34 -> 0 | JV18: 0 | JW18: 0 | JX18: 0 | JY18: 0 | JZ18: 0 | KG18: 15 | KH18: =IF(IN$34=0,10,0) -> 10
AM19: Lokalplanområdet ligger i eksisterende by og muliggør fortætning og/eller omdannelse af eksisterende by. | AU19: klik her | AZ19: Lokalplanen sikrer, at bygningerne placeres og formgives iht. en stedsanalyse, således at planen understøtter eksisterende kvaliteter og videreudvikler dem. | BH19: klik her | BM19: Lokalplanen sikrer udlæg af areal til natur i forholdet 1:1 (svarende til 100%) på et tilstødende/nærliggende areal samt udlæg af areal til natur indenfor det bebyggede område i forholdet 1:3 (svarende til 25%) | BU19: klik her | BZ19: Bygherre har udarbejdet en biofaktor beregning både for det eksisterende og planlagte, og lokalplanen sikrer en forbedring af biofaktoren på minimum 10 %. | CH19: klik her | CM19: Lokalplanen sikrer at eksisterende træer og andre grønne naturkvaliteter bevares. | CU19: klik her | CZ19: Lokalplanen sikrer, at vådområder, søer og andre naturkvaliteter bevares. | DH19: klik her | DM19: Lokalplanen sikrer etablering af stier for bløde trafikanter, som forbinder til den omgivende by og som er i overenstemmelse med stiplanlægningen i kommuneplanen. | DU19: Ikke relevant | DZ19: Lokalplanen sikrer, at 50% af cykelparkeringen er overdækket, samt at 10% er reserveret til ladcykler. | EH19: klik her | EM19: Lokalplanen sikrer etablering af ladestandere og reservation af pladser til samkørsel og delebiler på de mest attraktive pladser. | EU19: klik her | EZ19: Lokalplanen sikrer bevaring af eksisterende bygninger baseret på en helhedsvurdering, der inkluderer arkitektoniske og kulturhistoriske bevaringsværdier samt klimapåvirkning. | FH19: klik her | FM19: Lokalplanen sikrer, principper for facadedetaljering, tagudformninng, facadespring, vinduessætning mm., der understøtter en helstøbt arkitektur, der tilpasser sig stedet. | FU19: klik her | FZ19: Bygherre har indvilget i, at der udarbejdes et materialepas, så man i fremtiden kan genfinde viden om, hvilke materialer byggeriet består af. Ved nedrivning udarbejdes der en materiale kortlægning. | GH19: klik her | GM19: Lokalplanen sikrer forskellige boligtyper, eksempelvis lejligheder, duplex-boliger, rækkehuse, bofællesskab, tiny houses, mv. | GU19: klik her | GZ19: Lokalplanen udlægger areal til mindst et by- og/eller gaderum, og har bestemmelser om belægning, beplantning, byrumsinventar og belysning, der understøtter høj byrumskvalitet. | HH19: klik her | HM19: Lokalplanen sikrer et fælles opholdsareal i overensstemmelse med kommuneplan samt faciliteter som legeplads, drivhus eller andre funktioner som aktiverer det fælles udeareal. | HU19: klik her | IN19: Prioritering | IP19: Sværhedsgrad | IU19: Ikke relevant | IW19: 11 | JC19: =JQ45 -> 0 | JE19: =JL44 -> #DIV/0! | JT19: 16 | JU19: =IN$34 -> 0 | JV19: 0 | JW19: 0 | JX19: 0 | JY19: 0 | JZ19: 0 | KG19: 16 | KH19: =IF(IN$34=0,10,0) -> 10
IU20: Delmål opnået? | JT20: 17 | JV20: 0 | JW20: 0 | JX20: 0 | JY20: 0 | JZ20: 0 | KG20: 17 | KH20: =IF(IN$34=0,10,0) -> 10 | KI20: 0 | KJ20: 0 | KK20: 0 | KL20: 0 | KM20: 0
AM21: Lokalplanområdet ligger i et eksisterende forsyningsområde. | AU21: klik her | AZ21: Lokalplanen har fokus på gode dagslysforhold og mikroklima med bl.a. minimumsafstand mellem bygninger, maksimumshøjder, vinduesplacering og tagudformning. Bebyggelsen er placeret højt i terræn, og der er udarbejdet skyggediagrammer. | BH21: klik her | BM21: Lokalplanen sikrer, at naturudlægget er placeret, så det skaber en fysisk sammenhæng mellem beplatninger både inden for lokalplanområdet og i tilknytning til lokalplanområdet. | BU21: klik her | CM21: Lokalplanen sikrer et minimum antal nye træer, buske og stauder i forskellige arter, hvoraf der er en høj grad af hjemmehørende arter. | CU21: klik her | CZ21: Lokalplanen sikrer etablering af nye vådområder og søer. | DH21: klik her | DM21: Lokalplanen sikrer, at veje, stier og parkering som minimum følger anbefalinger fra vejreglerne ift. bredder og udformning, og bygherrer har evt. udarbejdet trafiksikkerhedsrevision. | DU21: klik her | DZ21: Lokalplanen sikrer, at cykelparkering er placeret på rejseruten - max. 30 m. fra indgange. | EH21: klik her | EM21: Lokalplanen sikrer, at parkeringsløsningen tager udgangspunkt i en helhedsvurdering i forhold til områdets karakter, trafik, klimapåvirkning og tæthed. | EU21: klik her | EZ21: Lokalplanen muliggør at dele af det eksisterende byggeri bevares. (I høj grad: total bevaring af facader, i nogen grad: bevaring af bærende konstruktioner, i mindre grad: bevaring af fundament). | FH21: klik her | FM21: Lokalplanen mulliggør anvendelse af genanvendte eller biogene materialer | FU21: klik her | FZ21: Lokalplanen muliggør jordbalance, så jord kan genindbygges lokalt. | GH21: klik her | GM21: Lokalplanen sikrer minimum 25% almene boliger. | GU21: klik her | GZ21: Lokalplanen sikrer attraktive kantzoner, eksempelvis ved krav til bredde, materialitet, beplantning, indretning og/eller krav til sokler, facadedetaljering for stueetagen mv. | HH21: klik her | HM21: Lokalplanen sikrer et indendørs fællesareal i form af fælleslokale(r) eller -hus(e) på min. 200 m2 eller 10% af det samlede etageareal. | HU21: klik her | JL21: NOT USED | JT21: 18 | JV21: 0 | JW21: 0 | JX21: 0 | JY21: 0 | JZ21: 0 | KB21: 2D PIE | KG21: 18 | KH21: =IF(IN$34=0,10,0) -> 10 | KI21: 0 | KJ21: 0 | KK21: 0 | KL21: 0 | KM21: 0
JT22: 19 | JV22: 0 | JW22: 0 | JX22: 0 | JY22: 0 | JZ22: 0 | KB22: 0.2 | KG22: 19 | KH22: =IF(IN$34=0,10,0) -> 10 | KI22: 0 | KJ22: 0 | KK22: 0 | KL22: 0 | KM22: 0
AM23: Lokalplanområdet ligger max. 600 m fra en togstation eller 400 m fra et busstoppested med A-busser. | AU23: klik her | AZ23: Lokalplanen sikrer, mere end én anvendelse indenfor planområdet f.eks. bolig og erhverv. | BH23: klik her | BM23: Lokalplanen sikrer adgang til naturudlægget/ne for områdets beboere og gæster via stinet og opholdssteder. | BU23: klik her | CM23: Lokalplanen sikrer, at der er fysisk sammenhæng mellem beplatninger (f.eks. korridorer), så arter og dyr i højere grad kan bevæge sig rundt i området og udenfor området. | CU23: klik her | CZ23: Lokalplanen fastsætter en maksimal befæstelsesgrad og bygherrer har evt. redegjort for overholdelse af afledningsgrader. | DH23: klik her | DM23: Lokalplanen sikrer støjafskærmning fra trafikstøj i form af beplantningsbuffer eller begrønnet støjvold eller afskærmning. | DU23: klik her | DZ23: Lokalplanen sikrer, at der reserveres plads til etablering af pumpestationer, el-ladestationer til cykler, cykelreperation mv. | EH23: klik her | EM23: Lokalplanen sikrer permabel belægning og begrønning for terrænparkering. Hvis parkeringshus: Lokalplanen sikrer, at parkeringshuset har flere funktioner, der også understøtter bylivet. | EU23: klik her | EZ23: Bygherre har ved nedrivning dokumenteret hvorfor bygningen ikke kan bevares. | FH23: klik her | FM23: Lokalplanen muliggør byggeri, der overholder bygningsreglementets lavemissionsklassen og bygherrer har udarbejdet tidlige LCA beregninger for byggeriet. | FU23: klik her | FZ23: Lokalplanen sikrer, at byggeriet er opført i materialer, som kan skilles ad. | GH23: klik her | GM23: Lokalplanen sikrer forskellige boligstørrelser. | GU23: klik her | GZ23: Lokalplanen sikrer aktive stueetager, eksempelvis med krav til udadvendte funktioner på hjørner, ankomst fra gaden, minimums højde på stueetage og/eller krav til minimum vinduesareal. | HH23: klik her | HM23: Bygherre og/eller forvaltningen har i forbindelse med lokalplanen arbejdet med inddragelse, eksempelvis af fremtidige beboer/brugere. | HU23: klik her | IN23: =$AX$2 -> Geografisk placering | IP23: =$BK$2 -> Fortættet byudvikling | IR23: =$BX$2 -> Naturudlæg | IT23: =$CK$2 -> Biofaktor | IV23: =$CX$2 -> Grønne kvaliteter | IX23: =$DK$2 -> Blå kvaliteter | IZ23: =$DX$2 -> Forbindelser | JB23: =$EK$2 -> Cykelservice | JD23: =$EX$2 -> Parkeringsanlæg | JF23: =$FK$2 -> Transformation | JH23: =$FX$2 -> Materialer og arkitektur | JJ23: =$GK$2 -> Cirkularitet | JL23: =$GX$2 -> Blandede boformer | JN23: =$HK$2 -> Aktive byrum | JP23: =$HX$2 -> Plads til fællesskaber | JT23: 20 | JV23: 0 | JW23: 0 | JX23: 0 | JY23: 0 | JZ23: 0 | KB23: =1/5 -> 0.2 | KG23: 20 | KH23: =IF(IN$34=0,10,0) -> 10 | KI23: 0 | KJ23: 0 | KK23: 0 | KL23: 0 | KM23: 0
JT24: 21 | JV24: 0 | JW24: 0 | JX24: 0 | JY24: 0 | JZ24: 0 | KB24: =1/5 -> 0.2 | KG24: 21 | KH24: =IF(IN$34=0,10,0) -> 10 | KI24: 0 | KJ24: 0 | KK24: 0 | KL24: 0 | KM24: 0
AM25: Lokalplanområdet ligger max. 15 minutters gang- eller cykelafstand fra dagligvarer, kulturinstitutioner/bibliotek/idrætsfaciliteter samt daginstitutioner/skoler med fornøden kapacitet. | AU25: klik her | AZ25: Lokalplanen sikrer, max. grund- og/eller boligstørrelser. | BH25: klik her | BM25: Lokalplanen sikrer vådområder og/eller skovbeplantning,hjemmehørende arter og høj artsdiversitet indenfor naturudlæggene. | BU25: klik her | CM25: Lokalplanen sikrer vækstvilkår for træer samt bestemmelser, der sikrer den fremtidige drift og pleje af området. | CU25: klik her | CZ25: Lokalplanen sikrer regnvandshåndtering på overfladen i form af åbne render, regnvandsbede, grønne tage og bassiner til nedsivning. | DH25: klik her | JT25: 22 | JV25: 0 | JW25: 0 | JX25: 0 | JY25: 0 | JZ25: 0 | KB25: =1/5 -> 0.2 | KG25: 22 | KH25: =IF(IN$34=0,10,0) -> 10 | KI25: 0 | KJ25: 0 | KK25: 0 | KL25: 0 | KM25: 0
JT26: 23 | JV26: 0 | JW26: 0 | JX26: 0 | JY26: 0 | JZ26: 0 | KB26: =1/5 -> 0.2 | KG26: 23 | KH26: =IF(IN$34=0,10,0) -> 10 | KI26: 0 | KJ26: 0 | KK26: 0 | KL26: 0 | KM26: 0
IM27: Princip 1 | IN27: =IF(ISNUMBER(MATCH(AU19,IU14:IU19,0)),AU19,"Ikke relevant") -> klik her | IO27: =IFERROR(VLOOKUP(IN27,$IU$14:$IW$19,3,FALSE),FALSE) -> 0 | IP27: =IF(ISNUMBER(MATCH(BH19,IU14:IU19,0)),BH19,"Ikke relevant") -> klik her | IQ27: =IFERROR(VLOOKUP(IP27,$IU$14:$IW$19,3,FALSE),FALSE) -> 0 | IR27: =IF(ISNUMBER(MATCH(BU19,IU14:IU19,0)),BU19,"Ikke relevant") -> klik her | IS27: =IFERROR(VLOOKUP(IR27,$IU$14:$IW$19,3,FALSE),FALSE) -> 0 | IT27: =IF(ISNUMBER(MATCH(CH19,IU14:IU19,0)),CH19,"Ikke relevant") -> klik her | IU27: =IFERROR(VLOOKUP(IT27,$IU$14:$IW$19,3,FALSE),FALSE) -> 0 | IV27: =IF(ISNUMBER(MATCH(CU19,IU14:IU19,0)),CU19,"Ikke relevant") -> klik her | IW27: =IFERROR(VLOOKUP(IV27,$IU$14:$IW$19,3,FALSE),FALSE) -> 0 | IX27: =IF(ISNUMBER(MATCH(DH19,IU14:IU19,0)),DH19,"Ikke relevant") -> klik her | IY27: =IFERROR(VLOOKUP(IX27,$IU$14:$IW$19,3,FALSE),FALSE) -> 0 | IZ27: =IF(ISNUMBER(MATCH(DU19,IU14:IU19,0)),DU19,"Ikke relevant") -> Ikke relevant | JA27: =IFERROR(VLOOKUP(IZ27,$IU$14:$IW$19,3,FALSE),FALSE) -> 11 | JB27: =IF(ISNUMBER(MATCH(EH19,IU14:IU19,0)),EH19,"Ikke relevant") -> klik her | JC27: =IFERROR(VLOOKUP(JB27,$IU$14:$IW$19,3,FALSE),FALSE) -> 0 | JD27: =IF(ISNUMBER(MATCH(EU19,IU14:IU19,0)),EU19,"Ikke relevant") -> klik her | JE27: =IFERROR(VLOOKUP(JD27,$IU$14:$IW$19,3,FALSE),FALSE) -> 0 | JF27: =IF(ISNUMBER(MATCH(FH19,IU14:IU19,0)),FH19,"Ikke relevant") -> klik her | JG27: =IFERROR(VLOOKUP(JF27,$IU$14:$IW$19,3,FALSE),FALSE) -> 0 | JH27: =IF(ISNUMBER(MATCH(FU19,IU14:IU19,0)),FU19,"Ikke relevant") -> klik her | JI27: =IFERROR(VLOOKUP(JH27,$IU$14:$IW$19,3,FALSE),FALSE) -> 0 | JJ27: =IF(ISNUMBER(MATCH(GH19,IU14:IU19,0)),GH19,"Ikke relevant") -> klik her | JK27: =IFERROR(VLOOKUP(JJ27,$IU$14:$IW$19,3,FALSE),FALSE) -> 0 | JL27: =IF(ISNUMBER(MATCH(GU19,IU14:IU19,0)),GU19,"Ikke relevant") -> klik her | JM27: =IFERROR(VLOOKUP(JL27,$IU$14:$IW$19,3,FALSE),FALSE) -> 0 | JN27: =IF(ISNUMBER(MATCH(HH19,IU14:IU19,0)),HH19,"Ikke relevant") -> klik her | JO27: =IFERROR(VLOOKUP(JN27,$IU$14:$IW$19,3,FALSE),FALSE) -> 0 | JP27: =IF(ISNUMBER(MATCH(HU19,IU14:IU19,0)),HU19,"Ikke relevant") -> klik her | JQ27: =IFERROR(VLOOKUP(JP27,$IU$14:$IW$19,3,FALSE),FALSE) -> 0 | JT27: 24 | JU27: 0 | JV27: 0 | JW27: 0 | JX27: 0 | JY27: 0 | JZ27: 0 | KG27: 24 | KH27: =IF(IN$34=0,10,0) -> 10 | KI27: 0 | KJ27: 0 | KK27: 0 | KL27: 0 | KM27: 0
B28: Lav prioritet | AM28: Inspiration og hjælp | AZ28: Inspiration og hjælp | BM28: Inspiration og hjælp | BZ28: Inspiration og hjælp | CM28: Inspiration og hjælp | CZ28: Inspiration og hjælp | DM28: Inspiration og hjælp | DZ28: Inspiration og hjælp | EM28: Inspiration og hjælp | EZ28: Inspiration og hjælp | FM28: Inspiration og hjælp | FZ28: Inspiration og hjælp | GM28: Inspiration og hjælp | GZ28: Inspiration og hjælp | HM28: Inspiration og hjælp | HZ28: Den angivne score i hvert tema er angivet ud fra en mulig maksimal score på 100 | IM28: Princip 2 | IN28: =IF(ISNUMBER(MATCH(AU21,IU14:IU19,0)),AU21,"Ikke relevant") -> klik her | IO28: =IFERROR(VLOOKUP(IN28,$IU$14:$IW$19,3,FALSE),FALSE) -> 0 | IP28: =IF(ISNUMBER(MATCH(BH21,IU14:IU19,0)),BH21,"Ikke relevant") -> klik her | IQ28: =IFERROR(VLOOKUP(IP28,$IU$14:$IW$19,3,FALSE),FALSE) -> 0 | IR28: =IF(ISNUMBER(MATCH(BU21,IU14:IU19,0)),BU21,"Ikke relevant") -> klik her | IS28: =IFERROR(VLOOKUP(IR28,$IU$14:$IW$19,3,FALSE),FALSE) -> 0 | IT28: =IF(ISNUMBER(MATCH(CH21,IU14:IU19,0)),CH21,"Ikke relevant") -> Ikke relevant | IU28: =IFERROR(VLOOKUP(IT28,$IU$14:$IW$19,3,FALSE),FALSE) -> 11 | IV28: =IF(ISNUMBER(MATCH(CU21,IU14:IU19,0)),CU21,"Ikke relevant") -> klik her | IW28: =IFERROR(VLOOKUP(IV28,$IU$14:$IW$19,3,FALSE),FALSE) -> 0 | IX28: =IF(ISNUMBER(MATCH(DH21,IU14:IU19,0)),DH21,"Ikke relevant") -> klik her | IY28: =IFERROR(VLOOKUP(IX28,$IU$14:$IW$19,3,FALSE),FALSE) -> 0 | IZ28: =IF(ISNUMBER(MATCH(DU21,IU14:IU19,0)),DU21,"Ikke relevant") -> klik her | JA28: =IFERROR(VLOOKUP(IZ28,$IU$14:$IW$19,3,FALSE),FALSE) -> 0 | JB28: =IF(ISNUMBER(MATCH(EH21,IU14:IU19,0)),EH21,"Ikke relevant") -> klik her | JC28: =IFERROR(VLOOKUP(JB28,$IU$14:$IW$19,3,FALSE),FALSE) -> 0 | JD28: =IF(ISNUMBER(MATCH(EU21,IU14:IU19,0)),EU21,"Ikke relevant") -> klik her | JE28: =IFERROR(VLOOKUP(JD28,$IU$14:$IW$19,3,FALSE),FALSE) -> 0 | JF28: =IF(ISNUMBER(MATCH(FH21,IU14:IU19,0)),FH21,"Ikke relevant") -> klik her | JG28: =IFERROR(VLOOKUP(JF28,$IU$14:$IW$19,3,FALSE),FALSE) -> 0 | JH28: =IF(ISNUMBER(MATCH(FU21,IU14:IU19,0)),FU21,"Ikke relevant") -> klik her | JI28: =IFERROR(VLOOKUP(JH28,$IU$14:$IW$19,3,FALSE),FALSE) -> 0 | JJ28: =IF(ISNUMBER(MATCH(GH21,IU14:IU19,0)),GH21,"Ikke relevant") -> klik her | JK28: =IFERROR(VLOOKUP(JJ28,$IU$14:$IW$19,3,FALSE),FALSE) -> 0 | JL28: =IF(ISNUMBER(MATCH(GU21,IU14:IU19,0)),GU21,"Ikke relevant") -> klik her | JM28: =IFERROR(VLOOKUP(JL28,$IU$14:$IW$19,3,FALSE),FALSE) -> 0 | JN28: =IF(ISNUMBER(MATCH(HH21,IU14:IU19,0)),HH21,"Ikke relevant") -> klik her | JO28: =IFERROR(VLOOKUP(JN28,$IU$14:$IW$19,3,FALSE),FALSE) -> 0 | JP28: =IF(ISNUMBER(MATCH(HU21,IU14:IU19,0)),HU21,"Ikke relevant") -> klik her | JQ28: =IFERROR(VLOOKUP(JP28,$IU$14:$IW$19,3,FALSE),FALSE) -> 0 | JT28: 25 | JV28: 0 | JW28: 0 | JX28: 0 | JY28: 0 | JZ28: 0 | KG28: 25 | KH28: =IF(IP$34=0,10,0) -> 10 | KI28: 0 | KJ28: 0 | KK28: 0 | KL28: 0 | KM28: 0
AM29: Eksempler med relevans for temaet findes på side 5 i Roskilde Kommunes inspirationskatalog for bæredygtighed i lokalplaner | AZ29: Inspiration og eksempler med relevans for temaet findes på side 7 i Roskilde Kommunes inspirationskatalog for bæredygtighed i lokalplaner | BM29: Eksempler med relevans for temaet findes på side 9 i Roskilde Kommunes inspirationskatalog for bæredygtighed i lokalplaner | BZ29: Inspiration og eksempler med relevans for temaet findes på side 13 i Roskilde Kommunes inspirationskatalog for bæredygtighed i lokalplaner. | CM29: Inspiration og eksempler med relevans for temaet findes på side 15 i Roskilde Kommunes inspirationskatalog for bæredygtighed i lokalplaner. | CZ29: Inspiration og eksempler med relevans for temaet findes på side 17 i Roskilde Kommunes inspirationskatalog for bæredygtighed i lokalplaner | DM29: Inspiration og eksempler med relevans for temaet findes på side 21 i Roskilde Kommunes inspirationskatalog for bæredygtighed i lokalplaner | DZ29: Inspiration og eksempler med relevans for temaet findes på side 22 i Roskilde Kommunes inspirationskatalog for bæredygtighed i lokalplaner | EM29: Inspiration og eksempler med relevans for temaet findes på side 24 i Roskilde Kommunes inspirationskatalog for bæredygtighed i lokalplaner | EZ29: Inspiration og eksempler med relevans for temaet findes på side 27 i Roskilde Kommunes inspirationskatalog for bæredygtighed i lokalplaner | FM29: Inspiration og eksempler med relevans for temaet findes på side 30 i Roskilde Kommunes inspirationskatalog for bæredygtighed i lokalplaner | FZ29: Inspiration og eksempler med relevans for temaet findes på side 33 i Roskilde Kommunes inspirationskatalog for bæredygtighed i lokalplaner | GM29: Inspiration og eksempler med relevans for temaet findes på side 37 i Roskilde Kommunes inspirationskatalog for bæredygtighed i lokalplaner | GZ29: Eksempler med relevans for temaet findes på side 39 i Roskilde Kommunes inspirationskatalog for bæredygtighed i lokalplaner | HM29: Inspiration og eksempler med relevans for temaet findes på side 41 i Roskilde Kommunes inspirationskatalog for bæredygtighed i lokalplaner | IB29: Temanavn | IC29: Temascore | IM29: Princip 3 | IN29: =IF(ISNUMBER(MATCH(AU23,IU14:IU19,0)),AU23,"Ikke relevant") -> klik her | IO29: =IFERROR(VLOOKUP(IN29,$IU$14:$IW$19,3,FALSE),FALSE) -> 0 | IP29: =IF(ISNUMBER(MATCH(BH23,IU14:IU19,0)),BH23,"Ikke relevant") -> klik her | IQ29: =IFERROR(VLOOKUP(IP29,$IU$14:$IW$19,3,FALSE),FALSE) -> 0 | IR29: =IF(ISNUMBER(MATCH(BU23,IU14:IU19,0)),BU23,"Ikke relevant") -> klik her | IS29: =IFERROR(VLOOKUP(IR29,$IU$14:$IW$19,3,FALSE),FALSE) -> 0 | IT29: =IF(ISNUMBER(MATCH(CH23,IU14:IU19,0)),CH23,"Ikke relevant") -> Ikke relevant | IU29: =IFERROR(VLOOKUP(IT29,$IU$14:$IW$19,3,FALSE),FALSE) -> 11 | IV29: =IF(ISNUMBER(MATCH(CU23,IU14:IU19,0)),CU23,"Ikke relevant") -> klik her | IW29: =IFERROR(VLOOKUP(IV29,$IU$14:$IW$19,3,FALSE),FALSE) -> 0 | IX29: =IF(ISNUMBER(MATCH(DH23,IU14:IU19,0)),DH23,"Ikke relevant") -> klik her | IY29: =IFERROR(VLOOKUP(IX29,$IU$14:$IW$19,3,FALSE),FALSE) -> 0 | IZ29: =IF(ISNUMBER(MATCH(DU23,IU14:IU19,0)),DU23,"Ikke relevant") -> klik her | JA29: =IFERROR(VLOOKUP(IZ29,$IU$14:$IW$19,3,FALSE),FALSE) -> 0 | JB29: =IF(ISNUMBER(MATCH(EH23,IU14:IU19,0)),EH23,"Ikke relevant") -> klik her | JC29: =IFERROR(VLOOKUP(JB29,$IU$14:$IW$19,3,FALSE),FALSE) -> 0 | JD29: =IF(ISNUMBER(MATCH(EU23,IU14:IU19,0)),EU23,"Ikke relevant") -> klik her | JE29: =IFERROR(VLOOKUP(JD29,$IU$14:$IW$19,3,FALSE),FALSE) -> 0 | JF29: =IF(ISNUMBER(MATCH(FH23,IU14:IU19,0)),FH23,"Ikke relevant") -> klik her | JG29: =IFERROR(VLOOKUP(JF29,$IU$14:$IW$19,3,FALSE),FALSE) -> 0 | JH29: =IF(ISNUMBER(MATCH(FU23,IU14:IU19,0)),FU23,"Ikke relevant") -> klik her | JI29: =IFERROR(VLOOKUP(JH29,$IU$14:$IW$19,3,FALSE),FALSE) -> 0 | JJ29: =IF(ISNUMBER(MATCH(GH23,IU14:IU19,0)),GH23,"Ikke relevant") -> klik her | JK29: =IFERROR(VLOOKUP(JJ29,$IU$14:$IW$19,3,FALSE),FALSE) -> 0 | JL29: =IF(ISNUMBER(MATCH(GU23,IU14:IU19,0)),GU23,"Ikke relevant") -> klik her | JM29: =IFERROR(VLOOKUP(JL29,$IU$14:$IW$19,3,FALSE),FALSE) -> 0 | JN29: =IF(ISNUMBER(MATCH(HH23,IU14:IU19,0)),HH23,"Ikke relevant") -> klik her | JO29: =IFERROR(VLOOKUP(JN29,$IU$14:$IW$19,3,FALSE),FALSE) -> 0 | JP29: =IF(ISNUMBER(MATCH(HU23,IU14:IU19,0)),HU23,"Ikke relevant") -> klik her | JQ29: =IFERROR(VLOOKUP(JP29,$IU$14:$IW$19,3,FALSE),FALSE) -> 0 | JT29: 26 | JV29: 0 | JW29: 0 | JX29: 0 | JY29: 0 | JZ29: 0 | KB29: 2D pie | KG29: 26 | KH29: =IF(IP$34=0,10,0) -> 10 | KI29: 0 | KJ29: 0 | KK29: 0 | KL29: 0 | KM29: 0
AM30: Værktøjer: | AZ30: Værktøjer: Roskilde Kommunes CO2-beregnere for typologier og nybyggeri | BM30: Værktøjer: Roskilde Kommunes beregner for blå/grøn faktor | BZ30: Værktøjer: Roskilde Kommunes biofaktor beregner. | CM30: Resourcer: | CZ30: Værktøjer: | DM30: Resourcer | DZ30: Resourcer: | EM30: Værktøjer: Roskilde Kommunes CO2-beregner for parkeringsanlæg | EZ30: Værktøjer: Roskilde Kommunes CO2-beregner for nedrivning | FM30: Værktøjer: Roskilde Kommunes CO2-beregner for nybyggeri. | FZ30: Værktøjer: Roskilde Kommunes jordberegner | GM30: Inspiration og eksempler med relevans for temaet findes på side 37 i Roskilde Kommunes inspirationskatalog for bæredygtighed i lokalplaner | GZ30: Resourcer: | HM30: Værktøjer: | IB30: =IN45 -> Arealforbrug | IC30: =IFERROR(ROUND(IN44,0),"Ingen værdi") -> Ingen værdi | IM30: Princip 4 | IN30: =IF(ISNUMBER(MATCH(AU25,IU14:IU19,0)),AU25,"Ikke relevant") -> klik her | IO30: =IFERROR(VLOOKUP(IN30,$IU$14:$IW$19,3,FALSE),FALSE) -> 0 | IP30: =IF(ISNUMBER(MATCH(BH25,IU14:IU19,0)),BH25,"Ikke relevant") -> klik her | IQ30: =IFERROR(VLOOKUP(IP30,$IU$14:$IW$19,3,FALSE),FALSE) -> 0 | IR30: =IF(ISNUMBER(MATCH(BU25,IU14:IU19,0)),BU25,"Ikke relevant") -> klik her | IS30: =IFERROR(VLOOKUP(IR30,$IU$14:$IW$19,3,FALSE),FALSE) -> 0 | IT30: =IF(ISNUMBER(MATCH(CH25,IU14:IU19,0)),CH25,"Ikke relevant") -> Ikke relevant | IU30: =IFERROR(VLOOKUP(IT30,$IU$14:$IW$19,3,FALSE),FALSE) -> 11 | IV30: =IF(ISNUMBER(MATCH(CU25,IU14:IU19,0)),CU25,"Ikke relevant") -> klik her | IW30: =IFERROR(VLOOKUP(IV30,$IU$14:$IW$19,3,FALSE),FALSE) -> 0 | IX30: =IF(ISNUMBER(MATCH(DH25,IU14:IU19,0)),DH25,"Ikke relevant") -> klik her | IY30: =IFERROR(VLOOKUP(IX30,$IU$14:$IW$19,3,FALSE),FALSE) -> 0 | IZ30: =IF(ISNUMBER(MATCH(DU25,IU14:IU19,0)),DU25,"Ikke relevant") -> Ikke relevant | JA30: =IFERROR(VLOOKUP(IZ30,$IU$14:$IW$19,3,FALSE),FALSE) -> 11 | JB30: =IF(ISNUMBER(MATCH(EH25,IU14:IU19,0)),EH25,"Ikke relevant") -> Ikke relevant | JC30: =IFERROR(VLOOKUP(JB30,$IU$14:$IW$19,3,FALSE),FALSE) -> 11 | JD30: =IF(ISNUMBER(MATCH(EU25,IU14:IU19,0)),EU25,"Ikke relevant") -> Ikke relevant | JE30: =IFERROR(VLOOKUP(JD30,$IU$14:$IW$19,3,FALSE),FALSE) -> 11 | JF30: =IF(ISNUMBER(MATCH(FH25,IU14:IU19,0)),FH25,"Ikke relevant") -> Ikke relevant | JG30: =IFERROR(VLOOKUP(JF30,$IU$14:$IW$19,3,FALSE),FALSE) -> 11 | JH30: =IF(ISNUMBER(MATCH(FU25,IU14:IU19,0)),FU25,"Ikke relevant") -> Ikke relevant | JI30: =IFERROR(VLOOKUP(JH30,$IU$14:$IW$19,3,FALSE),FALSE) -> 11 | JJ30: =IF(ISNUMBER(MATCH(GH25,IU14:IU19,0)),GH25,"Ikke relevant") -> Ikke relevant | JK30: =IFERROR(VLOOKUP(JJ30,$IU$14:$IW$19,3,FALSE),FALSE) -> 11 | JL30: =IF(ISNUMBER(MATCH(GU25,IU14:IU19,0)),GU25,"Ikke relevant") -> Ikke relevant | JM30: =IFERROR(VLOOKUP(JL30,$IU$14:$IW$19,3,FALSE),FALSE) -> 11 | JN30: =IF(ISNUMBER(MATCH(HH25,IU14:IU19,0)),HH25,"Ikke relevant") -> Ikke relevant | JO30: =IFERROR(VLOOKUP(JN30,$IU$14:$IW$19,3,FALSE),FALSE) -> 11 | JP30: =IF(ISNUMBER(MATCH(HU25,IU14:IU19,0)),HU25,"Ikke relevant") -> Ikke relevant | JQ30: =IFERROR(VLOOKUP(JP30,$IU$14:$IW$19,3,FALSE),FALSE) -> 11 | JT30: 27 | JV30: 0 | JW30: 0 | JX30: 0 | JY30: 0 | JZ30: 0 | KB30: 2 | KG30: 27 | KH30: =IF(IP$34=0,10,0) -> 10 | KI30: 0 | KJ30: 0 | KK30: 0 | KL30: 0 | KM30: 0
AM31: Resourcer: | AZ31: Resourcer: | BM31: Resourcer: | BZ31: Resourcer | CM31: Hjemmehørende arter_århus universitet | CZ31: Resourcer | DM31: Hovedkortplanlægning i KP24 | DZ31: Cykelparkering i nybyggeri best cases | EM31: Resourcer: | EZ31: Resourcer: | FM31: Resourcer: | FZ31: Resourcer: | GM31: Resourcer: | GZ31: Kantzoner i København_administrationsgrundlag | HM31: Resourcer: | IB31: =IT45 -> Biodiversitet | IC31: =IFERROR(ROUND(IT44,0),"Ingen værdi") -> Ingen værdi | IM31: Princip 5 | IN31: =IF(ISNUMBER(MATCH(AU28,IU14:IU19,0)),AU28,"Ikke relevant") -> Ikke relevant | IO31: =IFERROR(VLOOKUP(IN31,$IU$14:$IW$19,3,FALSE),FALSE) -> 11 | IP31: =IF(ISNUMBER(MATCH(BH27,IU14:IU19,0)),BH27,"Ikke relevant") -> Ikke relevant | IQ31: =IFERROR(VLOOKUP(IP31,$IU$14:$IW$19,3,FALSE),FALSE) -> 11 | IR31: =IF(ISNUMBER(MATCH(BU27,IU14:IU19,0)),BU27,"Ikke relevant") -> Ikke relevant | IS31: =IFERROR(VLOOKUP(IR31,$IU$14:$IW$19,3,FALSE),FALSE) -> 11 | IT31: =IF(ISNUMBER(MATCH(CH27,IU14:IU19,0)),CH27,"Ikke relevant") -> Ikke relevant | IU31: =IFERROR(VLOOKUP(IT31,$IU$14:$IW$19,3,FALSE),FALSE) -> 11 | IV31: =IF(ISNUMBER(MATCH(CU27,IU14:IU19,0)),CU27,"Ikke relevant") -> Ikke relevant | IW31: =IFERROR(VLOOKUP(IV31,$IU$14:$IW$19,3,FALSE),FALSE) -> 11 | IX31: =IF(ISNUMBER(MATCH(DH27,IU14:IU19,0)),DH27,"Ikke relevant") -> Ikke relevant | IY31: =IFERROR(VLOOKUP(IX31,$IU$14:$IW$19,3,FALSE),FALSE) -> 11 | IZ31: =IF(ISNUMBER(MATCH(DU27,IU14:IU19,0)),DU27,"Ikke relevant") -> Ikke relevant | JA31: =IFERROR(VLOOKUP(IZ31,$IU$14:$IW$19,3,FALSE),FALSE) -> 11 | JB31: =IF(ISNUMBER(MATCH(EH27,IU14:IU19,0)),EH27,"Ikke relevant") -> Ikke relevant | JC31: =IFERROR(VLOOKUP(JB31,$IU$14:$IW$19,3,FALSE),FALSE) -> 11 | JD31: =IF(ISNUMBER(MATCH(EU27,IU14:IU19,0)),EU27,"Ikke relevant") -> Ikke relevant | JE31: =IFERROR(VLOOKUP(JD31,$IU$14:$IW$19,3,FALSE),FALSE) -> 11 | JF31: =IF(ISNUMBER(MATCH(FH27,IU14:IU19,0)),FH27,"Ikke relevant") -> Ikke relevant | JG31: =IFERROR(VLOOKUP(JF31,$IU$14:$IW$19,3,FALSE),FALSE) -> 11 | JH31: =IF(ISNUMBER(MATCH(FU27,IU14:IU19,0)),FU27,"Ikke relevant") -> Ikke relevant | JI31: =IFERROR(VLOOKUP(JH31,$IU$14:$IW$19,3,FALSE),FALSE) -> 11 | JJ31: =IF(ISNUMBER(MATCH(GH27,IU14:IU19,0)),GH27,"Ikke relevant") -> Ikke relevant | JK31: =IFERROR(VLOOKUP(JJ31,$IU$14:$IW$19,3,FALSE),FALSE) -> 11 | JL31: =IF(ISNUMBER(MATCH(GU27,IU14:IU19,0)),GU27,"Ikke relevant") -> Ikke relevant | JM31: =IFERROR(VLOOKUP(JL31,$IU$14:$IW$19,3,FALSE),FALSE) -> 11 | JN31: =IF(ISNUMBER(MATCH(HH27,IU14:IU19,0)),HH27,"Ikke relevant") -> Ikke relevant | JO31: =IFERROR(VLOOKUP(JN31,$IU$14:$IW$19,3,FALSE),FALSE) -> 11 | JP31: =IF(ISNUMBER(MATCH(HU27,IU14:IU19,0)),HU27,"Ikke relevant") -> Ikke relevant | JQ31: =IFERROR(VLOOKUP(JP31,$IU$14:$IW$19,3,FALSE),FALSE) -> 11 | JT31: 28 | JV31: 0 | JW31: 0 | JX31: 0 | JY31: 0 | JZ31: 0 | KB31: 4 | KG31: 28 | KH31: =IF(IP$34=0,10,0) -> 10 | KI31: 0 | KJ31: 0 | KK31: 0 | KL31: 0 | KM31: 0
AM32: 15 minutters byen i en dansk kontekst, Realdania | AZ32: Planprincipperne - fortættet byudvikling, blå byudvilling | BM32: CO2-optag ved skovrejsning: Klimaskovfonden, https://www.klimaskovfonden.dk/ | BZ32: Vejledning biofaktor_odense kommune | CZ32: Plantevalg til regnhaver | DM32: Støjstrategi | EZ32: Resourcekortlægning | FM32: https://reductionroadmap.dk/ | FZ32: Jordhåndtering - en guide til bygherrer | GM32: Roskilde Kommune - planstrategi 2018 | GZ32: Trygge byer og boligområder - tryghedsfremmende byplanlægning | HM32: Build rapport - Faellesskabsorienterede-boformer | IB32: =IZ45 -> Mobilitet | IC32: =IFERROR(ROUND(IZ44,0),"Ingen værdi") -> Ingen værdi | IM32: Princip 6 | IN32: 0 | IO32: =IFERROR(VLOOKUP(IN32,$IU$14:$IW$19,3,FALSE),FALSE) -> FALSE | IP32: 0 | IQ32: =IFERROR(VLOOKUP(IP32,$IU$14:$IW$19,3,FALSE),FALSE) -> FALSE | IR32: 0 | IS32: =IFERROR(VLOOKUP(IR32,$IU$14:$IW$19,3,FALSE),FALSE) -> FALSE | IT32: =CH24 -> 0 | IU32: =IFERROR(VLOOKUP(IT32,$IU$14:$IW$19,3,FALSE),FALSE) -> FALSE | IV32: 0 | IW32: =IFERROR(VLOOKUP(IV32,$IU$14:$IW$19,3,FALSE),FALSE) -> FALSE | IX32: 0 | IY32: =IFERROR(VLOOKUP(IX32,$IU$14:$IW$19,3,FALSE),FALSE) -> FALSE | IZ32: 0 | JA32: =IFERROR(VLOOKUP(IZ32,$IU$14:$IW$19,3,FALSE),FALSE) -> FALSE | JB32: 0 | JC32: =IFERROR(VLOOKUP(JB32,$IU$14:$IW$19,3,FALSE),FALSE) -> FALSE | JD32: 0 | JE32: =IFERROR(VLOOKUP(JD32,$IU$14:$IW$19,3,FALSE),FALSE) -> FALSE | JF32: =FH24 -> 0 | JG32: =IFERROR(VLOOKUP(JF32,$IU$14:$IW$19,3,FALSE),FALSE) -> FALSE | JH32: =FU24 -> 0 | JI32: =IFERROR(VLOOKUP(JH32,$IU$14:$IW$19,3,FALSE),FALSE) -> FALSE | JJ32: =GH24 -> 0 | JK32: =IFERROR(VLOOKUP(JJ32,$IU$14:$IW$19,3,FALSE),FALSE) -> FALSE | JL32: =GU24 -> 0 | JM32: =IFERROR(VLOOKUP(JL32,$IU$14:$IW$19,3,FALSE),FALSE) -> FALSE | JN32: =HH24 -> 0 | JO32: =IFERROR(VLOOKUP(JN32,$IU$14:$IW$19,3,FALSE),FALSE) -> FALSE | JP32: =HU24 -> 0 | JQ32: =IFERROR(VLOOKUP(JP32,$IU$14:$IW$19,3,FALSE),FALSE) -> FALSE | JT32: 29 | JV32: 0 | JW32: 0 | JX32: 0 | JY32: 0 | JZ32: 0 | KB32: 6 | KG32: 29 | KH32: =IF(IP$34=0,10,0) -> 10 | KI32: 0 | KJ32: 0 | KK32: 0 | KL32: 0 | KM32: 0
BM33: Planprincipperne: Arealudlæg til by og natur | BZ33: Planprincipperne: Arealudlæg til by og natur i balance | DM33: https://vejregler.dk/ | FM33: Tillægsaftale om stramning af CO2 krav til bygninger | GM33: Ros drøm - Roskilde Kommunes planstrategi 2023-2027 | IB33: =JF45 -> Klimapåvirkning | IC33: =IFERROR(ROUND(JF44,0),"Ingen værdi") -> Ingen værdi | IM33: Princip 7 | IN33: 0 | IO33: =IFERROR(VLOOKUP(IN33,$IU$14:$IW$19,3,FALSE),FALSE) -> FALSE | IP33: 0 | IQ33: =IFERROR(VLOOKUP(IP33,$IU$14:$IW$19,3,FALSE),FALSE) -> FALSE | IR33: 0 | IS33: =IFERROR(VLOOKUP(IR33,$IU$14:$IW$19,3,FALSE),FALSE) -> FALSE | IT33: =CH25 -> 0 | IU33: =IFERROR(VLOOKUP(IT33,$IU$14:$IW$19,3,FALSE),FALSE) -> FALSE | IV33: 0 | IW33: =IFERROR(VLOOKUP(IV33,$IU$14:$IW$19,3,FALSE),FALSE) -> FALSE | IX33: 0 | IY33: =IFERROR(VLOOKUP(IX33,$IU$14:$IW$19,3,FALSE),FALSE) -> FALSE | IZ33: 0 | JA33: =IFERROR(VLOOKUP(IZ33,$IU$14:$IW$19,3,FALSE),FALSE) -> FALSE | JB33: 0 | JC33: =IFERROR(VLOOKUP(JB33,$IU$14:$IW$19,3,FALSE),FALSE) -> FALSE | JD33: 0 | JE33: =IFERROR(VLOOKUP(JD33,$IU$14:$IW$19,3,FALSE),FALSE) -> FALSE | JF33: =FH25 -> 0 | JG33: =IFERROR(VLOOKUP(JF33,$IU$14:$IW$19,3,FALSE),FALSE) -> FALSE | JH33: =FU25 -> 0 | JI33: =IFERROR(VLOOKUP(JH33,$IU$14:$IW$19,3,FALSE),FALSE) -> FALSE | JJ33: =GH25 -> 0 | JK33: =IFERROR(VLOOKUP(JJ33,$IU$14:$IW$19,3,FALSE),FALSE) -> FALSE | JL33: =GU25 -> 0 | JM33: =IFERROR(VLOOKUP(JL33,$IU$14:$IW$19,3,FALSE),FALSE) -> FALSE | JN33: 0 | JO33: =IFERROR(VLOOKUP(JN33,$IU$14:$IW$19,3,FALSE),FALSE) -> FALSE | JP33: 0 | JQ33: =IFERROR(VLOOKUP(JP33,$IU$14:$IW$19,3,FALSE),FALSE) -> FALSE | JT33: 30 | JV33: 0 | JW33: 0 | JX33: 0 | JY33: 0 | JZ33: 0 | KB33: 8 | KG33: 30 | KH33: =IF(IP$34=0,10,0) -> 10 | KI33: 0 | KJ33: 0 | KK33: 0 | KL33: 0 | KM33: 0
BM34: Himmelevskov: Se mere på naturstyrelsens hjemmeside | BZ34: Blå grøn strategi | GM34: Selvbyggerbogen | IB34: =JL45 -> Levende by | IC34: =IFERROR(ROUND(JL44,0),"Ingen værdi") -> Ingen værdi | IM34: Gns. værdi princip | IN34: =IFERROR(IN36,0) -> 0 | IP34: {=IFERROR(ROUND(AVERAGE(IF((IQ27:IQ33<11)*(IQ27:IQ33>0),IQ27:IQ33)),0),0)} -> 0 | IR34: =IFERROR(IR36,0) -> 0 | IT34: {=IFERROR(ROUND(AVERAGE(IF((IU27:IU33<11)*(IU27:IU33>0),IU27:IU33)),0),0)} -> 0 | IV34: =IFERROR(IV36,0) -> 0 | IX34: =IFERROR(IX36,0) -> 0 | IZ34: {=IFERROR(ROUND(AVERAGE(IF((JA27:JA33<11)*(JA27:JA33>0),JA27:JA33)),0),0)} -> 0 | JB34: {=IFERROR(ROUND(AVERAGE(IF((JC27:JC33<11)*(JC27:JC33>0),JC27:JC33)),0),0)} -> 0 | JD34: =IFERROR(JD36,0) -> 0 | JF34: =IFERROR(JF36,0) -> 0 | JH34: =IFERROR(JH36,0) -> 0 | JJ34: =IFERROR(JJ36,0) -> 0 | JL34: {=IFERROR(ROUND(AVERAGE(IF((JM27:JM33<11)*(JM27:JM33>0),JM27:JM33)),0),0)} -> 0 | JN34: {=IFERROR(ROUND(AVERAGE(IF((JO27:JO33<11)*(JO27:JO33>0),JO27:JO33)),0),0)} -> 0 | JP34: {=IFERROR(ROUND(AVERAGE(IF((JQ27:JQ33<11)*(JQ27:JQ33>0),JQ27:JQ33)),0),0)} -> 0 | JT34: 31 | JV34: 0 | JW34: 0 | JX34: 0 | JY34: 0 | JZ34: 0 | KB34: 10 | KG34: 31 | KH34: =IF(IP$34=0,10,0) -> 10 | KI34: 0 | KJ34: 0 | KK34: 0 | KL34: 0 | KM34: 0
C35: Svært at implementere i lokalplanen | P35: Handlerum | AH35: Let at implementere i lokalplanen | AL35: Tema 1: Arealforbrug | BY35: Tema 2: Biodiveristet | DL35: Tema 3: Mobilitet | EY35: Tema 4: Klimapåvirkning | GL35: Tema 5: Levende by | JT35: 32 | JV35: 0 | JW35: 0 | JX35: 0 | JY35: 0 | JZ35: 0 | KG35: 32 | KH35: =IF(IP$34=0,10,0) -> 10 | KI35: 0 | KJ35: 0 | KK35: 0 | KL35: 0 | KM35: 0 | KR35: Place holder
